Workbook
Name _Hlk176947235: 'Cot5. Contrato3341-2022'!$B$14
Name _Hlk176947235: 'Cotización1.'!$B$14
Name _Hlk176947235: 'Cotización2.'!$B$14
Name _Hlk176947235: 'Cotizacion3. '!$B$14
Name _Hlk176947235: 'Cotización4. '!$B$14
Name _Hlk176947235: 'DETALLE ESTUDIO DE MERCADO'!$B$8
Name _Hlk176948155: 'Cot5. Contrato3341-2022'!$C$28
Name _Hlk176948155: 'Cotización1.'!$C$28
Name _Hlk176948155: 'Cotización2.'!$C$28
Name _Hlk176948155: 'Cotizacion3. '!$C$28
Name _Hlk176948155: 'Cotización4. '!$C$28
Name _Hlk176948155: 'DETALLE ESTUDIO DE MERCADO'!$C$22

Sheet DETALLE ESTUDIO DE MERCADO
C2: Objeto: | D2: Prestar el servicio de mantenimiento, soporte técnico y actualización, para las soluciones de comunicaciones unificadas y para equipos activos y de gestión de red de área local - LAN del Ministerio de Hacienda y Crédito Público
B5: TABLA 1: Actualización de software, licenciamiento y soporte del fabricante para equipos LAN y UC grupo1: 7*24 | Q5: TABLA 1: Actualización de software, licenciamiento y soporte del fabricante para equipos LAN y UC grupo1: 7*24 | W5: TABLA 1: Actualización de software, licenciamiento y soporte del fabricante para equipos LAN y UC grupo1: 7*24 | AC5: TABLA 1: Actualización de software, licenciamiento y soporte del fabricante para equipos LAN y UC grupo1: 7*24 | AJ5: TABLA 1: Actualización de software, licenciamiento y soporte del fabricante para equipos LAN y UC grupo1: 7*24 | AR5: TABLA 1: Actualización de software, licenciamiento y soporte del fabricante para equipos LAN y UC grupo1: 7*24
K6: Cotización 1. | Q6: Cotización2. | W6: Cotización3. | AC6: Cotización4. | AJ6: CONTRATO ACTUAL | AR6: MEDIDA DE TENDENCIA CENTRAL ELEGIDA: MEDIA GEOMÉTRICA
B7: ÍTEM | C7: Descripción | D7: Unidad de Medida | E7: Cantidad equipos x modelo | F7: Vigencia (meses) 2024 | G7: Vigencia(meses) 2025 | H7: Vigencia (meses) 2026 | I7: TOTAL (meses) REQUERIDOS | J7: Tarifa IVA (%) | K7: VALOR UNITARIO MENSUAL ANTES DE IVA | L7: VALOR UNITARIO MENSUAL INCLUIDO IVA | M7: Valor mensual Iva incluido x número de meses vigencia 2024 | N7: Valor mensual Iva incluido x número de meses vigencia 2025 | O7: Valor mensual Iva incluido x número de meses vigencia 2026 | P7: VALOR TOTAL (VALOR MENSUAL INCLUIDO IVA x NUMEROS TOTAL DE MESES) | Q7: VALOR UNITARIO MENSUAL ANTES DE IVA | R7: VALOR UNITARIO MENSUAL INCLUIDO IVA | S7: Valor mensual Iva incluido x número de meses vigencia 2024 | T7: Valor mensual Iva incluido x número de meses vigencia 2025 | U7: Valor mensual Iva incluido x número de meses vigencia 2026 | V7: VALOR TOTAL (VALOR MENSUAL INCLUIDO IVA x NUMEROS TOTAL DE MESES) | W7: VALOR UNITARIO MENSUAL ANTES DE IVA | X7: VALOR UNITARIO MENSUAL INCLUIDO IVA | Y7: Valor mensual Iva incluido x número de meses vigencia 2024 | Z7: Valor mensual Iva incluido x número de meses vigencia 2025 | AA7: Valor mensual Iva incluido x número de meses vigencia 2026 | AB7: VALOR TOTAL (VALOR MENSUAL INCLUIDO IVA x NUMEROS TOTAL DE MESES) | AC7: VALOR UNITARIO MENSUAL ANTES DE IVA | AD7: VALOR UNITARIO MENSUAL INCLUIDO IVA | AE7: Valor mensual Iva incluido x número de meses vigencia 2024 | AF7: Valor mensual Iva incluido x número de meses vigencia 2025 | AG7: Valor mensual Iva incluido x número de meses vigencia 2026 | AH7: VALOR TOTAL (VALOR MENSUAL INCLUIDO IVA x NUMEROS TOTAL DE MESES) | AJ7: VALOR UNITARIO MENSUAL ANTES DE IVA | AK7: VALOR UNITARIO MENSUAL INCLUIDO IVA | AL7: Valor Total Iva incluido x número de meses vigencia 2024 | AM7: Valor Total Iva incluido x número de meses vigencia 2025 | AN7: Valor Total Iva incluido x número de meses vigencia 2026 | AO7: VALOR TOTAL (VALOR MENSUAL INCLUIDO IVA x NUMEROS TOTAL DE MESES) | AR7: VALOR UNITARIO MENSUAL ANTES DE IVA | AS7: VALOR UNITARIO MENSUAL INCLUIDO IVA | AT7: Valor Total Iva incluido x número de meses vigencia 2024 | AU7: Valor Total Iva incluido x número de meses vigencia 2025 | AV7: Valor Total Iva incluido x número de meses vigencia 2026 | AW7: VALOR TOTAL (VALOR MENSUAL INCLUIDO IVA x NUMEROS TOTAL DE MESES)
B8: 1.1 | C8: N77-C7706 = Switches de Core (EOL NO DEFINIDO) Soporte Cisco Success Tracks | D8: Mes | E8: 4 | F8: 1 | G8: 12 | H8: 7 | I8: 20 | J8: 0.19 | K8: =+IF('Cotización1.'!K14="","no cotiza",'Cotización1.'!K14) -> 37970383 | L8: =+IF(K8="no cotiza","no cotiza",ROUND((K8*(1+J8)),0)) -> 45184755 | M8: =+IF(L8="no cotiza","no cotiza",ROUND((L8*F8),0)) -> 45184755 | N8: =+IF(L8="no cotiza","no cotiza",ROUND((L8*G8),0)) -> 542217060 | O8: =+IF(L8="no cotiza","no cotiza",ROUND((L8*H8),0)) -> 316293285 | P8: =+IF(L8="no cotiza","no cotiza",ROUND((L8*I8),0)) -> 903695100 | Q8: =+IF('Cotización2.'!K14="","no cotiza",'Cotización2.'!K14) -> 37522178 | R8: =+IF(Q8="no cotiza","no cotiza",ROUND((Q8*(1+J8)),0)) -> 44651392 | S8: =+IF(R8="no cotiza","no cotiza",ROUND((R8*F8),0)) -> 44651392 | T8: =+IF(R8="no cotiza","no cotiza",ROUND((R8*G8),0)) -> 535816704 | U8: =+IF(R8="no cotiza","no cotiza",ROUND((R8*H8),0)) -> 312559744 | V8: =+IF(R8="no cotiza","no cotiza",ROUND((R8*I8),0)) -> 893027840 | W8: =+IF('Cotizacion3. '!K14="","no cotiza",'Cotizacion3. '!K14) -> 36916290 | X8: =+IF(W8="no cotiza","no cotiza",ROUND((W8*(1+J8)),0)) -> 43930385 | Y8: =+IF(X8="no cotiza","no cotiza",ROUND((X8*F8),0)) -> 43930385 | Z8: =+IF(X8="no cotiza","no cotiza",ROUND((X8*G8),0)) -> 527164620 | AA8: =+IF(X8="no cotiza","no cotiza",ROUND((X8*H8),0)) -> 307512695 | AB8: =+IF(X8="no cotiza","no cotiza",ROUND((X8*I8),0)) -> 878607700 | AC8: =+IF('Cotización4. '!K14="","no cotiza",'Cotización4. '!K14) -> 37740723 | AD8: =+IF(AC8="no cotiza","no cotiza",ROUND((AC8*(1+J8)),0)) -> 44911460 | AE8: =+IF(AD8="no cotiza","no cotiza",ROUND((AD8*F8),0)) -> 44911460 | AF8: =+IF(AD8="no cotiza","no cotiza",ROUND((AD8*G8),0)) -> 538937520 | AG8: =+IF(AD8="no cotiza","no cotiza",ROUND((AD8*H8),0)) -> 314380220 | AH8: =+IF(AD8="no cotiza","no cotiza",ROUND((AD8*I8),0)) -> 898229200 | AJ8: =+IF('Cot5. Contrato3341-2022'!K14="","no aplica",'Cot5. Contrato3341-2022'!K14) -> 18663381 | AK8: =+IF(AJ8="no aplica","no aplica",ROUND((AJ8*(1+J8)),0)) -> 22209423 | AL8: =+IF(AK8="no aplica","no aplica",ROUND((AK8*F8),0)) -> 22209423 | AM8: =+IF(AK8="no aplica","no aplica",ROUND((AK8*G8),0)) -> 266513076 | AN8: =+IF(AK8="no aplica","no aplica",ROUND((AK8*H8),0)) -> 155465961 | AO8: =+IF(AK8="no aplica","no aplica",ROUND((AK8*I8),0)) -> 444188460 | AR8: =IFERROR(ROUND(GEOMEAN(K8,Q8,W8,AC8,AJ8),0),"") -> 32640013 | AS8: =+IF(AR8="no cotiza","no cotiza",ROUND((AR8*(1+J8)),0)) -> 38841615 | AT8: =+IF(AS8="no cotiza","no cotiza",ROUND((AS8*F8),0)) -> 38841615 | AU8: =+IF(AS8="no cotiza","no cotiza",ROUND((AS8*G8),0)) -> 466099380 | AV8: =+IF(AS8="no cotiza","no cotiza",ROUND((AS8*H8),0)) -> 271891305 | AW8: =+IF(AS8="no cotiza","no cotiza",ROUND((AS8*I8),0)) -> 776832300
B9: 1.2 | C9: WS-C4500X-40X-ES = (EOL October 31, 2025) Soporte Cisco Smartnet 7x24x4 | D9: Mes | E9: 4 | F9: 1 | G9: 10 | H9: 0 | I9: 11 | J9: 0.19 | K9: =+IF('Cotización1.'!K15="","no cotiza",'Cotización1.'!K15) -> 12356537 | L9: =+IF(K9="no cotiza","no cotiza",ROUND((K9*(1+J9)),0)) -> 14704279 | M9: =+IF(L9="no cotiza","no cotiza",ROUND((L9*F9),0)) -> 14704279 | N9: =+IF(L9="no cotiza","no cotiza",ROUND((L9*G9),0)) -> 147042790 | O9: =+IF(L9="no cotiza","no cotiza",ROUND((L9*H9),0)) -> 0 | P9: =+IF(L9="no cotiza","no cotiza",ROUND((L9*I9),0)) -> 161747069 | Q9: =+IF('Cotización2.'!K15="","no cotiza",'Cotización2.'!K15) -> 12210680 | R9: =+IF(Q9="no cotiza","no cotiza",ROUND((Q9*(1+J9)),0)) -> 14530709 | S9: =+IF(R9="no cotiza","no cotiza",ROUND((R9*F9),0)) -> 14530709 | T9: =+IF(R9="no cotiza","no cotiza",ROUND((R9*G9),0)) -> 145307090 | U9: =+IF(R9="no cotiza","no cotiza",ROUND((R9*H9),0)) -> 0 | V9: =+IF(R9="no cotiza","no cotiza",ROUND((R9*I9),0)) -> 159837799 | W9: =+IF('Cotizacion3. '!K15="","no cotiza",'Cotizacion3. '!K15) -> 12013508 | X9: =+IF(W9="no cotiza","no cotiza",ROUND((W9*(1+J9)),0)) -> 14296075 | Y9: =+IF(X9="no cotiza","no cotiza",ROUND((X9*F9),0)) -> 14296075 | Z9: =+IF(X9="no cotiza","no cotiza",ROUND((X9*G9),0)) -> 142960750 | AA9: =+IF(X9="no cotiza","no cotiza",ROUND((X9*H9),0)) -> 0 | AB9: =+IF(X9="no cotiza","no cotiza",ROUND((X9*I9),0)) -> 157256825 | AC9: =+IF('Cotización4. '!K15="","no cotiza",'Cotización4. '!K15) -> 12281800 | AD9: =+IF(AC9="no cotiza","no cotiza",ROUND((AC9*(1+J9)),0)) -> 14615342 | AE9: =+IF(AD9="no cotiza","no cotiza",ROUND((AD9*F9),0)) -> 14615342 | AF9: =+IF(AD9="no cotiza","no cotiza",ROUND((AD9*G9),0)) -> 146153420 | AG9: =+IF(AD9="no cotiza","no cotiza",ROUND((AD9*H9),0)) -> 0 | AH9: =+IF(AD9="no cotiza","no cotiza",ROUND((AD9*I9),0)) -> 160768762 | AJ9: =+IF('Cot5. Contrato3341-2022'!K15="","no aplica",'Cot5. Contrato3341-2022'!K15) -> 6681058 | AK9: =+IF(AJ9="no aplica","no aplica",ROUND((AJ9*(1+J9)),0)) -> 7950459 | AL9: =+IF(AK9="no aplica","no aplica",ROUND((AK9*F9),0)) -> 7950459 | AM9: =+IF(AK9="no aplica","no aplica",ROUND((AK9*G9),0)) -> 79504590 | AN9: =+IF(AK9="no aplica","no aplica",ROUND((AK9*H9),0)) -> 0 | AO9: =+IF(AK9="no aplica","no aplica",ROUND((AK9*I9),0)) -> 87455049 | AR9: =IFERROR(ROUND(GEOMEAN(K9,Q9,W9,AC9,AJ9),0),"") -> 10826367 | AS9: =+IF(AR9="no cotiza","no cotiza",ROUND((AR9*(1+J9)),0)) -> 12883377 | AT9: =+IF(AS9="no cotiza","no cotiza",ROUND((AS9*F9),0)) -> 12883377 | AU9: =+IF(AS9="no cotiza","no cotiza",ROUND((AS9*G9),0)) -> 128833770 | AV9: =+IF(AS9="no cotiza","no cotiza",ROUND((AS9*H9),0)) -> 0 | AW9: =+IF(AS9="no cotiza","no cotiza",ROUND((AS9*I9),0)) -> 141717147
B10: 1.3 | C10: WS-C2960XR-48LPD-I = (EOL 31 de octubre de2027) Soporte Cisco Smartnet 7x24x4 | D10: Mes | E10: 2 | F10: 1 | G10: 12 | H10: 7 | I10: 20 | J10: 0.19 | K10: =+IF('Cotización1.'!K16="","no cotiza",'Cotización1.'!K16) -> 994780.94 | L10: =+IF(K10="no cotiza","no cotiza",ROUND((K10*(1+J10)),0)) -> 1183789 | M10: =+IF(L10="no cotiza","no cotiza",ROUND((L10*F10),0)) -> 1183789 | N10: =+IF(L10="no cotiza","no cotiza",ROUND((L10*G10),0)) -> 14205468 | O10: =+IF(L10="no cotiza","no cotiza",ROUND((L10*H10),0)) -> 8286523 | P10: =+IF(L10="no cotiza","no cotiza",ROUND((L10*I10),0)) -> 23675780 | Q10: =+IF('Cotización2.'!K16="","no cotiza",'Cotización2.'!K16) -> 983038.49 | R10: =+IF(Q10="no cotiza","no cotiza",ROUND((Q10*(1+J10)),0)) -> 1169816 | S10: =+IF(R10="no cotiza","no cotiza",ROUND((R10*F10),0)) -> 1169816 | T10: =+IF(R10="no cotiza","no cotiza",ROUND((R10*G10),0)) -> 14037792 | U10: =+IF(R10="no cotiza","no cotiza",ROUND((R10*H10),0)) -> 8188712 | V10: =+IF(R10="no cotiza","no cotiza",ROUND((R10*I10),0)) -> 23396320 | W10: =+IF('Cotizacion3. '!K16="","no cotiza",'Cotizacion3. '!K16) -> 967164.9 | X10: =+IF(W10="no cotiza","no cotiza",ROUND((W10*(1+J10)),0)) -> 1150926 | Y10: =+IF(X10="no cotiza","no cotiza",ROUND((X10*F10),0)) -> 1150926 | Z10: =+IF(X10="no cotiza","no cotiza",ROUND((X10*G10),0)) -> 13811112 | AA10: =+IF(X10="no cotiza","no cotiza",ROUND((X10*H10),0)) -> 8056482 | AB10: =+IF(X10="no cotiza","no cotiza",ROUND((X10*I10),0)) -> 23018520 | AC10: =+IF('Cotización4. '!K16="","no cotiza",'Cotización4. '!K16) -> 988764.11 | AD10: =+IF(AC10="no cotiza","no cotiza",ROUND((AC10*(1+J10)),0)) -> 1176629 | AE10: =+IF(AD10="no cotiza","no cotiza",ROUND((AD10*F10),0)) -> 1176629 | AF10: =+IF(AD10="no cotiza","no cotiza",ROUND((AD10*G10),0)) -> 14119548 | AG10: =+IF(AD10="no cotiza","no cotiza",ROUND((AD10*H10),0)) -> 8236403 | AH10: =+IF(AD10="no cotiza","no cotiza",ROUND((AD10*I10),0)) -> 23532580 | AJ10: =+IF('Cot5. Contrato3341-2022'!K16="","no aplica",'Cot5. Contrato3341-2022'!K16) -> 593552 | AK10: =+IF(AJ10="no aplica","no aplica",ROUND((AJ10*(1+J10)),0)) -> 706327 | AL10: =+IF(AK10="no aplica","no aplica",ROUND((AK10*F10),0)) -> 706327 | AM10: =+IF(AK10="no aplica","no aplica",ROUND((AK10*G10),0)) -> 8475924 | AN10: =+IF(AK10="no aplica","no aplica",ROUND((AK10*H10),0)) -> 4944289 | AO10: =+IF(AK10="no aplica","no aplica",ROUND((AK10*I10),0)) -> 14126540 | AR10: =IFERROR(ROUND(GEOMEAN(K10,Q10,W10,AC10,AJ10),0),"") -> 888935 | AS10: =+IF(AR10="no cotiza","no cotiza",ROUND((AR10*(1+J10)),0)) -> 1057833 | AT10: =+IF(AS10="no cotiza","no cotiza",ROUND((AS10*F10),0)) -> 1057833 | AU10: =+IF(AS10="no cotiza","no cotiza",ROUND((AS10*G10),0)) -> 12693996 | AV10: =+IF(AS10="no cotiza","no cotiza",ROUND((AS10*H10),0)) -> 7404831 | AW10: =+IF(AS10="no cotiza","no cotiza",ROUND((AS10*I10),0)) -> 21156660
B11: 1.4 | C11: WS-C2960X-48FPD-L = (EOL 31 de octubre de2027) Soporte Cisco Smartnet 7x24x4 | D11: Mes | E11: 6 | F11: 1 | G11: 12 | H11: 7 | I11: 20 | J11: 0.19 | K11: =+IF('Cotización1.'!K17="","no cotiza",'Cotización1.'!K17) -> 2275676.8 | L11: =+IF(K11="no cotiza","no cotiza",ROUND((K11*(1+J11)),0)) -> 2708055 | M11: =+IF(L11="no cotiza","no cotiza",ROUND((L11*F11),0)) -> 2708055 | N11: =+IF(L11="no cotiza","no cotiza",ROUND((L11*G11),0)) -> 32496660 | O11: =+IF(L11="no cotiza","no cotiza",ROUND((L11*H11),0)) -> 18956385 | P11: =+IF(L11="no cotiza","no cotiza",ROUND((L11*I11),0)) -> 54161100 | Q11: =+IF('Cotización2.'!K17="","no cotiza",'Cotización2.'!K17) -> 2248814.6 | R11: =+IF(Q11="no cotiza","no cotiza",ROUND((Q11*(1+J11)),0)) -> 2676089 | S11: =+IF(R11="no cotiza","no cotiza",ROUND((R11*F11),0)) -> 2676089 | T11: =+IF(R11="no cotiza","no cotiza",ROUND((R11*G11),0)) -> 32113068 | U11: =+IF(R11="no cotiza","no cotiza",ROUND((R11*H11),0)) -> 18732623 | V11: =+IF(R11="no cotiza","no cotiza",ROUND((R11*I11),0)) -> 53521780 | W11: =+IF('Cotizacion3. '!K17="","no cotiza",'Cotizacion3. '!K17) -> 2212502 | X11: =+IF(W11="no cotiza","no cotiza",ROUND((W11*(1+J11)),0)) -> 2632877 | Y11: =+IF(X11="no cotiza","no cotiza",ROUND((X11*F11),0)) -> 2632877 | Z11: =+IF(X11="no cotiza","no cotiza",ROUND((X11*G11),0)) -> 31594524 | AA11: =+IF(X11="no cotiza","no cotiza",ROUND((X11*H11),0)) -> 18430139 | AB11: =+IF(X11="no cotiza","no cotiza",ROUND((X11*I11),0)) -> 52657540 | AC11: =+IF('Cotización4. '!K17="","no cotiza",'Cotización4. '!K17) -> 2261912.7 | AD11: =+IF(AC11="no cotiza","no cotiza",ROUND((AC11*(1+J11)),0)) -> 2691676 | AE11: =+IF(AD11="no cotiza","no cotiza",ROUND((AD11*F11),0)) -> 2691676 | AF11: =+IF(AD11="no cotiza","no cotiza",ROUND((AD11*G11),0)) -> 32300112 | AG11: =+IF(AD11="no cotiza","no cotiza",ROUND((AD11*H11),0)) -> 18841732 | AH11: =+IF(AD11="no cotiza","no cotiza",ROUND((AD11*I11),0)) -> 53833520 | AJ11: =+IF('Cot5. Contrato3341-2022'!K17="","no aplica",'Cot5. Contrato3341-2022'!K17) -> 1129085 | AK11: =+IF(AJ11="no aplica","no aplica",ROUND((AJ11*(1+J11)),0)) -> 1343611 | AL11: =+IF(AK11="no aplica","no aplica",ROUND((AK11*F11),0)) -> 1343611 | AM11: =+IF(AK11="no aplica","no aplica",ROUND((AK11*G11),0)) -> 16123332 | AN11: =+IF(AK11="no aplica","no aplica",ROUND((AK11*H11),0)) -> 9405277 | AO11: =+IF(AK11="no aplica","no aplica",ROUND((AK11*I11),0)) -> 26872220 | AR11: =IFERROR(ROUND(GEOMEAN(K11,Q11,W11,AC11,AJ11),0),"") -> 1959883 | AS11: =+IF(AR11="no cotiza","no cotiza",ROUND((AR11*(1+J11)),0)) -> 2332261 | AT11: =+IF(AS11="no cotiza","no cotiza",ROUND((AS11*F11),0)) -> 2332261 | AU11: =+IF(AS11="no cotiza","no cotiza",ROUND((AS11*G11),0)) -> 27987132 | AV11: =+IF(AS11="no cotiza","no cotiza",ROUND((AS11*H11),0)) -> 16325827 | AW11: =+IF(AS11="no cotiza","no cotiza",ROUND((AS11*I11),0)) -> 46645220
B12: 1.5 | C12: WS-C3850-12XS = (EOL October 31, 2025) Soporte Cisco Smartnet 7x24x4 | D12: Mes | E12: 2 | F12: 1 | G12: 10 | H12: 0 | I12: 11 | J12: 0.19 | K12: =+IF('Cotización1.'!K18="","no cotiza",'Cotización1.'!K18) -> 2801400.6 | L12: =+IF(K12="no cotiza","no cotiza",ROUND((K12*(1+J12)),0)) -> 3333667 | M12: =+IF(L12="no cotiza","no cotiza",ROUND((L12*F12),0)) -> 3333667 | N12: =+IF(L12="no cotiza","no cotiza",ROUND((L12*G12),0)) -> 33336670 | O12: =+IF(L12="no cotiza","no cotiza",ROUND((L12*H12),0)) -> 0 | P12: =+IF(L12="no cotiza","no cotiza",ROUND((L12*I12),0)) -> 36670337 | Q12: =+IF('Cotización2.'!K18="","no cotiza",'Cotización2.'!K18) -> 2768332.7 | R12: =+IF(Q12="no cotiza","no cotiza",ROUND((Q12*(1+J12)),0)) -> 3294316 | S12: =+IF(R12="no cotiza","no cotiza",ROUND((R12*F12),0)) -> 3294316 | T12: =+IF(R12="no cotiza","no cotiza",ROUND((R12*G12),0)) -> 32943160 | U12: =+IF(R12="no cotiza","no cotiza",ROUND((R12*H12),0)) -> 0 | V12: =+IF(R12="no cotiza","no cotiza",ROUND((R12*I12),0)) -> 36237476 | W12: =+IF('Cotizacion3. '!K18="","no cotiza",'Cotizacion3. '!K18) -> 2723631.1 | X12: =+IF(W12="no cotiza","no cotiza",ROUND((W12*(1+J12)),0)) -> 3241121 | Y12: =+IF(X12="no cotiza","no cotiza",ROUND((X12*F12),0)) -> 3241121 | Z12: =+IF(X12="no cotiza","no cotiza",ROUND((X12*G12),0)) -> 32411210 | AA12: =+IF(X12="no cotiza","no cotiza",ROUND((X12*H12),0)) -> 0 | AB12: =+IF(X12="no cotiza","no cotiza",ROUND((X12*I12),0)) -> 35652331 | AC12: =+IF('Cotización4. '!K18="","no cotiza",'Cotización4. '!K18) -> 2784456.6 | AD12: =+IF(AC12="no cotiza","no cotiza",ROUND((AC12*(1+J12)),0)) -> 3313503 | AE12: =+IF(AD12="no cotiza","no cotiza",ROUND((AD12*F12),0)) -> 3313503 | AF12: =+IF(AD12="no cotiza","no cotiza",ROUND((AD12*G12),0)) -> 33135030 | AG12: =+IF(AD12="no cotiza","no cotiza",ROUND((AD12*H12),0)) -> 0 | AH12: =+IF(AD12="no cotiza","no cotiza",ROUND((AD12*I12),0)) -> 36448533 | AJ12: =+IF('Cot5. Contrato3341-2022'!K18="","no aplica",'Cot5. Contrato3341-2022'!K18) -> 999737 | AK12: =+IF(AJ12="no aplica","no aplica",ROUND((AJ12*(1+J12)),0)) -> 1189687 | AL12: =+IF(AK12="no aplica","no aplica",ROUND((AK12*F12),0)) -> 1189687 | AM12: =+IF(AK12="no aplica","no aplica",ROUND((AK12*G12),0)) -> 11896870 | AN12: =+IF(AK12="no aplica","no aplica",ROUND((AK12*H12),0)) -> 0 | AO12: =+IF(AK12="no aplica","no aplica",ROUND((AK12*I12),0)) -> 13086557 | AR12: =IFERROR(ROUND(GEOMEAN(K12,Q12,W12,AC12,AJ12),0),"") -> 2258778 | AS12: =+IF(AR12="no cotiza","no cotiza",ROUND((AR12*(1+J12)),0)) -> 2687946 | AT12: =+IF(AS12="no cotiza","no cotiza",ROUND((AS12*F12),0)) -> 2687946 | AU12: =+IF(AS12="no cotiza","no cotiza",ROUND((AS12*G12),0)) -> 26879460 | AV12: =+IF(AS12="no cotiza","no cotiza",ROUND((AS12*H12),0)) -> 0 | AW12: =+IF(AS12="no cotiza","no cotiza",ROUND((AS12*I12),0)) -> 29567406
B13: 1.6 | C13: UCS C240 M6SX (EOL NO DEFINIDO) Soporte Cisco Smartnet 7x24x4 | D13: Mes | E13: 2 | F13: 0 | G13: 0 | H13: 7 | I13: 7 | J13: 0.19 | K13: =+IF('Cotización1.'!K19="","no cotiza",'Cotización1.'!K19) -> 1001150.3 | L13: =+IF(K13="no cotiza","no cotiza",ROUND((K13*(1+J13)),0)) -> 1191369 | M13: =+IF(L13="no cotiza","no cotiza",ROUND((L13*F13),0)) -> 0 | N13: =+IF(L13="no cotiza","no cotiza",ROUND((L13*G13),0)) -> 0 | O13: =+IF(L13="no cotiza","no cotiza",ROUND((L13*H13),0)) -> 8339583 | P13: =+IF(L13="no cotiza","no cotiza",ROUND((L13*I13),0)) -> 8339583 | Q13: =+IF('Cotización2.'!K19="","no cotiza",'Cotización2.'!K19) -> 989332.64 | R13: =+IF(Q13="no cotiza","no cotiza",ROUND((Q13*(1+J13)),0)) -> 1177306 | S13: =+IF(R13="no cotiza","no cotiza",ROUND((R13*F13),0)) -> 0 | T13: =+IF(R13="no cotiza","no cotiza",ROUND((R13*G13),0)) -> 0 | U13: =+IF(R13="no cotiza","no cotiza",ROUND((R13*H13),0)) -> 8241142 | V13: =+IF(R13="no cotiza","no cotiza",ROUND((R13*I13),0)) -> 8241142 | W13: =+IF('Cotizacion3. '!K19="","no cotiza",'Cotizacion3. '!K19) -> 973357.41 | X13: =+IF(W13="no cotiza","no cotiza",ROUND((W13*(1+J13)),0)) -> 1158295 | Y13: =+IF(X13="no cotiza","no cotiza",ROUND((X13*F13),0)) -> 0 | Z13: =+IF(X13="no cotiza","no cotiza",ROUND((X13*G13),0)) -> 0 | AA13: =+IF(X13="no cotiza","no cotiza",ROUND((X13*H13),0)) -> 8108065 | AB13: =+IF(X13="no cotiza","no cotiza",ROUND((X13*I13),0)) -> 8108065 | AC13: =+IF('Cotización4. '!K19="","no cotiza",'Cotización4. '!K19) -> 995094.92 | AD13: =+IF(AC13="no cotiza","no cotiza",ROUND((AC13*(1+J13)),0)) -> 1184163 | AE13: =+IF(AD13="no cotiza","no cotiza",ROUND((AD13*F13),0)) -> 0 | AF13: =+IF(AD13="no cotiza","no cotiza",ROUND((AD13*G13),0)) -> 0 | AG13: =+IF(AD13="no cotiza","no cotiza",ROUND((AD13*H13),0)) -> 8289141 | AH13: =+IF(AD13="no cotiza","no cotiza",ROUND((AD13*I13),0)) -> 8289141 | AJ13: =+IF('Cot5. Contrato3341-2022'!K19="","no aplica",'Cot5. Contrato3341-2022'!K19) -> no aplica | AK13: =+IF(AJ13="no aplica","no aplica",ROUND((AJ13*(1+J13)),0)) -> no aplica | AL13: =+IF(AK13="no aplica","no aplica",ROUND((AK13*F13),0)) -> no aplica | AM13: =+IF(AK13="no aplica","no aplica",ROUND((AK13*G13),0)) -> no aplica | AN13: =+IF(AK13="no aplica","no aplica",ROUND((AK13*H13),0)) -> no aplica | AO13: =+IF(AK13="no aplica","no aplica",ROUND((AK13*I13),0)) -> no aplica | AR13: =IFERROR(ROUND(GEOMEAN(K13,Q13,W13,AC13,AJ13),0),"") -> 989680 | AS13: =+IF(AR13="no cotiza","no cotiza",ROUND((AR13*(1+J13)),0)) -> 1177719 | AT13: =+IF(AS13="no cotiza","no cotiza",ROUND((AS13*F13),0)) -> 0 | AU13: =+IF(AS13="no cotiza","no cotiza",ROUND((AS13*G13),0)) -> 0 | AV13: =+IF(AS13="no cotiza","no cotiza",ROUND((AS13*H13),0)) -> 8244033 | AW13: =+IF(AS13="no cotiza","no cotiza",ROUND((AS13*I13),0)) -> 8244033
B14: 1.7 | C14: N9K-C9364C en funcionalidad SPINE (EOL NO DEFINIDO) Soporte Cisco Success Tracks | D14: Mes | E14: 2 | F14: 1 | G14: 12 | H14: 7 | I14: 20 | J14: 0.19 | K14: =+IF('Cotización1.'!K20="","no cotiza",'Cotización1.'!K20) -> 3497614.7 | L14: =+IF(K14="no cotiza","no cotiza",ROUND((K14*(1+J14)),0)) -> 4162161 | M14: =+IF(L14="no cotiza","no cotiza",ROUND((L14*F14),0)) -> 4162161 | N14: =+IF(L14="no cotiza","no cotiza",ROUND((L14*G14),0)) -> 49945932 | O14: =+IF(L14="no cotiza","no cotiza",ROUND((L14*H14),0)) -> 29135127 | P14: =+IF(L14="no cotiza","no cotiza",ROUND((L14*I14),0)) -> 83243220 | Q14: =+IF('Cotización2.'!K20="","no cotiza",'Cotización2.'!K20) -> 3456328.7 | R14: =+IF(Q14="no cotiza","no cotiza",ROUND((Q14*(1+J14)),0)) -> 4113031 | S14: =+IF(R14="no cotiza","no cotiza",ROUND((R14*F14),0)) -> 4113031 | T14: =+IF(R14="no cotiza","no cotiza",ROUND((R14*G14),0)) -> 49356372 | U14: =+IF(R14="no cotiza","no cotiza",ROUND((R14*H14),0)) -> 28791217 | V14: =+IF(R14="no cotiza","no cotiza",ROUND((R14*I14),0)) -> 82260620 | W14: =+IF('Cotizacion3. '!K20="","no cotiza",'Cotizacion3. '!K20) -> 3400517.7 | X14: =+IF(W14="no cotiza","no cotiza",ROUND((W14*(1+J14)),0)) -> 4046616 | Y14: =+IF(X14="no cotiza","no cotiza",ROUND((X14*F14),0)) -> 4046616 | Z14: =+IF(X14="no cotiza","no cotiza",ROUND((X14*G14),0)) -> 48559392 | AA14: =+IF(X14="no cotiza","no cotiza",ROUND((X14*H14),0)) -> 28326312 | AB14: =+IF(X14="no cotiza","no cotiza",ROUND((X14*I14),0)) -> 80932320 | AC14: =+IF('Cotización4. '!K20="","no cotiza",'Cotización4. '!K20) -> 3476459.7 | AD14: =+IF(AC14="no cotiza","no cotiza",ROUND((AC14*(1+J14)),0)) -> 4136987 | AE14: =+IF(AD14="no cotiza","no cotiza",ROUND((AD14*F14),0)) -> 4136987 | AF14: =+IF(AD14="no cotiza","no cotiza",ROUND((AD14*G14),0)) -> 49643844 | AG14: =+IF(AD14="no cotiza","no cotiza",ROUND((AD14*H14),0)) -> 28958909 | AH14: =+IF(AD14="no cotiza","no cotiza",ROUND((AD14*I14),0)) -> 82739740 | AJ14: =+IF('Cot5. Contrato3341-2022'!K20="","no aplica",'Cot5. Contrato3341-2022'!K20) -> 1968090 | AK14: =+IF(AJ14="no aplica","no aplica",ROUND((AJ14*(1+J14)),0)) -> 2342027 | AL14: =+IF(AK14="no aplica","no aplica",ROUND((AK14*F14),0)) -> 2342027 | AM14: =+IF(AK14="no aplica","no aplica",ROUND((AK14*G14),0)) -> 28104324 | AN14: =+IF(AK14="no aplica","no aplica",ROUND((AK14*H14),0)) -> 16394189 | AO14: =+IF(AK14="no aplica","no aplica",ROUND((AK14*I14),0)) -> 46840540 | AR14: =IFERROR(ROUND(GEOMEAN(K14,Q14,W14,AC14,AJ14),0),"") -> 3089035 | AS14: =+IF(AR14="no cotiza","no cotiza",ROUND((AR14*(1+J14)),0)) -> 3675952 | AT14: =+IF(AS14="no cotiza","no cotiza",ROUND((AS14*F14),0)) -> 3675952 | AU14: =+IF(AS14="no cotiza","no cotiza",ROUND((AS14*G14),0)) -> 44111424 | AV14: =+IF(AS14="no cotiza","no cotiza",ROUND((AS14*H14),0)) -> 25731664 | AW14: =+IF(AS14="no cotiza","no cotiza",ROUND((AS14*I14),0)) -> 73519040
B15: 1.8 | C15: N9K-C9348GC-FXP en funcionalidad LEAF (EOL 28 de febrero de 2026) Soporte Cisco Success Tracks | D15: Mes | E15: 4 | F15: 1 | G15: 12 | H15: 2 | I15: 15 | J15: 0.19 | K15: =+IF('Cotización1.'!K21="","no cotiza",'Cotización1.'!K21) -> 2029457 | L15: =+IF(K15="no cotiza","no cotiza",ROUND((K15*(1+J15)),0)) -> 2415054 | M15: =+IF(L15="no cotiza","no cotiza",ROUND((L15*F15),0)) -> 2415054 | N15: =+IF(L15="no cotiza","no cotiza",ROUND((L15*G15),0)) -> 28980648 | O15: =+IF(L15="no cotiza","no cotiza",ROUND((L15*H15),0)) -> 4830108 | P15: =+IF(L15="no cotiza","no cotiza",ROUND((L15*I15),0)) -> 36225810 | Q15: =+IF('Cotización2.'!K21="","no cotiza",'Cotización2.'!K21) -> 2005501.2 | R15: =+IF(Q15="no cotiza","no cotiza",ROUND((Q15*(1+J15)),0)) -> 2386546 | S15: =+IF(R15="no cotiza","no cotiza",ROUND((R15*F15),0)) -> 2386546 | T15: =+IF(R15="no cotiza","no cotiza",ROUND((R15*G15),0)) -> 28638552 | U15: =+IF(R15="no cotiza","no cotiza",ROUND((R15*H15),0)) -> 4773092 | V15: =+IF(R15="no cotiza","no cotiza",ROUND((R15*I15),0)) -> 35798190 | W15: =+IF('Cotizacion3. '!K21="","no cotiza",'Cotizacion3. '!K21) -> 1973117.4 | X15: =+IF(W15="no cotiza","no cotiza",ROUND((W15*(1+J15)),0)) -> 2348010 | Y15: =+IF(X15="no cotiza","no cotiza",ROUND((X15*F15),0)) -> 2348010 | Z15: =+IF(X15="no cotiza","no cotiza",ROUND((X15*G15),0)) -> 28176120 | AA15: =+IF(X15="no cotiza","no cotiza",ROUND((X15*H15),0)) -> 4696020 | AB15: =+IF(X15="no cotiza","no cotiza",ROUND((X15*I15),0)) -> 35220150 | AC15: =+IF('Cotización4. '!K21="","no cotiza",'Cotización4. '!K21) -> 2017182 | AD15: =+IF(AC15="no cotiza","no cotiza",ROUND((AC15*(1+J15)),0)) -> 2400447 | AE15: =+IF(AD15="no cotiza","no cotiza",ROUND((AD15*F15),0)) -> 2400447 | AF15: =+IF(AD15="no cotiza","no cotiza",ROUND((AD15*G15),0)) -> 28805364 | AG15: =+IF(AD15="no cotiza","no cotiza",ROUND((AD15*H15),0)) -> 4800894 | AH15: =+IF(AD15="no cotiza","no cotiza",ROUND((AD15*I15),0)) -> 36006705 | AJ15: =+IF('Cot5. Contrato3341-2022'!K21="","no aplica",'Cot5. Contrato3341-2022'!K21) -> 1062816 | AK15: =+IF(AJ15="no aplica","no aplica",ROUND((AJ15*(1+J15)),0)) -> 1264751 | AL15: =+IF(AK15="no aplica","no aplica",ROUND((AK15*F15),0)) -> 1264751 | AM15: =+IF(AK15="no aplica","no aplica",ROUND((AK15*G15),0)) -> 15177012 | AN15: =+IF(AK15="no aplica","no aplica",ROUND((AK15*H15),0)) -> 2529502 | AO15: =+IF(AK15="no aplica","no aplica",ROUND((AK15*I15),0)) -> 18971265 | AR15: =IFERROR(ROUND(GEOMEAN(K15,Q15,W15,AC15,AJ15),0),"") -> 1766818 | AS15: =+IF(AR15="no cotiza","no cotiza",ROUND((AR15*(1+J15)),0)) -> 2102513 | AT15: =+IF(AS15="no cotiza","no cotiza",ROUND((AS15*F15),0)) -> 2102513 | AU15: =+IF(AS15="no cotiza","no cotiza",ROUND((AS15*G15),0)) -> 25230156 | AV15: =+IF(AS15="no cotiza","no cotiza",ROUND((AS15*H15),0)) -> 4205026 | AW15: =+IF(AS15="no cotiza","no cotiza",ROUND((AS15*I15),0)) -> 31537695
B16: 1.9 | C16: N9K-C93180YC-EX en funcionalidad LEAF (EOL 28 de febrero de 2026) Soporte Cisco Success Tracks | D16: Mes | E16: 4 | F16: 1 | G16: 12 | H16: 2 | I16: 15 | J16: 0.19 | K16: =+IF('Cotización1.'!K22="","no cotiza",'Cotización1.'!K22) -> 3575699.9 | L16: =+IF(K16="no cotiza","no cotiza",ROUND((K16*(1+J16)),0)) -> 4255083 | M16: =+IF(L16="no cotiza","no cotiza",ROUND((L16*F16),0)) -> 4255083 | N16: =+IF(L16="no cotiza","no cotiza",ROUND((L16*G16),0)) -> 51060996 | O16: =+IF(L16="no cotiza","no cotiza",ROUND((L16*H16),0)) -> 8510166 | P16: =+IF(L16="no cotiza","no cotiza",ROUND((L16*I16),0)) -> 63826245 | Q16: =+IF('Cotización2.'!K22="","no cotiza",'Cotización2.'!K22) -> 3533492.2 | R16: =+IF(Q16="no cotiza","no cotiza",ROUND((Q16*(1+J16)),0)) -> 4204856 | S16: =+IF(R16="no cotiza","no cotiza",ROUND((R16*F16),0)) -> 4204856 | T16: =+IF(R16="no cotiza","no cotiza",ROUND((R16*G16),0)) -> 50458272 | U16: =+IF(R16="no cotiza","no cotiza",ROUND((R16*H16),0)) -> 8409712 | V16: =+IF(R16="no cotiza","no cotiza",ROUND((R16*I16),0)) -> 63072840 | W16: =+IF('Cotizacion3. '!K22="","no cotiza",'Cotizacion3. '!K22) -> 3476435.2 | X16: =+IF(W16="no cotiza","no cotiza",ROUND((W16*(1+J16)),0)) -> 4136958 | Y16: =+IF(X16="no cotiza","no cotiza",ROUND((X16*F16),0)) -> 4136958 | Z16: =+IF(X16="no cotiza","no cotiza",ROUND((X16*G16),0)) -> 49643496 | AA16: =+IF(X16="no cotiza","no cotiza",ROUND((X16*H16),0)) -> 8273916 | AB16: =+IF(X16="no cotiza","no cotiza",ROUND((X16*I16),0)) -> 62054370 | AC16: =+IF('Cotización4. '!K22="","no cotiza",'Cotización4. '!K22) -> 3554072.7 | AD16: =+IF(AC16="no cotiza","no cotiza",ROUND((AC16*(1+J16)),0)) -> 4229346 | AE16: =+IF(AD16="no cotiza","no cotiza",ROUND((AD16*F16),0)) -> 4229346 | AF16: =+IF(AD16="no cotiza","no cotiza",ROUND((AD16*G16),0)) -> 50752152 | AG16: =+IF(AD16="no cotiza","no cotiza",ROUND((AD16*H16),0)) -> 8458692 | AH16: =+IF(AD16="no cotiza","no cotiza",ROUND((AD16*I16),0)) -> 63440190 | AJ16: =+IF('Cot5. Contrato3341-2022'!K22="","no aplica",'Cot5. Contrato3341-2022'!K22) -> 1870557 | AK16: =+IF(AJ16="no aplica","no aplica",ROUND((AJ16*(1+J16)),0)) -> 2225963 | AL16: =+IF(AK16="no aplica","no aplica",ROUND((AK16*F16),0)) -> 2225963 | AM16: =+IF(AK16="no aplica","no aplica",ROUND((AK16*G16),0)) -> 26711556 | AN16: =+IF(AK16="no aplica","no aplica",ROUND((AK16*H16),0)) -> 4451926 | AO16: =+IF(AK16="no aplica","no aplica",ROUND((AK16*I16),0)) -> 33389445 | AR16: =IFERROR(ROUND(GEOMEAN(K16,Q16,W16,AC16,AJ16),0),"") -> 3112285 | AS16: =+IF(AR16="no cotiza","no cotiza",ROUND((AR16*(1+J16)),0)) -> 3703619 | AT16: =+IF(AS16="no cotiza","no cotiza",ROUND((AS16*F16),0)) -> 3703619 | AU16: =+IF(AS16="no cotiza","no cotiza",ROUND((AS16*G16),0)) -> 44443428 | AV16: =+IF(AS16="no cotiza","no cotiza",ROUND((AS16*H16),0)) -> 7407238 | AW16: =+IF(AS16="no cotiza","no cotiza",ROUND((AS16*I16),0)) -> 55554285
B17: 1.10 | C17: Cisco Firepower 2130 NGFW Appliance (EOL NO DEFINIDO) Soporte Cisco Success Tracks | D17: Mes | E17: 2 | F17: 1 | G17: 12 | H17: 7 | I17: 20 | J17: 0.19 | K17: =+IF('Cotización1.'!K23="","no cotiza",'Cotización1.'!K23) -> 4777161.8 | L17: =+IF(K17="no cotiza","no cotiza",ROUND((K17*(1+J17)),0)) -> 5684823 | M17: =+IF(L17="no cotiza","no cotiza",ROUND((L17*F17),0)) -> 5684823 | N17: =+IF(L17="no cotiza","no cotiza",ROUND((L17*G17),0)) -> 68217876 | O17: =+IF(L17="no cotiza","no cotiza",ROUND((L17*H17),0)) -> 39793761 | P17: =+IF(L17="no cotiza","no cotiza",ROUND((L17*I17),0)) -> 113696460 | Q17: =+IF('Cotización2.'!K23="","no cotiza",'Cotización2.'!K23) -> 4720771.9 | R17: =+IF(Q17="no cotiza","no cotiza",ROUND((Q17*(1+J17)),0)) -> 5617719 | S17: =+IF(R17="no cotiza","no cotiza",ROUND((R17*F17),0)) -> 5617719 | T17: =+IF(R17="no cotiza","no cotiza",ROUND((R17*G17),0)) -> 67412628 | U17: =+IF(R17="no cotiza","no cotiza",ROUND((R17*H17),0)) -> 39324033 | V17: =+IF(R17="no cotiza","no cotiza",ROUND((R17*I17),0)) -> 112354380 | W17: =+IF('Cotizacion3. '!K23="","no cotiza",'Cotizacion3. '!K23) -> 4644543.4 | X17: =+IF(W17="no cotiza","no cotiza",ROUND((W17*(1+J17)),0)) -> 5527007 | Y17: =+IF(X17="no cotiza","no cotiza",ROUND((X17*F17),0)) -> 5527007 | Z17: =+IF(X17="no cotiza","no cotiza",ROUND((X17*G17),0)) -> 66324084 | AA17: =+IF(X17="no cotiza","no cotiza",ROUND((X17*H17),0)) -> 38689049 | AB17: =+IF(X17="no cotiza","no cotiza",ROUND((X17*I17),0)) -> 110540140 | AC17: =+IF('Cotización4. '!K23="","no cotiza",'Cotización4. '!K23) -> 4748267.6 | AD17: =+IF(AC17="no cotiza","no cotiza",ROUND((AC17*(1+J17)),0)) -> 5650438 | AE17: =+IF(AD17="no cotiza","no cotiza",ROUND((AD17*F17),0)) -> 5650438 | AF17: =+IF(AD17="no cotiza","no cotiza",ROUND((AD17*G17),0)) -> 67805256 | AG17: =+IF(AD17="no cotiza","no cotiza",ROUND((AD17*H17),0)) -> 39553066 | AH17: =+IF(AD17="no cotiza","no cotiza",ROUND((AD17*I17),0)) -> 113008760 | AJ17: =+IF('Cot5. Contrato3341-2022'!K23="","no aplica",'Cot5. Contrato3341-2022'!K23) -> 2215328 | AK17: =+IF(AJ17="no aplica","no aplica",ROUND((AJ17*(1+J17)),0)) -> 2636240 | AL17: =+IF(AK17="no aplica","no aplica",ROUND((AK17*F17),0)) -> 2636240 | AM17: =+IF(AK17="no aplica","no aplica",ROUND((AK17*G17),0)) -> 31634880 | AN17: =+IF(AK17="no aplica","no aplica",ROUND((AK17*H17),0)) -> 18453680 | AO17: =+IF(AK17="no aplica","no aplica",ROUND((AK17*I17),0)) -> 52724800 | AR17: =IFERROR(ROUND(GEOMEAN(K17,Q17,W17,AC17,AJ17),0),"") -> 4059007 | AS17: =+IF(AR17="no cotiza","no cotiza",ROUND((AR17*(1+J17)),0)) -> 4830218 | AT17: =+IF(AS17="no cotiza","no cotiza",ROUND((AS17*F17),0)) -> 4830218 | AU17: =+IF(AS17="no cotiza","no cotiza",ROUND((AS17*G17),0)) -> 57962616 | AV17: =+IF(AS17="no cotiza","no cotiza",ROUND((AS17*H17),0)) -> 33811526 | AW17: =+IF(AS17="no cotiza","no cotiza",ROUND((AS17*I17),0)) -> 96604360
B18: 1.11 | C18: Cisco C9500-24Y4C ( EOL NO DEFINIDO ) Soporte Cisco Smartnet 7x24x4 | D18: Mes | E18: 4 | F18: 1 | G18: 12 | H18: 7 | I18: 20 | J18: 0.19 | K18: =+IF('Cotización1.'!K24="","no cotiza",'Cotización1.'!K24) -> 4116921.7 | L18: =+IF(K18="no cotiza","no cotiza",ROUND((K18*(1+J18)),0)) -> 4899137 | M18: =+IF(L18="no cotiza","no cotiza",ROUND((L18*F18),0)) -> 4899137 | N18: =+IF(L18="no cotiza","no cotiza",ROUND((L18*G18),0)) -> 58789644 | O18: =+IF(L18="no cotiza","no cotiza",ROUND((L18*H18),0)) -> 34293959 | P18: =+IF(L18="no cotiza","no cotiza",ROUND((L18*I18),0)) -> 97982740 | Q18: =+IF('Cotización2.'!K24="","no cotiza",'Cotización2.'!K24) -> 4068325.4 | R18: =+IF(Q18="no cotiza","no cotiza",ROUND((Q18*(1+J18)),0)) -> 4841307 | S18: =+IF(R18="no cotiza","no cotiza",ROUND((R18*F18),0)) -> 4841307 | T18: =+IF(R18="no cotiza","no cotiza",ROUND((R18*G18),0)) -> 58095684 | U18: =+IF(R18="no cotiza","no cotiza",ROUND((R18*H18),0)) -> 33889149 | V18: =+IF(R18="no cotiza","no cotiza",ROUND((R18*I18),0)) -> 96826140 | W18: =+IF('Cotizacion3. '!K24="","no cotiza",'Cotizacion3. '!K24) -> 4002632.2 | X18: =+IF(W18="no cotiza","no cotiza",ROUND((W18*(1+J18)),0)) -> 4763132 | Y18: =+IF(X18="no cotiza","no cotiza",ROUND((X18*F18),0)) -> 4763132 | Z18: =+IF(X18="no cotiza","no cotiza",ROUND((X18*G18),0)) -> 57157584 | AA18: =+IF(X18="no cotiza","no cotiza",ROUND((X18*H18),0)) -> 33341924 | AB18: =+IF(X18="no cotiza","no cotiza",ROUND((X18*I18),0)) -> 95262640 | AC18: =+IF('Cotización4. '!K24="","no cotiza",'Cotización4. '!K24) -> 4092021 | AD18: =+IF(AC18="no cotiza","no cotiza",ROUND((AC18*(1+J18)),0)) -> 4869505 | AE18: =+IF(AD18="no cotiza","no cotiza",ROUND((AD18*F18),0)) -> 4869505 | AF18: =+IF(AD18="no cotiza","no cotiza",ROUND((AD18*G18),0)) -> 58434060 | AG18: =+IF(AD18="no cotiza","no cotiza",ROUND((AD18*H18),0)) -> 34086535 | AH18: =+IF(AD18="no cotiza","no cotiza",ROUND((AD18*I18),0)) -> 97390100 | AJ18: =+IF('Cot5. Contrato3341-2022'!K24="","no aplica",'Cot5. Contrato3341-2022'!K24) -> 3424744 | AK18: =+IF(AJ18="no aplica","no aplica",ROUND((AJ18*(1+J18)),0)) -> 4075445 | AL18: =+IF(AK18="no aplica","no aplica",ROUND((AK18*F18),0)) -> 4075445 | AM18: =+IF(AK18="no aplica","no aplica",ROUND((AK18*G18),0)) -> 48905340 | AN18: =+IF(AK18="no aplica","no aplica",ROUND((AK18*H18),0)) -> 28528115 | AO18: =+IF(AK18="no aplica","no aplica",ROUND((AK18*I18),0)) -> 81508900 | AR18: =IFERROR(ROUND(GEOMEAN(K18,Q18,W18,AC18,AJ18),0),"") -> 3931697 | AS18: =+IF(AR18="no cotiza","no cotiza",ROUND((AR18*(1+J18)),0)) -> 4678719 | AT18: =+IF(AS18="no cotiza","no cotiza",ROUND((AS18*F18),0)) -> 4678719 | AU18: =+IF(AS18="no cotiza","no cotiza",ROUND((AS18*G18),0)) -> 56144628 | AV18: =+IF(AS18="no cotiza","no cotiza",ROUND((AS18*H18),0)) -> 32751033 | AW18: =+IF(AS18="no cotiza","no cotiza",ROUND((AS18*I18),0)) -> 93574380
B19: 1.12 | C19: Cisco C9200L-48T-4X-E ( Eol NO DEFINIDO ) Soporte Cisco Smartnet 7x24x4 | D19: Mes | E19: 8 | F19: 1 | G19: 12 | H19: 7 | I19: 20 | J19: 0.19 | K19: =+IF('Cotización1.'!K25="","no cotiza",'Cotización1.'!K25) -> 1773357.5 | L19: =+IF(K19="no cotiza","no cotiza",ROUND((K19*(1+J19)),0)) -> 2110295 | M19: =+IF(L19="no cotiza","no cotiza",ROUND((L19*F19),0)) -> 2110295 | N19: =+IF(L19="no cotiza","no cotiza",ROUND((L19*G19),0)) -> 25323540 | O19: =+IF(L19="no cotiza","no cotiza",ROUND((L19*H19),0)) -> 14772065 | P19: =+IF(L19="no cotiza","no cotiza",ROUND((L19*I19),0)) -> 42205900 | Q19: =+IF('Cotización2.'!K25="","no cotiza",'Cotización2.'!K25) -> 1752424.7 | R19: =+IF(Q19="no cotiza","no cotiza",ROUND((Q19*(1+J19)),0)) -> 2085385 | S19: =+IF(R19="no cotiza","no cotiza",ROUND((R19*F19),0)) -> 2085385 | T19: =+IF(R19="no cotiza","no cotiza",ROUND((R19*G19),0)) -> 25024620 | U19: =+IF(R19="no cotiza","no cotiza",ROUND((R19*H19),0)) -> 14597695 | V19: =+IF(R19="no cotiza","no cotiza",ROUND((R19*I19),0)) -> 41707700 | W19: =+IF('Cotizacion3. '!K25="","no cotiza",'Cotizacion3. '!K25) -> 1724127.5 | X19: =+IF(W19="no cotiza","no cotiza",ROUND((W19*(1+J19)),0)) -> 2051712 | Y19: =+IF(X19="no cotiza","no cotiza",ROUND((X19*F19),0)) -> 2051712 | Z19: =+IF(X19="no cotiza","no cotiza",ROUND((X19*G19),0)) -> 24620544 | AA19: =+IF(X19="no cotiza","no cotiza",ROUND((X19*H19),0)) -> 14361984 | AB19: =+IF(X19="no cotiza","no cotiza",ROUND((X19*I19),0)) -> 41034240 | AC19: =+IF('Cotización4. '!K25="","no cotiza",'Cotización4. '!K25) -> 1762631.5 | AD19: =+IF(AC19="no cotiza","no cotiza",ROUND((AC19*(1+J19)),0)) -> 2097532 | AE19: =+IF(AD19="no cotiza","no cotiza",ROUND((AD19*F19),0)) -> 2097532 | AF19: =+IF(AD19="no cotiza","no cotiza",ROUND((AD19*G19),0)) -> 25170384 | AG19: =+IF(AD19="no cotiza","no cotiza",ROUND((AD19*H19),0)) -> 14682724 | AH19: =+IF(AD19="no cotiza","no cotiza",ROUND((AD19*I19),0)) -> 41950640 | AJ19: =+IF('Cot5. Contrato3341-2022'!K25="","no aplica",'Cot5. Contrato3341-2022'!K25) -> 1487001 | AK19: =+IF(AJ19="no aplica","no aplica",ROUND((AJ19*(1+J19)),0)) -> 1769531 | AL19: =+IF(AK19="no aplica","no aplica",ROUND((AK19*F19),0)) -> 1769531 | AM19: =+IF(AK19="no aplica","no aplica",ROUND((AK19*G19),0)) -> 21234372 | AN19: =+IF(AK19="no aplica","no aplica",ROUND((AK19*H19),0)) -> 12386717 | AO19: =+IF(AK19="no aplica","no aplica",ROUND((AK19*I19),0)) -> 35390620 | AR19: =IFERROR(ROUND(GEOMEAN(K19,Q19,W19,AC19,AJ19),0),"") -> 1696272 | AS19: =+IF(AR19="no cotiza","no cotiza",ROUND((AR19*(1+J19)),0)) -> 2018564 | AT19: =+IF(AS19="no cotiza","no cotiza",ROUND((AS19*F19),0)) -> 2018564 | AU19: =+IF(AS19="no cotiza","no cotiza",ROUND((AS19*G19),0)) -> 24222768 | AV19: =+IF(AS19="no cotiza","no cotiza",ROUND((AS19*H19),0)) -> 14129948 | AW19: =+IF(AS19="no cotiza","no cotiza",ROUND((AS19*I19),0)) -> 40371280
... B21: 1.14 | C21: Solución de Tarificador Eagle. Actualización de Software y Licenciamiento y Soporte Fabricante | D21: Mes | E21: 1 | F21: 1 | G21: 12 | H21: 7 | I21: 20 | J21: 0.19 | K21: =+IF('Cotización1.'!K27="","no cotiza",'Cotización1.'!K27) -> 3016424.3 | L21: =+IF(K21="no cotiza","no cotiza",ROUND((K21*(1+J21)),0)) -> 3589545 | M21: =+IF(L21="no cotiza","no cotiza",ROUND((L21*F21),0)) -> 3589545 | N21: =+IF(L21="no cotiza","no cotiza",ROUND((L21*G21),0)) -> 43074540 | O21: =+IF(L21="no cotiza","no cotiza",ROUND((L21*H21),0)) -> 25126815 | P21: =+IF(L21="no cotiza","no cotiza",ROUND((L21*I21),0)) -> 71790900 | Q21: =+IF('Cotización2.'!K27="","no cotiza",'Cotización2.'!K27) -> 2980818.2 | R21: =+IF(Q21="no cotiza","no cotiza",ROUND((Q21*(1+J21)),0)) -> 3547174 | S21: =+IF(R21="no cotiza","no cotiza",ROUND((R21*F21),0)) -> 3547174 | T21: =+IF(R21="no cotiza","no cotiza",ROUND((R21*G21),0)) -> 42566088 | U21: =+IF(R21="no cotiza","no cotiza",ROUND((R21*H21),0)) -> 24830218 | V21: =+IF(R21="no cotiza","no cotiza",ROUND((R21*I21),0)) -> 70943480 | W21: =+IF('Cotizacion3. '!K27="","no cotiza",'Cotizacion3. '!K27) -> 2932685.5 | X21: =+IF(W21="no cotiza","no cotiza",ROUND((W21*(1+J21)),0)) -> 3489896 | Y21: =+IF(X21="no cotiza","no cotiza",ROUND((X21*F21),0)) -> 3489896 | Z21: =+IF(X21="no cotiza","no cotiza",ROUND((X21*G21),0)) -> 41878752 | AA21: =+IF(X21="no cotiza","no cotiza",ROUND((X21*H21),0)) -> 24429272 | AB21: =+IF(X21="no cotiza","no cotiza",ROUND((X21*I21),0)) -> 69797920 | AC21: =+IF('Cotización4. '!K27="","no cotiza",'Cotización4. '!K27) -> 2998179.7 | AD21: =+IF(AC21="no cotiza","no cotiza",ROUND((AC21*(1+J21)),0)) -> 3567834 | AE21: =+IF(AD21="no cotiza","no cotiza",ROUND((AD21*F21),0)) -> 3567834 | AF21: =+IF(AD21="no cotiza","no cotiza",ROUND((AD21*G21),0)) -> 42814008 | AG21: =+IF(AD21="no cotiza","no cotiza",ROUND((AD21*H21),0)) -> 24974838 | AH21: =+IF(AD21="no cotiza","no cotiza",ROUND((AD21*I21),0)) -> 71356680 | AJ21: =+IF('Cot5. Contrato3341-2022'!K27="","no aplica",'Cot5. Contrato3341-2022'!K27) -> no aplica | AK21: =+IF(AJ21="no aplica","no aplica",ROUND((AJ21*(1+J21)),0)) -> no aplica | AL21: =+IF(AK21="no aplica","no aplica",ROUND((AK21*F21),0)) -> no aplica | AM21: =+IF(AK21="no aplica","no aplica",ROUND((AK21*G21),0)) -> no aplica | AN21: =+IF(AK21="no aplica","no aplica",ROUND((AK21*H21),0)) -> no aplica | AO21: =+IF(AK21="no aplica","no aplica",ROUND((AK21*I21),0)) -> no aplica | AR21: =IFERROR(ROUND(GEOMEAN(K21,Q21,W21,AC21,AJ21),0),"") -> 2981864 | AS21: =+IF(AR21="no cotiza","no cotiza",ROUND((AR21*(1+J21)),0)) -> 3548418 | AT21: =+IF(AS21="no cotiza","no cotiza",ROUND((AS21*F21),0)) -> 3548418 | AU21: =+IF(AS21="no cotiza","no cotiza",ROUND((AS21*G21),0)) -> 42581016 | AV21: =+IF(AS21="no cotiza","no cotiza",ROUND((AS21*H21),0)) -> 24838926 | AW21: =+IF(AS21="no cotiza","no cotiza",ROUND((AS21*I21),0)) -> 70968360
B22: 1.15 | C22: Renovación 11100 licencias ISE Essentials (ISE-SEC-SUB) | D22: Servicio | E22: 1 | F22: Valor total del servicio de la renovación por 20 meses: | J22: 0.19 | K22: =+IF('Cotización1.'!K28="","no cotiza",'Cotización1.'!K28) -> 82278658 | P22: =+IF(K22="no cotiza","no cotiza",ROUND((K22*(1+J22)),0)) -> 97911603 | Q22: =+IF('Cotización2.'!K28="","no cotiza",'Cotización2.'!K28) -> 81307436 | V22: =+IF(Q22="no cotiza","no cotiza",ROUND((Q22*(1+J22)),0)) -> 96755849 | W22: =+IF('Cotizacion3. '!K28="","no cotiza",'Cotizacion3. '!K28) -> 79994526 | AB22: =+IF(W22="no cotiza","no cotiza",ROUND((W22*(1+J22)),0)) -> 95193486 | AC22: =+IF('Cotización4. '!K28="","no cotiza",'Cotización4. '!K28) -> 81781004 | AH22: =+IF(AC22="no cotiza","no cotiza",ROUND((AC22*(1+J22)),0)) -> 97319395 | AJ22: =+IF('Cot5. Contrato3341-2022'!K28="","no aplica",'Cot5. Contrato3341-2022'!K28) -> no aplica | AK22: =+IF(AJ22="no aplica","no aplica",ROUND((AJ22*(1+J22)),0)) -> no aplica | AL22: =+IF(AK22="no aplica","no aplica",ROUND((AK22*F22),0)) -> no aplica | AM22: =+IF(AK22="no aplica","no aplica",ROUND((AK22*G22),0)) -> no aplica | AN22: =+IF(AK22="no aplica","no aplica",ROUND((AK22*H22),0)) -> no aplica | AO22: =+IF(AK22="no aplica","no aplica",ROUND((AK22*I22),0)) -> no aplica | AR22: =IFERROR(ROUND(GEOMEAN(K22,Q22,W22,AC22,AJ22),0),"") -> 81335950 | AS22: =AT22/20 -> 4839489 | AT22: =+AW22 -> 96789781 | AW22: =+IF(AR22="no cotiza","no cotiza",ROUND((AR22*(1+J22)),0)) -> 96789781
B23: SUBTOTAL TABLA 1: Actualización de software, licenciamiento y soporte del fabricante para equipos LAN y UC grupo1: 7*24 SUBTOTAL ACTUALIZACIÓN DE SOFTWARE, LICENCIAMIENTO Y SOPORTE DE FABRICANTE | P23: =SUM(P8:P22) -> 2325221767 | V23: =SUM(V8:V22) -> 2297774736 | AB23: =SUM(AB8:AB22) -> 2260671487 | AH23: =SUM(AH8:AH22) -> 2311157906 | AO23: =SUM(AO8:AO22) -> 854554396 | AW23: =SUM(AW8:AW22) -> 2107058827
B24: TABLA 2: Soporte y mantenimiento local del proponente para equipos LAN y UC del GRUPO 1: 7x24 | Q24: TABLA 2: Soporte y mantenimiento local del proponente para equipos LAN y UC del GRUPO 1: 7x24 | W24: TABLA 2: Soporte y mantenimiento local del proponente para equipos LAN y UC del GRUPO 1: 7x24 | AC24: TABLA 2: Soporte y mantenimiento local del proponente para equipos LAN y UC del GRUPO 1: 7x24
K25: Cotización 1. | Q25: Cotización2. | W25: Cotización3. | AC25: Cotización4. | AJ25: CONTRATO ACTUAL | AR25: MEDIA GEOMÉTRICA
B26: ÍTEM | C26: Descripción | D26: Unidad de Medida | E26: Cantidad equipos x modelo | F26: Vigencia (meses) 2024 | G26: Vigencia(meses) 2025 | H26: Vigencia (meses) 2026 | I26: TOTAL (meses) REQUERIDOS | J26: Tarifa IVA (%) | K26: VALOR UNITARIO MENSUAL ANTES DE IVA | L26: VALOR UNITARIO MENSUAL INCLUIDO IVA | M26: Valor mensual Iva incluido x número de meses vigencia 2024 | N26: Valor mensual Iva incluido x número de meses vigencia 2025 | O26: Valor mensual Iva incluido x número de meses vigencia 2026 | P26: VALOR TOTAL (VALOR MENSUAL INCLUIDO IVA x NUMEROS TOTAL DE MESES) | Q26: VALOR UNITARIO MENSUAL ANTES DE IVA | R26: VALOR UNITARIO MENSUAL INCLUIDO IVA | S26: Valor mensual Iva incluido x número de meses vigencia 2024 | T26: Valor mensual Iva incluido x número de meses vigencia 2025 | U26: Valor mensual Iva incluido x número de meses vigencia 2026 | V26: VALOR TOTAL (VALOR MENSUAL INCLUIDO IVA x NUMEROS TOTAL DE MESES) | W26: VALOR UNITARIO MENSUAL ANTES DE IVA | X26: VALOR UNITARIO MENSUAL INCLUIDO IVA | Y26: Valor mensual Iva incluido x número de meses vigencia 2024 | Z26: Valor mensual Iva incluido x número de meses vigencia 2025 | AA26: Valor mensual Iva incluido x número de meses vigencia 2026 | AB26: VALOR TOTAL (VALOR MENSUAL INCLUIDO IVA x NUMEROS TOTAL DE MESES) | AC26: VALOR UNITARIO MENSUAL ANTES DE IVA | AD26: VALOR UNITARIO MENSUAL INCLUIDO IVA | AE26: Valor mensual Iva incluido x número de meses vigencia 2024 | AF26: Valor mensual Iva incluido x número de meses vigencia 2025 | AG26: Valor mensual Iva incluido x número de meses vigencia 2026 | AH26: VALOR TOTAL (VALOR MENSUAL INCLUIDO IVA x NUMEROS TOTAL DE MESES) | AJ26: VALOR UNITARIO MENSUAL ANTES DE IVA | AK26: VALOR UNITARIO MENSUAL INCLUIDO IVA | AL26: Valor mensual Iva incluido x número de meses vigencia 2024 | AM26: Valor mensual Iva incluido x número de meses vigencia 2025 | AN26: Valor mensual Iva incluido x número de meses vigencia 2026 | AO26: VALOR TOTAL (VALOR MENSUAL INCLUIDO IVA x NUMEROS TOTAL DE MESES) | AR26: VALOR UNITARIO MENSUAL ANTES DE IVA | AS26: VALOR UNITARIO MENSUAL INCLUIDO IVA | AT26: Valor mensual Iva incluido x número de meses vigencia 2024 | AU26: Valor mensual Iva incluido x número de meses vigencia 2025 | AV26: Valor mensual Iva incluido x número de meses vigencia 2026 | AW26: VALOR TOTAL (VALOR MENSUAL INCLUIDO IVA x NUMEROS TOTAL DE MESES)
B27: 2.1 | C27: N77-C7706 = Switches de Core (EOL NO DEFINIDO) | D27: Mes | E27: 4 | F27: 1 | G27: 12 | H27: 7 | I27: 20 | J27: 0.19 | K27: =+IF('Cotización1.'!K32="","no cotiza",'Cotización1.'!K32) -> 10141718 | L27: =+IF(K27="no cotiza","no cotiza",ROUND((K27*(1+J27)),0)) -> 12068645 | M27: =+IF(L27="no cotiza","no cotiza",ROUND((L27*F27),0)) -> 12068645 | N27: =+IF(L27="no cotiza","no cotiza",ROUND((L27*G27),0)) -> 144823740 | O27: =+IF(L27="no cotiza","no cotiza",ROUND((L27*H27),0)) -> 84480515 | P27: =+IF(L27="no cotiza","no cotiza",ROUND((L27*I27),0)) -> 241372900 | Q27: =+IF('Cotización2.'!K32="","no cotiza",'Cotización2.'!K32) -> 10022005 | R27: =+IF(Q27="no cotiza","no cotiza",ROUND((Q27*(1+J27)),0)) -> 11926186 | S27: =+IF(R27="no cotiza","no cotiza",ROUND((R27*F27),0)) -> 11926186 | T27: =+IF(R27="no cotiza","no cotiza",ROUND((R27*G27),0)) -> 143114232 | U27: =+IF(R27="no cotiza","no cotiza",ROUND((R27*H27),0)) -> 83483302 | V27: =+IF(R27="no cotiza","no cotiza",ROUND((R27*I27),0)) -> 238523720 | W27: =+IF('Cotizacion3. '!K32="","no cotiza",'Cotizacion3. '!K32) -> 9860174.9 | X27: =+IF(W27="no cotiza","no cotiza",ROUND((W27*(1+J27)),0)) -> 11733608 | Y27: =+IF(X27="no cotiza","no cotiza",ROUND((X27*F27),0)) -> 11733608 | Z27: =+IF(X27="no cotiza","no cotiza",ROUND((X27*G27),0)) -> 140803296 | AA27: =+IF(X27="no cotiza","no cotiza",ROUND((X27*H27),0)) -> 82135256 | AB27: =+IF(X27="no cotiza","no cotiza",ROUND((X27*I27),0)) -> 234672160 | AC27: =+IF('Cotización4. '!K32="","no cotiza",'Cotización4. '!K32) -> 10080377 | AD27: =+IF(AC27="no cotiza","no cotiza",ROUND((AC27*(1+J27)),0)) -> 11995649 | AE27: =+IF(AD27="no cotiza","no cotiza",ROUND((AD27*F27),0)) -> 11995649 | AF27: =+IF(AD27="no cotiza","no cotiza",ROUND((AD27*G27),0)) -> 143947788 | AG27: =+IF(AD27="no cotiza","no cotiza",ROUND((AD27*H27),0)) -> 83969543 | AH27: =+IF(AD27="no cotiza","no cotiza",ROUND((AD27*I27),0)) -> 239912980 | AJ27: =+IF('Cot5. Contrato3341-2022'!K32="","no aplica",'Cot5. Contrato3341-2022'!K32) -> 2838333 | AK27: =+IF(AJ27="no aplica","no aplica",ROUND((AJ27*(1+J27)),0)) -> 3377616 | AL27: =+IF(AK27="no aplica","no aplica",ROUND((AK27*F27),0)) -> 3377616 | AM27: =+IF(AK27="no aplica","no aplica",ROUND((AK27*G27),0)) -> 40531392 | AN27: =+IF(AK27="no aplica","no aplica",ROUND((AK27*H27),0)) -> 23643312 | AO27: =+IF(AK27="no aplica","no aplica",ROUND((AK27*I27),0)) -> 67552320 | AR27: =IFERROR(ROUND(GEOMEAN(K27,Q27,W27,AC27,AJ27),0),"") -> 7789296 | AS27: =+IF(AR27="no cotiza","no cotiza",ROUND((AR27*(1+J27)),0)) -> 9269262 | AT27: =+IF(AS27="no cotiza","no cotiza",ROUND((AS27*F27),0)) -> 9269262 | AU27: =+IF(AS27="no cotiza","no cotiza",ROUND((AS27*G27),0)) -> 111231144 | AV27: =+IF(AS27="no cotiza","no cotiza",ROUND((AS27*H27),0)) -> 64884834 | AW27: =+IF(AS27="no cotiza","no cotiza",ROUND((AS27*I27),0)) -> 185385240
B28: 2.2 | C28: WS-C4500X-40X-ES = (EOL October 31, 2025) | D28: Mes | E28: 4 | F28: 1 | G28: 10 | H28: 0 | I28: 11 | J28: 0.19 | K28: =+IF('Cotización1.'!K33="","no cotiza",'Cotización1.'!K33) -> 3300375.5 | L28: =+IF(K28="no cotiza","no cotiza",ROUND((K28*(1+J28)),0)) -> 3927447 | M28: =+IF(L28="no cotiza","no cotiza",ROUND((L28*F28),0)) -> 3927447 | N28: =+IF(L28="no cotiza","no cotiza",ROUND((L28*G28),0)) -> 39274470 | O28: =+IF(L28="no cotiza","no cotiza",ROUND((L28*H28),0)) -> 0 | P28: =+IF(L28="no cotiza","no cotiza",ROUND((L28*I28),0)) -> 43201917 | Q28: =+IF('Cotización2.'!K33="","no cotiza",'Cotización2.'!K33) -> 3261417.7 | R28: =+IF(Q28="no cotiza","no cotiza",ROUND((Q28*(1+J28)),0)) -> 3881087 | S28: =+IF(R28="no cotiza","no cotiza",ROUND((R28*F28),0)) -> 3881087 | T28: =+IF(R28="no cotiza","no cotiza",ROUND((R28*G28),0)) -> 38810870 | U28: =+IF(R28="no cotiza","no cotiza",ROUND((R28*H28),0)) -> 0 | V28: =+IF(R28="no cotiza","no cotiza",ROUND((R28*I28),0)) -> 42691957 | W28: =+IF('Cotizacion3. '!K33="","no cotiza",'Cotizacion3. '!K33) -> 3208754 | X28: =+IF(W28="no cotiza","no cotiza",ROUND((W28*(1+J28)),0)) -> 3818417 | Y28: =+IF(X28="no cotiza","no cotiza",ROUND((X28*F28),0)) -> 3818417 | Z28: =+IF(X28="no cotiza","no cotiza",ROUND((X28*G28),0)) -> 38184170 | AA28: =+IF(X28="no cotiza","no cotiza",ROUND((X28*H28),0)) -> 0 | AB28: =+IF(X28="no cotiza","no cotiza",ROUND((X28*I28),0)) -> 42002587 | AC28: =+IF('Cotización4. '!K33="","no cotiza",'Cotización4. '!K33) -> 3280413.5 | AD28: =+IF(AC28="no cotiza","no cotiza",ROUND((AC28*(1+J28)),0)) -> 3903692 | AE28: =+IF(AD28="no cotiza","no cotiza",ROUND((AD28*F28),0)) -> 3903692 | AF28: =+IF(AD28="no cotiza","no cotiza",ROUND((AD28*G28),0)) -> 39036920 | AG28: =+IF(AD28="no cotiza","no cotiza",ROUND((AD28*H28),0)) -> 0 | AH28: =+IF(AD28="no cotiza","no cotiza",ROUND((AD28*I28),0)) -> 42940612 | AJ28: =+IF('Cot5. Contrato3341-2022'!K33="","no aplica",'Cot5. Contrato3341-2022'!K33) -> 1006783 | AK28: =+IF(AJ28="no aplica","no aplica",ROUND((AJ28*(1+J28)),0)) -> 1198072 | AL28: =+IF(AK28="no aplica","no aplica",ROUND((AK28*F28),0)) -> 1198072 | AM28: =+IF(AK28="no aplica","no aplica",ROUND((AK28*G28),0)) -> 11980720 | AN28: =+IF(AK28="no aplica","no aplica",ROUND((AK28*H28),0)) -> 0 | AO28: =+IF(AK28="no aplica","no aplica",ROUND((AK28*I28),0)) -> 13178792 | AR28: =IFERROR(ROUND(GEOMEAN(K28,Q28,W28,AC28,AJ28),0),"") -> 2578898 | AS28: =+IF(AR28="no cotiza","no cotiza",ROUND((AR28*(1+J28)),0)) -> 3068889 | AT28: =+IF(AS28="no cotiza","no cotiza",ROUND((AS28*F28),0)) -> 3068889 | AU28: =+IF(AS28="no cotiza","no cotiza",ROUND((AS28*G28),0)) -> 30688890 | AV28: =+IF(AS28="no cotiza","no cotiza",ROUND((AS28*H28),0)) -> 0 | AW28: =+IF(AS28="no cotiza","no cotiza",ROUND((AS28*I28),0)) -> 33757779
B29: 2.3 | C29: WS-C2960XR-48LPD-I = (EOL 31 de octubre de 2027) | D29: Mes | E29: 2 | F29: 1 | G29: 12 | H29: 7 | I29: 20 | J29: 0.19 | K29: =+IF('Cotización1.'!K34="","no cotiza",'Cotización1.'!K34) -> 265701.51 | L29: =+IF(K29="no cotiza","no cotiza",ROUND((K29*(1+J29)),0)) -> 316185 | M29: =+IF(L29="no cotiza","no cotiza",ROUND((L29*F29),0)) -> 316185 | N29: =+IF(L29="no cotiza","no cotiza",ROUND((L29*G29),0)) -> 3794220 | O29: =+IF(L29="no cotiza","no cotiza",ROUND((L29*H29),0)) -> 2213295 | P29: =+IF(L29="no cotiza","no cotiza",ROUND((L29*I29),0)) -> 6323700 | Q29: =+IF('Cotización2.'!K34="","no cotiza",'Cotización2.'!K34) -> 262565.16 | R29: =+IF(Q29="no cotiza","no cotiza",ROUND((Q29*(1+J29)),0)) -> 312453 | S29: =+IF(R29="no cotiza","no cotiza",ROUND((R29*F29),0)) -> 312453 | T29: =+IF(R29="no cotiza","no cotiza",ROUND((R29*G29),0)) -> 3749436 | U29: =+IF(R29="no cotiza","no cotiza",ROUND((R29*H29),0)) -> 2187171 | V29: =+IF(R29="no cotiza","no cotiza",ROUND((R29*I29),0)) -> 6249060 | W29: =+IF('Cotizacion3. '!K34="","no cotiza",'Cotizacion3. '!K34) -> 258325.39 | X29: =+IF(W29="no cotiza","no cotiza",ROUND((W29*(1+J29)),0)) -> 307407 | Y29: =+IF(X29="no cotiza","no cotiza",ROUND((X29*F29),0)) -> 307407 | Z29: =+IF(X29="no cotiza","no cotiza",ROUND((X29*G29),0)) -> 3688884 | AA29: =+IF(X29="no cotiza","no cotiza",ROUND((X29*H29),0)) -> 2151849 | AB29: =+IF(X29="no cotiza","no cotiza",ROUND((X29*I29),0)) -> 6148140 | AC29: =+IF('Cotización4. '!K34="","no cotiza",'Cotización4. '!K34) -> 264094.45 | AD29: =+IF(AC29="no cotiza","no cotiza",ROUND((AC29*(1+J29)),0)) -> 314272 | AE29: =+IF(AD29="no cotiza","no cotiza",ROUND((AD29*F29),0)) -> 314272 | AF29: =+IF(AD29="no cotiza","no cotiza",ROUND((AD29*G29),0)) -> 3771264 | AG29: =+IF(AD29="no cotiza","no cotiza",ROUND((AD29*H29),0)) -> 2199904 | AH29: =+IF(AD29="no cotiza","no cotiza",ROUND((AD29*I29),0)) -> 6285440 | AJ29: =+IF('Cot5. Contrato3341-2022'!K34="","no aplica",'Cot5. Contrato3341-2022'!K34) -> 86578 | AK29: =+IF(AJ29="no aplica","no aplica",ROUND((AJ29*(1+J29)),0)) -> 103028 | AL29: =+IF(AK29="no aplica","no aplica",ROUND((AK29*F29),0)) -> 103028 | AM29: =+IF(AK29="no aplica","no aplica",ROUND((AK29*G29),0)) -> 1236336 | AN29: =+IF(AK29="no aplica","no aplica",ROUND((AK29*H29),0)) -> 721196 | AO29: =+IF(AK29="no aplica","no aplica",ROUND((AK29*I29),0)) -> 2060560 | AR29: =IFERROR(ROUND(GEOMEAN(K29,Q29,W29,AC29,AJ29),0),"") -> 210374 | AS29: =+IF(AR29="no cotiza","no cotiza",ROUND((AR29*(1+J29)),0)) -> 250345 | AT29: =+IF(AS29="no cotiza","no cotiza",ROUND((AS29*F29),0)) -> 250345 | AU29: =+IF(AS29="no cotiza","no cotiza",ROUND((AS29*G29),0)) -> 3004140 | AV29: =+IF(AS29="no cotiza","no cotiza",ROUND((AS29*H29),0)) -> 1752415 | AW29: =+IF(AS29="no cotiza","no cotiza",ROUND((AS29*I29),0)) -> 5006900
B30: 2.4 | C30: WS-C2960X-48FPD-L = (EOL 31 de octubre de 2027) | D30: Mes | E30: 6 | F30: 1 | G30: 12 | H30: 7 | I30: 20 | J30: 0.19 | K30: =+IF('Cotización1.'!K35="","no cotiza",'Cotización1.'!K35) -> 607823.05 | L30: =+IF(K30="no cotiza","no cotiza",ROUND((K30*(1+J30)),0)) -> 723309 | M30: =+IF(L30="no cotiza","no cotiza",ROUND((L30*F30),0)) -> 723309 | N30: =+IF(L30="no cotiza","no cotiza",ROUND((L30*G30),0)) -> 8679708 | O30: =+IF(L30="no cotiza","no cotiza",ROUND((L30*H30),0)) -> 5063163 | P30: =+IF(L30="no cotiza","no cotiza",ROUND((L30*I30),0)) -> 14466180 | Q30: =+IF('Cotización2.'!K35="","no cotiza",'Cotización2.'!K35) -> 600648.27 | R30: =+IF(Q30="no cotiza","no cotiza",ROUND((Q30*(1+J30)),0)) -> 714771 | S30: =+IF(R30="no cotiza","no cotiza",ROUND((R30*F30),0)) -> 714771 | T30: =+IF(R30="no cotiza","no cotiza",ROUND((R30*G30),0)) -> 8577252 | U30: =+IF(R30="no cotiza","no cotiza",ROUND((R30*H30),0)) -> 5003397 | V30: =+IF(R30="no cotiza","no cotiza",ROUND((R30*I30),0)) -> 14295420 | W30: =+IF('Cotizacion3. '!K35="","no cotiza",'Cotizacion3. '!K35) -> 590949.32 | X30: =+IF(W30="no cotiza","no cotiza",ROUND((W30*(1+J30)),0)) -> 703230 | Y30: =+IF(X30="no cotiza","no cotiza",ROUND((X30*F30),0)) -> 703230 | Z30: =+IF(X30="no cotiza","no cotiza",ROUND((X30*G30),0)) -> 8438760 | AA30: =+IF(X30="no cotiza","no cotiza",ROUND((X30*H30),0)) -> 4922610 | AB30: =+IF(X30="no cotiza","no cotiza",ROUND((X30*I30),0)) -> 14064600 | AC30: =+IF('Cotización4. '!K35="","no cotiza",'Cotización4. '!K35) -> 604146.69 | AD30: =+IF(AC30="no cotiza","no cotiza",ROUND((AC30*(1+J30)),0)) -> 718935 | AE30: =+IF(AD30="no cotiza","no cotiza",ROUND((AD30*F30),0)) -> 718935 | AF30: =+IF(AD30="no cotiza","no cotiza",ROUND((AD30*G30),0)) -> 8627220 | AG30: =+IF(AD30="no cotiza","no cotiza",ROUND((AD30*H30),0)) -> 5032545 | AH30: =+IF(AD30="no cotiza","no cotiza",ROUND((AD30*I30),0)) -> 14378700 | AJ30: =+IF('Cot5. Contrato3341-2022'!K35="","no aplica",'Cot5. Contrato3341-2022'!K35) -> 166909 | AK30: =+IF(AJ30="no aplica","no aplica",ROUND((AJ30*(1+J30)),0)) -> 198622 | AL30: =+IF(AK30="no aplica","no aplica",ROUND((AK30*F30),0)) -> 198622 | AM30: =+IF(AK30="no aplica","no aplica",ROUND((AK30*G30),0)) -> 2383464 | AN30: =+IF(AK30="no aplica","no aplica",ROUND((AK30*H30),0)) -> 1390354 | AO30: =+IF(AK30="no aplica","no aplica",ROUND((AK30*I30),0)) -> 3972440 | AR30: =IFERROR(ROUND(GEOMEAN(K30,Q30,W30,AC30,AJ30),0),"") -> 465065 | AS30: =+IF(AR30="no cotiza","no cotiza",ROUND((AR30*(1+J30)),0)) -> 553427 | AT30: =+IF(AS30="no cotiza","no cotiza",ROUND((AS30*F30),0)) -> 553427 | AU30: =+IF(AS30="no cotiza","no cotiza",ROUND((AS30*G30),0)) -> 6641124 | AV30: =+IF(AS30="no cotiza","no cotiza",ROUND((AS30*H30),0)) -> 3873989 | AW30: =+IF(AS30="no cotiza","no cotiza",ROUND((AS30*I30),0)) -> 11068540
B31: 2.5 | C31: WS-C3850-12XS = (EOL October 31, 2025) | D31: Mes | E31: 2 | F31: 1 | G31: 10 | H31: 0 | I31: 11 | J31: 0.19 | K31: =+IF('Cotización1.'!K36="","no cotiza",'Cotización1.'!K36) -> 748241.49 | L31: =+IF(K31="no cotiza","no cotiza",ROUND((K31*(1+J31)),0)) -> 890407 | M31: =+IF(L31="no cotiza","no cotiza",ROUND((L31*F31),0)) -> 890407 | N31: =+IF(L31="no cotiza","no cotiza",ROUND((L31*G31),0)) -> 8904070 | O31: =+IF(L31="no cotiza","no cotiza",ROUND((L31*H31),0)) -> 0 | P31: =+IF(L31="no cotiza","no cotiza",ROUND((L31*I31),0)) -> 9794477 | Q31: =+IF('Cotización2.'!K36="","no cotiza",'Cotización2.'!K36) -> 739409.21 | R31: =+IF(Q31="no cotiza","no cotiza",ROUND((Q31*(1+J31)),0)) -> 879897 | S31: =+IF(R31="no cotiza","no cotiza",ROUND((R31*F31),0)) -> 879897 | T31: =+IF(R31="no cotiza","no cotiza",ROUND((R31*G31),0)) -> 8798970 | U31: =+IF(R31="no cotiza","no cotiza",ROUND((R31*H31),0)) -> 0 | V31: =+IF(R31="no cotiza","no cotiza",ROUND((R31*I31),0)) -> 9678867 | W31: =+IF('Cotizacion3. '!K36="","no cotiza",'Cotizacion3. '!K36) -> 727469.61 | X31: =+IF(W31="no cotiza","no cotiza",ROUND((W31*(1+J31)),0)) -> 865689 | Y31: =+IF(X31="no cotiza","no cotiza",ROUND((X31*F31),0)) -> 865689 | Z31: =+IF(X31="no cotiza","no cotiza",ROUND((X31*G31),0)) -> 8656890 | AA31: =+IF(X31="no cotiza","no cotiza",ROUND((X31*H31),0)) -> 0 | AB31: =+IF(X31="no cotiza","no cotiza",ROUND((X31*I31),0)) -> 9522579 | AC31: =+IF('Cotización4. '!K36="","no cotiza",'Cotización4. '!K36) -> 743715.83 | AD31: =+IF(AC31="no cotiza","no cotiza",ROUND((AC31*(1+J31)),0)) -> 885022 | AE31: =+IF(AD31="no cotiza","no cotiza",ROUND((AD31*F31),0)) -> 885022 | AF31: =+IF(AD31="no cotiza","no cotiza",ROUND((AD31*G31),0)) -> 8850220 | AG31: =+IF(AD31="no cotiza","no cotiza",ROUND((AD31*H31),0)) -> 0 | AH31: =+IF(AD31="no cotiza","no cotiza",ROUND((AD31*I31),0)) -> 9735242 | AJ31: =+IF('Cot5. Contrato3341-2022'!K36="","no aplica",'Cot5. Contrato3341-2022'!K36) -> 147978 | AK31: =+IF(AJ31="no aplica","no aplica",ROUND((AJ31*(1+J31)),0)) -> 176094 | AL31: =+IF(AK31="no aplica","no aplica",ROUND((AK31*F31),0)) -> 176094 | AM31: =+IF(AK31="no aplica","no aplica",ROUND((AK31*G31),0)) -> 1760940 | AN31: =+IF(AK31="no aplica","no aplica",ROUND((AK31*H31),0)) -> 0 | AO31: =+IF(AK31="no aplica","no aplica",ROUND((AK31*I31),0)) -> 1937034 | AR31: =IFERROR(ROUND(GEOMEAN(K31,Q31,W31,AC31,AJ31),0),"") -> 536129 | AS31: =+IF(AR31="no cotiza","no cotiza",ROUND((AR31*(1+J31)),0)) -> 637994 | AT31: =+IF(AS31="no cotiza","no cotiza",ROUND((AS31*F31),0)) -> 637994 | AU31: =+IF(AS31="no cotiza","no cotiza",ROUND((AS31*G31),0)) -> 6379940 | AV31: =+IF(AS31="no cotiza","no cotiza",ROUND((AS31*H31),0)) -> 0 | AW31: =+IF(AS31="no cotiza","no cotiza",ROUND((AS31*I31),0)) -> 7017934
B32: 2.6 | C32: UCS C240 M6SX (EOL NO DEFINIDO) | D32: Mes | E32: 2 | F32: 0 | G32: 0 | H32: 7 | I32: 7 | J32: 0.19 | K32: =+IF('Cotización1.'!K37="","no cotiza",'Cotización1.'!K37) -> 267402.73 | L32: =+IF(K32="no cotiza","no cotiza",ROUND((K32*(1+J32)),0)) -> 318209 | M32: =+IF(L32="no cotiza","no cotiza",ROUND((L32*F32),0)) -> 0 | N32: =+IF(L32="no cotiza","no cotiza",ROUND((L32*G32),0)) -> 0 | O32: =+IF(L32="no cotiza","no cotiza",ROUND((L32*H32),0)) -> 2227463 | P32: =+IF(L32="no cotiza","no cotiza",ROUND((L32*I32),0)) -> 2227463 | Q32: =+IF('Cotización2.'!K37="","no cotiza",'Cotización2.'!K37) -> 264246.3 | R32: =+IF(Q32="no cotiza","no cotiza",ROUND((Q32*(1+J32)),0)) -> 314453 | S32: =+IF(R32="no cotiza","no cotiza",ROUND((R32*F32),0)) -> 0 | T32: =+IF(R32="no cotiza","no cotiza",ROUND((R32*G32),0)) -> 0 | U32: =+IF(R32="no cotiza","no cotiza",ROUND((R32*H32),0)) -> 2201171 | V32: =+IF(R32="no cotiza","no cotiza",ROUND((R32*I32),0)) -> 2201171 | W32: =+IF('Cotizacion3. '!K37="","no cotiza",'Cotizacion3. '!K37) -> 259979.39 | X32: =+IF(W32="no cotiza","no cotiza",ROUND((W32*(1+J32)),0)) -> 309375 | Y32: =+IF(X32="no cotiza","no cotiza",ROUND((X32*F32),0)) -> 0 | Z32: =+IF(X32="no cotiza","no cotiza",ROUND((X32*G32),0)) -> 0 | AA32: =+IF(X32="no cotiza","no cotiza",ROUND((X32*H32),0)) -> 2165625 | AB32: =+IF(X32="no cotiza","no cotiza",ROUND((X32*I32),0)) -> 2165625 | AC32: =+IF('Cotización4. '!K37="","no cotiza",'Cotización4. '!K37) -> 265785.38 | AD32: =+IF(AC32="no cotiza","no cotiza",ROUND((AC32*(1+J32)),0)) -> 316285 | AE32: =+IF(AD32="no cotiza","no cotiza",ROUND((AD32*F32),0)) -> 0 | AF32: =+IF(AD32="no cotiza","no cotiza",ROUND((AD32*G32),0)) -> 0 | AG32: =+IF(AD32="no cotiza","no cotiza",ROUND((AD32*H32),0)) -> 2213995 | AH32: =+IF(AD32="no cotiza","no cotiza",ROUND((AD32*I32),0)) -> 2213995 | AJ32: =+IF('Cot5. Contrato3341-2022'!K37="","no aplica",'Cot5. Contrato3341-2022'!K37) -> no aplica | AK32: =+IF(AJ32="no aplica","no aplica",ROUND((AJ32*(1+J32)),0)) -> no aplica | AL32: =+IF(AK32="no aplica","no aplica",ROUND((AK32*F32),0)) -> no aplica | AM32: =+IF(AK32="no aplica","no aplica",ROUND((AK32*G32),0)) -> no aplica | AN32: =+IF(AK32="no aplica","no aplica",ROUND((AK32*H32),0)) -> no aplica | AO32: =+IF(AK32="no aplica","no aplica",ROUND((AK32*I32),0)) -> no aplica | AR32: =IFERROR(ROUND(GEOMEAN(K32,Q32,W32,AC32,AJ32),0),"") -> 264339 | AS32: =+IF(AR32="no cotiza","no cotiza",ROUND((AR32*(1+J32)),0)) -> 314563 | AT32: =+IF(AS32="no cotiza","no cotiza",ROUND((AS32*F32),0)) -> 0 | AU32: =+IF(AS32="no cotiza","no cotiza",ROUND((AS32*G32),0)) -> 0 | AV32: =+IF(AS32="no cotiza","no cotiza",ROUND((AS32*H32),0)) -> 2201941 | AW32: =+IF(AS32="no cotiza","no cotiza",ROUND((AS32*I32),0)) -> 2201941
B33: 2.7 | C33: N9K-C9364C en funcionalidad SPINE (EOL NO DEFINIDO) | D33: Mes | E33: 2 | F33: 1 | G33: 12 | H33: 7 | I33: 20 | J33: 0.19 | K33: =+IF('Cotización1.'!K38="","no cotiza",'Cotización1.'!K38) -> 934197.15 | L33: =+IF(K33="no cotiza","no cotiza",ROUND((K33*(1+J33)),0)) -> 1111695 | M33: =+IF(L33="no cotiza","no cotiza",ROUND((L33*F33),0)) -> 1111695 | N33: =+IF(L33="no cotiza","no cotiza",ROUND((L33*G33),0)) -> 13340340 | O33: =+IF(L33="no cotiza","no cotiza",ROUND((L33*H33),0)) -> 7781865 | P33: =+IF(L33="no cotiza","no cotiza",ROUND((L33*I33),0)) -> 22233900 | Q33: =+IF('Cotización2.'!K38="","no cotiza",'Cotización2.'!K38) -> 923169.84 | R33: =+IF(Q33="no cotiza","no cotiza",ROUND((Q33*(1+J33)),0)) -> 1098572 | S33: =+IF(R33="no cotiza","no cotiza",ROUND((R33*F33),0)) -> 1098572 | T33: =+IF(R33="no cotiza","no cotiza",ROUND((R33*G33),0)) -> 13182864 | U33: =+IF(R33="no cotiza","no cotiza",ROUND((R33*H33),0)) -> 7690004 | V33: =+IF(R33="no cotiza","no cotiza",ROUND((R33*I33),0)) -> 21971440 | W33: =+IF('Cotizacion3. '!K38="","no cotiza",'Cotizacion3. '!K38) -> 908262.97 | X33: =+IF(W33="no cotiza","no cotiza",ROUND((W33*(1+J33)),0)) -> 1080833 | Y33: =+IF(X33="no cotiza","no cotiza",ROUND((X33*F33),0)) -> 1080833 | Z33: =+IF(X33="no cotiza","no cotiza",ROUND((X33*G33),0)) -> 12969996 | AA33: =+IF(X33="no cotiza","no cotiza",ROUND((X33*H33),0)) -> 7565831 | AB33: =+IF(X33="no cotiza","no cotiza",ROUND((X33*I33),0)) -> 21616660 | AC33: =+IF('Cotización4. '!K38="","no cotiza",'Cotización4. '!K38) -> 928546.76 | AD33: =+IF(AC33="no cotiza","no cotiza",ROUND((AC33*(1+J33)),0)) -> 1104971 | AE33: =+IF(AD33="no cotiza","no cotiza",ROUND((AD33*F33),0)) -> 1104971 | AF33: =+IF(AD33="no cotiza","no cotiza",ROUND((AD33*G33),0)) -> 13259652 | AG33: =+IF(AD33="no cotiza","no cotiza",ROUND((AD33*H33),0)) -> 7734797 | AH33: =+IF(AD33="no cotiza","no cotiza",ROUND((AD33*I33),0)) -> 22099420 | AJ33: =+IF('Cot5. Contrato3341-2022'!K38="","no aplica",'Cot5. Contrato3341-2022'!K38) -> 294544 | AK33: =+IF(AJ33="no aplica","no aplica",ROUND((AJ33*(1+J33)),0)) -> 350507 | AL33: =+IF(AK33="no aplica","no aplica",ROUND((AK33*F33),0)) -> 350507 | AM33: =+IF(AK33="no aplica","no aplica",ROUND((AK33*G33),0)) -> 4206084 | AN33: =+IF(AK33="no aplica","no aplica",ROUND((AK33*H33),0)) -> 2453549 | AO33: =+IF(AK33="no aplica","no aplica",ROUND((AK33*I33),0)) -> 7010140 | AR33: =IFERROR(ROUND(GEOMEAN(K33,Q33,W33,AC33,AJ33),0),"") -> 734814 | AS33: =+IF(AR33="no cotiza","no cotiza",ROUND((AR33*(1+J33)),0)) -> 874429 | AT33: =+IF(AS33="no cotiza","no cotiza",ROUND((AS33*F33),0)) -> 874429 | AU33: =+IF(AS33="no cotiza","no cotiza",ROUND((AS33*G33),0)) -> 10493148 | AV33: =+IF(AS33="no cotiza","no cotiza",ROUND((AS33*H33),0)) -> 6121003 | AW33: =+IF(AS33="no cotiza","no cotiza",ROUND((AS33*I33),0)) -> 17488580
B34: 2.8 | C34: N9K-C9348GC-FXP en funcionalidad LEAF (EOL 28 de febrero de 2026) | D34: Mes | E34: 4 | F34: 1 | G34: 12 | H34: 2 | I34: 15 | J34: 0.19 | K34: =+IF('Cotización1.'!K39="","no cotiza",'Cotización1.'!K39) -> 542058.83 | L34: =+IF(K34="no cotiza","no cotiza",ROUND((K34*(1+J34)),0)) -> 645050 | M34: =+IF(L34="no cotiza","no cotiza",ROUND((L34*F34),0)) -> 645050 | N34: =+IF(L34="no cotiza","no cotiza",ROUND((L34*G34),0)) -> 7740600 | O34: =+IF(L34="no cotiza","no cotiza",ROUND((L34*H34),0)) -> 1290100 | P34: =+IF(L34="no cotiza","no cotiza",ROUND((L34*I34),0)) -> 9675750 | Q34: =+IF('Cotización2.'!K39="","no cotiza",'Cotización2.'!K39) -> 535660.34 | R34: =+IF(Q34="no cotiza","no cotiza",ROUND((Q34*(1+J34)),0)) -> 637436 | S34: =+IF(R34="no cotiza","no cotiza",ROUND((R34*F34),0)) -> 637436 | T34: =+IF(R34="no cotiza","no cotiza",ROUND((R34*G34),0)) -> 7649232 | U34: =+IF(R34="no cotiza","no cotiza",ROUND((R34*H34),0)) -> 1274872 | V34: =+IF(R34="no cotiza","no cotiza",ROUND((R34*I34),0)) -> 9561540 | W34: =+IF('Cotizacion3. '!K39="","no cotiza",'Cotizacion3. '!K39) -> 527010.78 | X34: =+IF(W34="no cotiza","no cotiza",ROUND((W34*(1+J34)),0)) -> 627143 | Y34: =+IF(X34="no cotiza","no cotiza",ROUND((X34*F34),0)) -> 627143 | Z34: =+IF(X34="no cotiza","no cotiza",ROUND((X34*G34),0)) -> 7525716 | AA34: =+IF(X34="no cotiza","no cotiza",ROUND((X34*H34),0)) -> 1254286 | AB34: =+IF(X34="no cotiza","no cotiza",ROUND((X34*I34),0)) -> 9407145 | AC34: =+IF('Cotización4. '!K39="","no cotiza",'Cotización4. '!K39) -> 538780.25 | AD34: =+IF(AC34="no cotiza","no cotiza",ROUND((AC34*(1+J34)),0)) -> 641148 | AE34: =+IF(AD34="no cotiza","no cotiza",ROUND((AD34*F34),0)) -> 641148 | AF34: =+IF(AD34="no cotiza","no cotiza",ROUND((AD34*G34),0)) -> 7693776 | AG34: =+IF(AD34="no cotiza","no cotiza",ROUND((AD34*H34),0)) -> 1282296 | AH34: =+IF(AD34="no cotiza","no cotiza",ROUND((AD34*I34),0)) -> 9617220 | AJ34: =+IF('Cot5. Contrato3341-2022'!K39="","no aplica",'Cot5. Contrato3341-2022'!K39) -> 157651 | AK34: =+IF(AJ34="no aplica","no aplica",ROUND((AJ34*(1+J34)),0)) -> 187605 | AL34: =+IF(AK34="no aplica","no aplica",ROUND((AK34*F34),0)) -> 187605 | AM34: =+IF(AK34="no aplica","no aplica",ROUND((AK34*G34),0)) -> 2251260 | AN34: =+IF(AK34="no aplica","no aplica",ROUND((AK34*H34),0)) -> 375210 | AO34: =+IF(AK34="no aplica","no aplica",ROUND((AK34*I34),0)) -> 2814075 | AR34: =IFERROR(ROUND(GEOMEAN(K34,Q34,W34,AC34,AJ34),0),"") -> 419539 | AS34: =+IF(AR34="no cotiza","no cotiza",ROUND((AR34*(1+J34)),0)) -> 499251 | AT34: =+IF(AS34="no cotiza","no cotiza",ROUND((AS34*F34),0)) -> 499251 | AU34: =+IF(AS34="no cotiza","no cotiza",ROUND((AS34*G34),0)) -> 5991012 | AV34: =+IF(AS34="no cotiza","no cotiza",ROUND((AS34*H34),0)) -> 998502 | AW34: =+IF(AS34="no cotiza","no cotiza",ROUND((AS34*I34),0)) -> 7488765
B35: 2.9 | C35: N9K-C93180YC-EX en funcionalidad LEAF (EOL 28 de febrero de 2026) | D35: Mes | E35: 4 | F35: 1 | G35: 12 | H35: 2 | I35: 15 | J35: 0.19 | K35: =+IF('Cotización1.'!K40="","no cotiza",'Cotización1.'!K40) -> 955053.37 | L35: =+IF(K35="no cotiza","no cotiza",ROUND((K35*(1+J35)),0)) -> 1136514 | M35: =+IF(L35="no cotiza","no cotiza",ROUND((L35*F35),0)) -> 1136514 | N35: =+IF(L35="no cotiza","no cotiza",ROUND((L35*G35),0)) -> 13638168 | O35: =+IF(L35="no cotiza","no cotiza",ROUND((L35*H35),0)) -> 2273028 | P35: =+IF(L35="no cotiza","no cotiza",ROUND((L35*I35),0)) -> 17047710 | Q35: =+IF('Cotización2.'!K40="","no cotiza",'Cotización2.'!K40) -> 943779.87 | R35: =+IF(Q35="no cotiza","no cotiza",ROUND((Q35*(1+J35)),0)) -> 1123098 | S35: =+IF(R35="no cotiza","no cotiza",ROUND((R35*F35),0)) -> 1123098 | T35: =+IF(R35="no cotiza","no cotiza",ROUND((R35*G35),0)) -> 13477176 | U35: =+IF(R35="no cotiza","no cotiza",ROUND((R35*H35),0)) -> 2246196 | V35: =+IF(R35="no cotiza","no cotiza",ROUND((R35*I35),0)) -> 16846470 | W35: =+IF('Cotizacion3. '!K40="","no cotiza",'Cotizacion3. '!K40) -> 928540.2 | X35: =+IF(W35="no cotiza","no cotiza",ROUND((W35*(1+J35)),0)) -> 1104963 | Y35: =+IF(X35="no cotiza","no cotiza",ROUND((X35*F35),0)) -> 1104963 | Z35: =+IF(X35="no cotiza","no cotiza",ROUND((X35*G35),0)) -> 13259556 | AA35: =+IF(X35="no cotiza","no cotiza",ROUND((X35*H35),0)) -> 2209926 | AB35: =+IF(X35="no cotiza","no cotiza",ROUND((X35*I35),0)) -> 16574445 | AC35: =+IF('Cotización4. '!K40="","no cotiza",'Cotización4. '!K40) -> 949276.82 | AD35: =+IF(AC35="no cotiza","no cotiza",ROUND((AC35*(1+J35)),0)) -> 1129639 | AE35: =+IF(AD35="no cotiza","no cotiza",ROUND((AD35*F35),0)) -> 1129639 | AF35: =+IF(AD35="no cotiza","no cotiza",ROUND((AD35*G35),0)) -> 13555668 | AG35: =+IF(AD35="no cotiza","no cotiza",ROUND((AD35*H35),0)) -> 2259278 | AH35: =+IF(AD35="no cotiza","no cotiza",ROUND((AD35*I35),0)) -> 16944585 | AJ35: =+IF('Cot5. Contrato3341-2022'!K40="","no aplica",'Cot5. Contrato3341-2022'!K40) -> 280762 | AK35: =+IF(AJ35="no aplica","no aplica",ROUND((AJ35*(1+J35)),0)) -> 334107 | AL35: =+IF(AK35="no aplica","no aplica",ROUND((AK35*F35),0)) -> 334107 | AM35: =+IF(AK35="no aplica","no aplica",ROUND((AK35*G35),0)) -> 4009284 | AN35: =+IF(AK35="no aplica","no aplica",ROUND((AK35*H35),0)) -> 668214 | AO35: =+IF(AK35="no aplica","no aplica",ROUND((AK35*I35),0)) -> 5011605 | AR35: =IFERROR(ROUND(GEOMEAN(K35,Q35,W35,AC35,AJ35),0),"") -> 740775 | AS35: =+IF(AR35="no cotiza","no cotiza",ROUND((AR35*(1+J35)),0)) -> 881522 | AT35: =+IF(AS35="no cotiza","no cotiza",ROUND((AS35*F35),0)) -> 881522 | AU35: =+IF(AS35="no cotiza","no cotiza",ROUND((AS35*G35),0)) -> 10578264 | AV35: =+IF(AS35="no cotiza","no cotiza",ROUND((AS35*H35),0)) -> 1763044 | AW35: =+IF(AS35="no cotiza","no cotiza",ROUND((AS35*I35),0)) -> 13222830
B36: 2.10 | C36: Cisco Firepower 2130 NGFW Appliance (EOL NO DEFINIDO) | D36: Mes | E36: 2 | F36: 1 | G36: 12 | H36: 7 | I36: 20 | J36: 0.19 | K36: =+IF('Cotización1.'!K41="","no cotiza",'Cotización1.'!K41) -> 1275958.4 | L36: =+IF(K36="no cotiza","no cotiza",ROUND((K36*(1+J36)),0)) -> 1518391 | M36: =+IF(L36="no cotiza","no cotiza",ROUND((L36*F36),0)) -> 1518391 | N36: =+IF(L36="no cotiza","no cotiza",ROUND((L36*G36),0)) -> 18220692 | O36: =+IF(L36="no cotiza","no cotiza",ROUND((L36*H36),0)) -> 10628737 | P36: =+IF(L36="no cotiza","no cotiza",ROUND((L36*I36),0)) -> 30367820 | Q36: =+IF('Cotización2.'!K41="","no cotiza",'Cotización2.'!K41) -> 1260896.9 | R36: =+IF(Q36="no cotiza","no cotiza",ROUND((Q36*(1+J36)),0)) -> 1500467 | S36: =+IF(R36="no cotiza","no cotiza",ROUND((R36*F36),0)) -> 1500467 | T36: =+IF(R36="no cotiza","no cotiza",ROUND((R36*G36),0)) -> 18005604 | U36: =+IF(R36="no cotiza","no cotiza",ROUND((R36*H36),0)) -> 10503269 | V36: =+IF(R36="no cotiza","no cotiza",ROUND((R36*I36),0)) -> 30009340 | W36: =+IF('Cotizacion3. '!K41="","no cotiza",'Cotizacion3. '!K41) -> 1240536.6 | X36: =+IF(W36="no cotiza","no cotiza",ROUND((W36*(1+J36)),0)) -> 1476239 | Y36: =+IF(X36="no cotiza","no cotiza",ROUND((X36*F36),0)) -> 1476239 | Z36: =+IF(X36="no cotiza","no cotiza",ROUND((X36*G36),0)) -> 17714868 | AA36: =+IF(X36="no cotiza","no cotiza",ROUND((X36*H36),0)) -> 10333673 | AB36: =+IF(X36="no cotiza","no cotiza",ROUND((X36*I36),0)) -> 29524780 | AC36: =+IF('Cotización4. '!K41="","no cotiza",'Cotización4. '!K41) -> 1268240.9 | AD36: =+IF(AC36="no cotiza","no cotiza",ROUND((AC36*(1+J36)),0)) -> 1509207 | AE36: =+IF(AD36="no cotiza","no cotiza",ROUND((AD36*F36),0)) -> 1509207 | AF36: =+IF(AD36="no cotiza","no cotiza",ROUND((AD36*G36),0)) -> 18110484 | AG36: =+IF(AD36="no cotiza","no cotiza",ROUND((AD36*H36),0)) -> 10564449 | AH36: =+IF(AD36="no cotiza","no cotiza",ROUND((AD36*I36),0)) -> 30184140 | AJ36: =+IF('Cot5. Contrato3341-2022'!K41="","no aplica",'Cot5. Contrato3341-2022'!K41) -> 332032 | AK36: =+IF(AJ36="no aplica","no aplica",ROUND((AJ36*(1+J36)),0)) -> 395118 | AL36: =+IF(AK36="no aplica","no aplica",ROUND((AK36*F36),0)) -> 395118 | AM36: =+IF(AK36="no aplica","no aplica",ROUND((AK36*G36),0)) -> 4741416 | AN36: =+IF(AK36="no aplica","no aplica",ROUND((AK36*H36),0)) -> 2765826 | AO36: =+IF(AK36="no aplica","no aplica",ROUND((AK36*I36),0)) -> 7902360 | AR36: =IFERROR(ROUND(GEOMEAN(K36,Q36,W36,AC36,AJ36),0),"") -> 965832 | AS36: =+IF(AR36="no cotiza","no cotiza",ROUND((AR36*(1+J36)),0)) -> 1149340 | AT36: =+IF(AS36="no cotiza","no cotiza",ROUND((AS36*F36),0)) -> 1149340 | AU36: =+IF(AS36="no cotiza","no cotiza",ROUND((AS36*G36),0)) -> 13792080 | AV36: =+IF(AS36="no cotiza","no cotiza",ROUND((AS36*H36),0)) -> 8045380 | AW36: =+IF(AS36="no cotiza","no cotiza",ROUND((AS36*I36),0)) -> 22986800
B37: 2.11 | C37: Cisco C9500-24Y4C ( EOL NO DEFINIDO ) | D37: Mes | E37: 4 | F37: 1 | G37: 12 | H37: 7 | I37: 20 | J37: 0.19 | K37: =+IF('Cotización1.'!K42="","no cotiza",'Cotización1.'!K42) -> 1099611.3 | L37: =+IF(K37="no cotiza","no cotiza",ROUND((K37*(1+J37)),0)) -> 1308537 | M37: =+IF(L37="no cotiza","no cotiza",ROUND((L37*F37),0)) -> 1308537 | N37: =+IF(L37="no cotiza","no cotiza",ROUND((L37*G37),0)) -> 15702444 | O37: =+IF(L37="no cotiza","no cotiza",ROUND((L37*H37),0)) -> 9159759 | P37: =+IF(L37="no cotiza","no cotiza",ROUND((L37*I37),0)) -> 26170740 | Q37: =+IF('Cotización2.'!K42="","no cotiza",'Cotización2.'!K42) -> 1086631.4 | R37: =+IF(Q37="no cotiza","no cotiza",ROUND((Q37*(1+J37)),0)) -> 1293091 | S37: =+IF(R37="no cotiza","no cotiza",ROUND((R37*F37),0)) -> 1293091 | T37: =+IF(R37="no cotiza","no cotiza",ROUND((R37*G37),0)) -> 15517092 | U37: =+IF(R37="no cotiza","no cotiza",ROUND((R37*H37),0)) -> 9051637 | V37: =+IF(R37="no cotiza","no cotiza",ROUND((R37*I37),0)) -> 25861820 | W37: =+IF('Cotizacion3. '!K42="","no cotiza",'Cotizacion3. '!K42) -> 1069085.1 | X37: =+IF(W37="no cotiza","no cotiza",ROUND((W37*(1+J37)),0)) -> 1272211 | Y37: =+IF(X37="no cotiza","no cotiza",ROUND((X37*F37),0)) -> 1272211 | Z37: =+IF(X37="no cotiza","no cotiza",ROUND((X37*G37),0)) -> 15266532 | AA37: =+IF(X37="no cotiza","no cotiza",ROUND((X37*H37),0)) -> 8905477 | AB37: =+IF(X37="no cotiza","no cotiza",ROUND((X37*I37),0)) -> 25444220 | AC37: =+IF('Cotización4. '!K42="","no cotiza",'Cotización4. '!K42) -> 1092960.4 | AD37: =+IF(AC37="no cotiza","no cotiza",ROUND((AC37*(1+J37)),0)) -> 1300623 | AE37: =+IF(AD37="no cotiza","no cotiza",ROUND((AD37*F37),0)) -> 1300623 | AF37: =+IF(AD37="no cotiza","no cotiza",ROUND((AD37*G37),0)) -> 15607476 | AG37: =+IF(AD37="no cotiza","no cotiza",ROUND((AD37*H37),0)) -> 9104361 | AH37: =+IF(AD37="no cotiza","no cotiza",ROUND((AD37*I37),0)) -> 26012460 | AJ37: =+IF('Cot5. Contrato3341-2022'!K42="","no aplica",'Cot5. Contrato3341-2022'!K42) -> 515005 | AK37: =+IF(AJ37="no aplica","no aplica",ROUND((AJ37*(1+J37)),0)) -> 612856 | AL37: =+IF(AK37="no aplica","no aplica",ROUND((AK37*F37),0)) -> 612856 | AM37: =+IF(AK37="no aplica","no aplica",ROUND((AK37*G37),0)) -> 7354272 | AN37: =+IF(AK37="no aplica","no aplica",ROUND((AK37*H37),0)) -> 4289992 | AO37: =+IF(AK37="no aplica","no aplica",ROUND((AK37*I37),0)) -> 12257120 | AR37: =IFERROR(ROUND(GEOMEAN(K37,Q37,W37,AC37,AJ37),0),"") -> 936160 | AS37: =+IF(AR37="no cotiza","no cotiza",ROUND((AR37*(1+J37)),0)) -> 1114030 | AT37: =+IF(AS37="no cotiza","no cotiza",ROUND((AS37*F37),0)) -> 1114030 | AU37: =+IF(AS37="no cotiza","no cotiza",ROUND((AS37*G37),0)) -> 13368360 | AV37: =+IF(AS37="no cotiza","no cotiza",ROUND((AS37*H37),0)) -> 7798210 | AW37: =+IF(AS37="no cotiza","no cotiza",ROUND((AS37*I37),0)) -> 22280600
B38: 2.12 | C38: Cisco C9200L-48T-4X-E ( Eol NO DEFINIDO ) | D38: Mes | E38: 8 | F38: 1 | G38: 12 | H38: 7 | I38: 20 | J38: 0.19 | K38: =+IF('Cotización1.'!K43="","no cotiza",'Cotización1.'!K43) -> 473655.81 | L38: =+IF(K38="no cotiza","no cotiza",ROUND((K38*(1+J38)),0)) -> 563650 | M38: =+IF(L38="no cotiza","no cotiza",ROUND((L38*F38),0)) -> 563650 | N38: =+IF(L38="no cotiza","no cotiza",ROUND((L38*G38),0)) -> 6763800 | O38: =+IF(L38="no cotiza","no cotiza",ROUND((L38*H38),0)) -> 3945550 | P38: =+IF(L38="no cotiza","no cotiza",ROUND((L38*I38),0)) -> 11273000 | Q38: =+IF('Cotización2.'!K43="","no cotiza",'Cotización2.'!K43) -> 468064.76 | R38: =+IF(Q38="no cotiza","no cotiza",ROUND((Q38*(1+J38)),0)) -> 556997 | S38: =+IF(R38="no cotiza","no cotiza",ROUND((R38*F38),0)) -> 556997 | T38: =+IF(R38="no cotiza","no cotiza",ROUND((R38*G38),0)) -> 6683964 | U38: =+IF(R38="no cotiza","no cotiza",ROUND((R38*H38),0)) -> 3898979 | V38: =+IF(R38="no cotiza","no cotiza",ROUND((R38*I38),0)) -> 11139940 | W38: =+IF('Cotizacion3. '!K43="","no cotiza",'Cotizacion3. '!K43) -> 460506.69 | X38: =+IF(W38="no cotiza","no cotiza",ROUND((W38*(1+J38)),0)) -> 548003 | Y38: =+IF(X38="no cotiza","no cotiza",ROUND((X38*F38),0)) -> 548003 | Z38: =+IF(X38="no cotiza","no cotiza",ROUND((X38*G38),0)) -> 6576036 | AA38: =+IF(X38="no cotiza","no cotiza",ROUND((X38*H38),0)) -> 3836021 | AB38: =+IF(X38="no cotiza","no cotiza",ROUND((X38*I38),0)) -> 10960060 | AC38: =+IF('Cotización4. '!K43="","no cotiza",'Cotización4. '!K43) -> 470790.96 | AD38: =+IF(AC38="no cotiza","no cotiza",ROUND((AC38*(1+J38)),0)) -> 560241 | AE38: =+IF(AD38="no cotiza","no cotiza",ROUND((AD38*F38),0)) -> 560241 | AF38: =+IF(AD38="no cotiza","no cotiza",ROUND((AD38*G38),0)) -> 6722892 | AG38: =+IF(AD38="no cotiza","no cotiza",ROUND((AD38*H38),0)) -> 3921687 | AH38: =+IF(AD38="no cotiza","no cotiza",ROUND((AD38*I38),0)) -> 11204820 | AJ38: =+IF('Cot5. Contrato3341-2022'!K43="","no aplica",'Cot5. Contrato3341-2022'!K43) -> 221353 | AK38: =+IF(AJ38="no aplica","no aplica",ROUND((AJ38*(1+J38)),0)) -> 263410 | AL38: =+IF(AK38="no aplica","no aplica",ROUND((AK38*F38),0)) -> 263410 | AM38: =+IF(AK38="no aplica","no aplica",ROUND((AK38*G38),0)) -> 3160920 | AN38: =+IF(AK38="no aplica","no aplica",ROUND((AK38*H38),0)) -> 1843870 | AO38: =+IF(AK38="no aplica","no aplica",ROUND((AK38*I38),0)) -> 5268200 | AR38: =IFERROR(ROUND(GEOMEAN(K38,Q38,W38,AC38,AJ38),0),"") -> 403073 | AS38: =+IF(AR38="no cotiza","no cotiza",ROUND((AR38*(1+J38)),0)) -> 479657 | AT38: =+IF(AS38="no cotiza","no cotiza",ROUND((AS38*F38),0)) -> 479657 | AU38: =+IF(AS38="no cotiza","no cotiza",ROUND((AS38*G38),0)) -> 5755884 | AV38: =+IF(AS38="no cotiza","no cotiza",ROUND((AS38*H38),0)) -> 3357599 | AW38: =+IF(AS38="no cotiza","no cotiza",ROUND((AS38*I38),0)) -> 9593140
... B41: 2.15 | C41: Soporte para renovación 11100 licencias ISE Essentials (ISE-SEC-SUB) | D41: Mes | E41: 1 | F41: 1 | G41: 12 | H41: 7 | I41: 20 | J41: 0.19 | K41: =+IF('Cotización1.'!K46="","no cotiza",'Cotización1.'!K46) -> 1098813 | L41: =+IF(K41="no cotiza","no cotiza",ROUND((K41*(1+J41)),0)) -> 1307587 | M41: =+IF(L41="no cotiza","no cotiza",ROUND((L41*F41),0)) -> 1307587 | N41: =+IF(L41="no cotiza","no cotiza",ROUND((L41*G41),0)) -> 15691044 | O41: =+IF(L41="no cotiza","no cotiza",ROUND((L41*H41),0)) -> 9153109 | P41: =+IF(L41="no cotiza","no cotiza",ROUND((L41*I41),0)) -> 26151740 | Q41: =+IF('Cotización2.'!K46="","no cotiza",'Cotización2.'!K46) -> 1085842.5 | R41: =+IF(Q41="no cotiza","no cotiza",ROUND((Q41*(1+J41)),0)) -> 1292153 | S41: =+IF(R41="no cotiza","no cotiza",ROUND((R41*F41),0)) -> 1292153 | T41: =+IF(R41="no cotiza","no cotiza",ROUND((R41*G41),0)) -> 15505836 | U41: =+IF(R41="no cotiza","no cotiza",ROUND((R41*H41),0)) -> 9045071 | V41: =+IF(R41="no cotiza","no cotiza",ROUND((R41*I41),0)) -> 25843060 | W41: =+IF('Cotizacion3. '!K46="","no cotiza",'Cotizacion3. '!K46) -> 1068308.9 | X41: =+IF(W41="no cotiza","no cotiza",ROUND((W41*(1+J41)),0)) -> 1271288 | Y41: =+IF(X41="no cotiza","no cotiza",ROUND((X41*F41),0)) -> 1271288 | Z41: =+IF(X41="no cotiza","no cotiza",ROUND((X41*G41),0)) -> 15255456 | AA41: =+IF(X41="no cotiza","no cotiza",ROUND((X41*H41),0)) -> 8899016 | AB41: =+IF(X41="no cotiza","no cotiza",ROUND((X41*I41),0)) -> 25425760 | AC41: =+IF('Cotización4. '!K46="","no cotiza",'Cotización4. '!K46) -> 1092166.9 | AD41: =+IF(AC41="no cotiza","no cotiza",ROUND((AC41*(1+J41)),0)) -> 1299679 | AE41: =+IF(AD41="no cotiza","no cotiza",ROUND((AD41*F41),0)) -> 1299679 | AF41: =+IF(AD41="no cotiza","no cotiza",ROUND((AD41*G41),0)) -> 15596148 | AG41: =+IF(AD41="no cotiza","no cotiza",ROUND((AD41*H41),0)) -> 9097753 | AH41: =+IF(AD41="no cotiza","no cotiza",ROUND((AD41*I41),0)) -> 25993580 | AJ41: =+IF('Cot5. Contrato3341-2022'!K46="","no aplica",'Cot5. Contrato3341-2022'!K46) -> no aplica | AK41: =+IF(AJ41="no aplica","no aplica",ROUND((AJ41*(1+J41)),0)) -> no aplica | AL41: =+IF(AK41="no aplica","no aplica",ROUND((AK41*F41),0)) -> no aplica | AM41: =+IF(AK41="no aplica","no aplica",ROUND((AK41*G41),0)) -> no aplica | AN41: =+IF(AK41="no aplica","no aplica",ROUND((AK41*H41),0)) -> no aplica | AO41: =+IF(AK41="no aplica","no aplica",ROUND((AK41*I41),0)) -> no aplica | AR41: =IFERROR(ROUND(GEOMEAN(K41,Q41,W41,AC41,AJ41),0),"") -> 1086223 | AS41: =+IF(AR41="no cotiza","no cotiza",ROUND((AR41*(1+J41)),0)) -> 1292605 | AT41: =+IF(AS41="no cotiza","no cotiza",ROUND((AS41*F41),0)) -> 1292605 | AU41: =+IF(AS41="no cotiza","no cotiza",ROUND((AS41*G41),0)) -> 15511260 | AV41: =+IF(AS41="no cotiza","no cotiza",ROUND((AS41*H41),0)) -> 9048235 | AW41: =+IF(AS41="no cotiza","no cotiza",ROUND((AS41*I41),0)) -> 25852100
B42: SUBTOTAL TABLA 2: Soporte y mantenimiento local del proponente para equipos LAN y UC del GRUPO 1: 7x24 SUBTOTAL SOPORTE Y MANTENIMIENTO LOCAL PROPONENTE | P42: =SUM(P27:P41) -> 603430977 | V42: =SUM(V27:V41) -> 596308045 | AB42: =SUM(AB27:AB41) -> 586679181 | AH42: =SUM(AH27:AH41) -> 599781194 | AO42: =SUM(AO27:AO41) -> 198471326 | AW42: =SUM(AW27:AW41) -> 486072489
B43: TABLA 3: Actualización de software, licenciamiento y soporte del fabricante para equipos LAN y UC GRUPO 2: 8x5NBD
K44: Cotización 1. | Q44: Cotización2. | W44: Cotización3. | AC44: Cotización4. | AJ44: CONTRATO ACTUAL | AR44: MEDIA GEOMÉTRICA
B45: ÍTEM | C45: Descripción | D45: Unidad de Medida | E45: Cantidad equipos x modelo | F45: Vigencia (meses) 2024 | G45: Vigencia(meses) 2025 | H45: Vigencia (meses) 2026 | I45: TOTAL (meses) REQUERIDOS | J45: Tarifa IVA (%) | K45: VALOR UNITARIO MENSUAL ANTES DE IVA | L45: VALOR UNITARIO MENSUAL INCLUIDO IVA | M45: Valor mensual Iva incluido x número de meses vigencia 2024 | N45: Valor mensual Iva incluido x número de meses vigencia 2025 | O45: Valor mensual Iva incluido x número de meses vigencia 2026 | P45: VALOR TOTAL (VALOR MENSUAL INCLUIDO IVA x NUMEROS TOTAL DE MESES) | Q45: VALOR UNITARIO MENSUAL ANTES DE IVA | R45: VALOR UNITARIO MENSUAL INCLUIDO IVA | S45: Valor mensual Iva incluido x número de meses vigencia 2024 | T45: Valor mensual Iva incluido x número de meses vigencia 2025 | U45: Valor mensual Iva incluido x número de meses vigencia 2026 | V45: VALOR TOTAL (VALOR MENSUAL INCLUIDO IVA x NUMEROS TOTAL DE MESES) | W45: VALOR UNITARIO MENSUAL ANTES DE IVA | X45: VALOR UNITARIO MENSUAL INCLUIDO IVA | Y45: Valor mensual Iva incluido x número de meses vigencia 2024 | Z45: Valor mensual Iva incluido x número de meses vigencia 2025 | AA45: Valor mensual Iva incluido x número de meses vigencia 2026 | AB45: VALOR TOTAL (VALOR MENSUAL INCLUIDO IVA x NUMEROS TOTAL DE MESES) | AC45: VALOR UNITARIO MENSUAL ANTES DE IVA | AD45: VALOR UNITARIO MENSUAL INCLUIDO IVA | AE45: Valor mensual Iva incluido x número de meses vigencia 2024 | AF45: Valor mensual Iva incluido x número de meses vigencia 2025 | AG45: Valor mensual Iva incluido x número de meses vigencia 2026 | AH45: VALOR TOTAL (VALOR MENSUAL INCLUIDO IVA x NUMEROS TOTAL DE MESES) | AJ45: VALOR UNITARIO MENSUAL ANTES DE IVA | AK45: VALOR UNITARIO MENSUAL INCLUIDO IVA | AL45: Valor mensual Iva incluido x número de meses vigencia 2024 | AM45: Valor mensual Iva incluido x número de meses vigencia 2025 | AN45: Valor mensual Iva incluido x número de meses vigencia 2026 | AO45: VALOR TOTAL (VALOR MENSUAL INCLUIDO IVA x NUMEROS TOTAL DE MESES) | AR45: VALOR UNITARIO MENSUAL ANTES DE IVA | AS45: VALOR UNITARIO MENSUAL INCLUIDO IVA | AT45: Valor mensual Iva incluido x número de meses vigencia 2024 | AU45: Valor mensual Iva incluido x número de meses vigencia 2025 | AV45: Valor mensual Iva incluido x número de meses vigencia 2026 | AW45: VALOR TOTAL (VALOR MENSUAL INCLUIDO IVA x NUMEROS TOTAL DE MESES)
B46: 3.1 | C46: WS-C2960X-48FPD-L = Switches de acceso (EOL 31 de octubre de 2027) Servicio Cisco Smartnet 5x8xNBD | D46: Mes | E46: 62 | F46: 1 | G46: 12 | H46: 7 | I46: =F46+G46+H46 -> 20 | J46: 0.19 | K46: =+IF('Cotización1.'!K50="","no cotiza",'Cotización1.'!K50) -> 14702510 | L46: =+IF(K46="no cotiza","no cotiza",ROUND((K46*(1+J46)),0)) -> 17495987 | M46: =+IF(L46="no cotiza","no cotiza",ROUND((L46*F46),0)) -> 17495987 | N46: =+IF(L46="no cotiza","no cotiza",ROUND((L46*G46),0)) -> 209951844 | O46: =+IF(L46="no cotiza","no cotiza",ROUND((L46*H46),0)) -> 122471909 | P46: =+IF(L46="no cotiza","no cotiza",ROUND((L46*I46),0)) -> 349919740 | Q46: =+IF('Cotización2.'!K50="","no cotiza",'Cotización2.'!K50) -> 14528961 | R46: =+IF(Q46="no cotiza","no cotiza",ROUND((Q46*(1+J46)),0)) -> 17289463 | S46: =+IF(R46="no cotiza","no cotiza",ROUND((R46*F46),0)) -> 17289463 | T46: =+IF(R46="no cotiza","no cotiza",ROUND((R46*G46),0)) -> 207473556 | U46: =+IF(R46="no cotiza","no cotiza",ROUND((R46*H46),0)) -> 121026241 | V46: =+IF(R46="no cotiza","no cotiza",ROUND((R46*I46),0)) -> 345789260 | W46: =+IF('Cotizacion3. '!K50="","no cotiza",'Cotizacion3. '!K50) -> 14294355 | X46: =+IF(W46="no cotiza","no cotiza",ROUND((W46*(1+J46)),0)) -> 17010282 | Y46: =+IF(X46="no cotiza","no cotiza",ROUND((X46*F46),0)) -> 17010282 | Z46: =+IF(X46="no cotiza","no cotiza",ROUND((X46*G46),0)) -> 204123384 | AA46: =+IF(X46="no cotiza","no cotiza",ROUND((X46*H46),0)) -> 119071974 | AB46: =+IF(X46="no cotiza","no cotiza",ROUND((X46*I46),0)) -> 340205640 | AC46: =+IF('Cotización4. '!K50="","no cotiza",'Cotización4. '!K50) -> 14613583 | AD46: =+IF(AC46="no cotiza","no cotiza",ROUND((AC46*(1+J46)),0)) -> 17390164 | AE46: =+IF(AD46="no cotiza","no cotiza",ROUND((AD46*F46),0)) -> 17390164 | AF46: =+IF(AD46="no cotiza","no cotiza",ROUND((AD46*G46),0)) -> 208681968 | AG46: =+IF(AD46="no cotiza","no cotiza",ROUND((AD46*H46),0)) -> 121731148 | AH46: =+IF(AD46="no cotiza","no cotiza",ROUND((AD46*I46),0)) -> 347803280 | AJ46: =+IF('Cot5. Contrato3341-2022'!K50="","no aplica",'Cot5. Contrato3341-2022'!K50) -> 8314175 | AK46: =+IF(AJ46="no aplica","no aplica",ROUND((AJ46*(1+J46)),0)) -> 9893868 | AL46: =+IF(AK46="no aplica","no aplica",ROUND((AK46*F46),0)) -> 9893868 | AM46: =+IF(AK46="no aplica","no aplica",ROUND((AK46*G46),0)) -> 118726416 | AN46: =+IF(AK46="no aplica","no aplica",ROUND((AK46*H46),0)) -> 69257076 | AO46: =+IF(AK46="no aplica","no aplica",ROUND((AK46*I46),0)) -> 197877360 | AR46: =IFERROR(ROUND(GEOMEAN(K46,Q46,W46,AC46,AJ46),0),"") -> 12997903 | AS46: =+IF(AR46="no cotiza","no cotiza",ROUND((AR46*(1+J46)),0)) -> 15467505 | AT46: =+IF(AS46="no cotiza","no cotiza",ROUND((AS46*F46),0)) -> 15467505 | AU46: =+IF(AS46="no cotiza","no cotiza",ROUND((AS46*G46),0)) -> 185610060 | AV46: =+IF(AS46="no cotiza","no cotiza",ROUND((AS46*H46),0)) -> 108272535 | AW46: =+IF(AS46="no cotiza","no cotiza",ROUND((AS46*I46),0)) -> 309350100
B47: 3.2 | C47: WS-C2960X-48LPD-L = Switches de acceso (31 de octubre de 2027) Servicio Cisco Smartnet 5x8xNBD | D47: Mes | E47: 11 | F47: 1 | G47: 12 | H47: 7 | I47: =F47+G47+H47 -> 20 | J47: 0.19 | K47: =+IF('Cotización1.'!K51="","no cotiza",'Cotización1.'!K51) -> 2277665 | L47: =+IF(K47="no cotiza","no cotiza",ROUND((K47*(1+J47)),0)) -> 2710421 | M47: =+IF(L47="no cotiza","no cotiza",ROUND((L47*F47),0)) -> 2710421 | N47: =+IF(L47="no cotiza","no cotiza",ROUND((L47*G47),0)) -> 32525052 | O47: =+IF(L47="no cotiza","no cotiza",ROUND((L47*H47),0)) -> 18972947 | P47: =+IF(L47="no cotiza","no cotiza",ROUND((L47*I47),0)) -> 54208420 | Q47: =+IF('Cotización2.'!K51="","no cotiza",'Cotización2.'!K51) -> 2250779.4 | R47: =+IF(Q47="no cotiza","no cotiza",ROUND((Q47*(1+J47)),0)) -> 2678427 | S47: =+IF(R47="no cotiza","no cotiza",ROUND((R47*F47),0)) -> 2678427 | T47: =+IF(R47="no cotiza","no cotiza",ROUND((R47*G47),0)) -> 32141124 | U47: =+IF(R47="no cotiza","no cotiza",ROUND((R47*H47),0)) -> 18748989 | V47: =+IF(R47="no cotiza","no cotiza",ROUND((R47*I47),0)) -> 53568540 | W47: =+IF('Cotizacion3. '!K51="","no cotiza",'Cotizacion3. '!K51) -> 2214434.9 | X47: =+IF(W47="no cotiza","no cotiza",ROUND((W47*(1+J47)),0)) -> 2635178 | Y47: =+IF(X47="no cotiza","no cotiza",ROUND((X47*F47),0)) -> 2635178 | Z47: =+IF(X47="no cotiza","no cotiza",ROUND((X47*G47),0)) -> 31622136 | AA47: =+IF(X47="no cotiza","no cotiza",ROUND((X47*H47),0)) -> 18446246 | AB47: =+IF(X47="no cotiza","no cotiza",ROUND((X47*I47),0)) -> 52703560 | AC47: =+IF('Cotización4. '!K51="","no cotiza",'Cotización4. '!K51) -> 2263888.8 | AD47: =+IF(AC47="no cotiza","no cotiza",ROUND((AC47*(1+J47)),0)) -> 2694028 | AE47: =+IF(AD47="no cotiza","no cotiza",ROUND((AD47*F47),0)) -> 2694028 | AF47: =+IF(AD47="no cotiza","no cotiza",ROUND((AD47*G47),0)) -> 32328336 | AG47: =+IF(AD47="no cotiza","no cotiza",ROUND((AD47*H47),0)) -> 18858196 | AH47: =+IF(AD47="no cotiza","no cotiza",ROUND((AD47*I47),0)) -> 53880560 | AJ47: =+IF('Cot5. Contrato3341-2022'!K51="","no aplica",'Cot5. Contrato3341-2022'!K51) -> 1113020 | AK47: =+IF(AJ47="no aplica","no aplica",ROUND((AJ47*(1+J47)),0)) -> 1324494 | AL47: =+IF(AK47="no aplica","no aplica",ROUND((AK47*F47),0)) -> 1324494 | AM47: =+IF(AK47="no aplica","no aplica",ROUND((AK47*G47),0)) -> 15893928 | AN47: =+IF(AK47="no aplica","no aplica",ROUND((AK47*H47),0)) -> 9271458 | AO47: =+IF(AK47="no aplica","no aplica",ROUND((AK47*I47),0)) -> 26489880 | AR47: =IFERROR(ROUND(GEOMEAN(K47,Q47,W47,AC47,AJ47),0),"") -> 1955639 | AS47: =+IF(AR47="no cotiza","no cotiza",ROUND((AR47*(1+J47)),0)) -> 2327210 | AT47: =+IF(AS47="no cotiza","no cotiza",ROUND((AS47*F47),0)) -> 2327210 | AU47: =+IF(AS47="no cotiza","no cotiza",ROUND((AS47*G47),0)) -> 27926520 | AV47: =+IF(AS47="no cotiza","no cotiza",ROUND((AS47*H47),0)) -> 16290470 | AW47: =+IF(AS47="no cotiza","no cotiza",ROUND((AS47*I47),0)) -> 46544200
B48: 3.3 | C48: WS-C2960XR-48FPD-I = Switches de acceso (EOL 31 de octubre de 2027) Servicio Cisco Smartnet 5x8xNBD | D48: Mes | E48: 20 | F48: 1 | G48: 12 | H48: 7 | I48: =F48+G48+H48 -> 20 | J48: 0.19 | K48: =+IF('Cotización1.'!K52="","no cotiza",'Cotización1.'!K52) -> 6873520.8 | L48: =+IF(K48="no cotiza","no cotiza",ROUND((K48*(1+J48)),0)) -> 8179490 | M48: =+IF(L48="no cotiza","no cotiza",ROUND((L48*F48),0)) -> 8179490 | N48: =+IF(L48="no cotiza","no cotiza",ROUND((L48*G48),0)) -> 98153880 | O48: =+IF(L48="no cotiza","no cotiza",ROUND((L48*H48),0)) -> 57256430 | P48: =+IF(L48="no cotiza","no cotiza",ROUND((L48*I48),0)) -> 163589800 | Q48: =+IF('Cotización2.'!K52="","no cotiza",'Cotización2.'!K52) -> 6792385.4 | R48: =+IF(Q48="no cotiza","no cotiza",ROUND((Q48*(1+J48)),0)) -> 8082939 | S48: =+IF(R48="no cotiza","no cotiza",ROUND((R48*F48),0)) -> 8082939 | T48: =+IF(R48="no cotiza","no cotiza",ROUND((R48*G48),0)) -> 96995268 | U48: =+IF(R48="no cotiza","no cotiza",ROUND((R48*H48),0)) -> 56580573 | V48: =+IF(R48="no cotiza","no cotiza",ROUND((R48*I48),0)) -> 161658780 | W48: =+IF('Cotizacion3. '!K52="","no cotiza",'Cotizacion3. '!K52) -> 6682705.5 | X48: =+IF(W48="no cotiza","no cotiza",ROUND((W48*(1+J48)),0)) -> 7952420 | Y48: =+IF(X48="no cotiza","no cotiza",ROUND((X48*F48),0)) -> 7952420 | Z48: =+IF(X48="no cotiza","no cotiza",ROUND((X48*G48),0)) -> 95429040 | AA48: =+IF(X48="no cotiza","no cotiza",ROUND((X48*H48),0)) -> 55666940 | AB48: =+IF(X48="no cotiza","no cotiza",ROUND((X48*I48),0)) -> 159048400 | AC48: =+IF('Cotización4. '!K52="","no cotiza",'Cotización4. '!K52) -> 6831947.1 | AD48: =+IF(AC48="no cotiza","no cotiza",ROUND((AC48*(1+J48)),0)) -> 8130017 | AE48: =+IF(AD48="no cotiza","no cotiza",ROUND((AD48*F48),0)) -> 8130017 | AF48: =+IF(AD48="no cotiza","no cotiza",ROUND((AD48*G48),0)) -> 97560204 | AG48: =+IF(AD48="no cotiza","no cotiza",ROUND((AD48*H48),0)) -> 56910119 | AH48: =+IF(AD48="no cotiza","no cotiza",ROUND((AD48*I48),0)) -> 162600340 | AJ48: =+IF('Cot5. Contrato3341-2022'!K52="","no aplica",'Cot5. Contrato3341-2022'!K52) -> 3949567 | AK48: =+IF(AJ48="no aplica","no aplica",ROUND((AJ48*(1+J48)),0)) -> 4699985 | AL48: =+IF(AK48="no aplica","no aplica",ROUND((AK48*F48),0)) -> 4699985 | AM48: =+IF(AK48="no aplica","no aplica",ROUND((AK48*G48),0)) -> 56399820 | AN48: =+IF(AK48="no aplica","no aplica",ROUND((AK48*H48),0)) -> 32899895 | AO48: =+IF(AK48="no aplica","no aplica",ROUND((AK48*I48),0)) -> 93999700 | AR48: =IFERROR(ROUND(GEOMEAN(K48,Q48,W48,AC48,AJ48),0),"") -> 6096065 | AS48: =+IF(AR48="no cotiza","no cotiza",ROUND((AR48*(1+J48)),0)) -> 7254317 | AT48: =+IF(AS48="no cotiza","no cotiza",ROUND((AS48*F48),0)) -> 7254317 | AU48: =+IF(AS48="no cotiza","no cotiza",ROUND((AS48*G48),0)) -> 87051804 | AV48: =+IF(AS48="no cotiza","no cotiza",ROUND((AS48*H48),0)) -> 50780219 | AW48: =+IF(AS48="no cotiza","no cotiza",ROUND((AS48*I48),0)) -> 145086340
B49: 3.4 | C49: Teléfono CP-8811-K9 Servicio Cisco Smartnet 5x8xNBD | D49: Mes | E49: 937 | F49: 1 | G49: 11 | H49: 0 | I49: =F49+G49+H49 -> 12 | J49: 0.19 | K49: =+IF('Cotización1.'!K53="","no cotiza",'Cotización1.'!K53) -> 25564009 | L49: =+IF(K49="no cotiza","no cotiza",ROUND((K49*(1+J49)),0)) -> 30421171 | M49: =+IF(L49="no cotiza","no cotiza",ROUND((L49*F49),0)) -> 30421171 | N49: =+IF(L49="no cotiza","no cotiza",ROUND((L49*G49),0)) -> 334632881 | O49: =+IF(L49="no cotiza","no cotiza",ROUND((L49*H49),0)) -> 0 | P49: =+IF(L49="no cotiza","no cotiza",ROUND((L49*I49),0)) -> 365054052 | Q49: =+IF('Cotización2.'!K53="","no cotiza",'Cotización2.'!K53) -> 25262251 | R49: =+IF(Q49="no cotiza","no cotiza",ROUND((Q49*(1+J49)),0)) -> 30062078 | S49: =+IF(R49="no cotiza","no cotiza",ROUND((R49*F49),0)) -> 30062078 | T49: =+IF(R49="no cotiza","no cotiza",ROUND((R49*G49),0)) -> 330682858 | U49: =+IF(R49="no cotiza","no cotiza",ROUND((R49*H49),0)) -> 0 | V49: =+IF(R49="no cotiza","no cotiza",ROUND((R49*I49),0)) -> 360744936 | W49: =+IF('Cotizacion3. '!K53="","no cotiza",'Cotizacion3. '!K53) -> 24854329 | X49: =+IF(W49="no cotiza","no cotiza",ROUND((W49*(1+J49)),0)) -> 29576651 | Y49: =+IF(X49="no cotiza","no cotiza",ROUND((X49*F49),0)) -> 29576651 | Z49: =+IF(X49="no cotiza","no cotiza",ROUND((X49*G49),0)) -> 325343161 | AA49: =+IF(X49="no cotiza","no cotiza",ROUND((X49*H49),0)) -> 0 | AB49: =+IF(X49="no cotiza","no cotiza",ROUND((X49*I49),0)) -> 354919812 | AC49: =+IF('Cotización4. '!K53="","no cotiza",'Cotización4. '!K53) -> 25409388 | AD49: =+IF(AC49="no cotiza","no cotiza",ROUND((AC49*(1+J49)),0)) -> 30237172 | AE49: =+IF(AD49="no cotiza","no cotiza",ROUND((AD49*F49),0)) -> 30237172 | AF49: =+IF(AD49="no cotiza","no cotiza",ROUND((AD49*G49),0)) -> 332608892 | AG49: =+IF(AD49="no cotiza","no cotiza",ROUND((AD49*H49),0)) -> 0 | AH49: =+IF(AD49="no cotiza","no cotiza",ROUND((AD49*I49),0)) -> 362846064 | AJ49: =+IF('Cot5. Contrato3341-2022'!K53="","no aplica",'Cot5. Contrato3341-2022'!K53) -> 7186223 | AK49: =+IF(AJ49="no aplica","no aplica",ROUND((AJ49*(1+J49)),0)) -> 8551605 | AL49: =+IF(AK49="no aplica","no aplica",ROUND((AK49*F49),0)) -> 8551605 | AM49: =+IF(AK49="no aplica","no aplica",ROUND((AK49*G49),0)) -> 94067655 | AN49: =+IF(AK49="no aplica","no aplica",ROUND((AK49*H49),0)) -> 0 | AO49: =+IF(AK49="no aplica","no aplica",ROUND((AK49*I49),0)) -> 102619260 | AR49: =IFERROR(ROUND(GEOMEAN(K49,Q49,W49,AC49,AJ49),0),"") -> 19651676 | AS49: =+IF(AR49="no cotiza","no cotiza",ROUND((AR49*(1+J49)),0)) -> 23385494 | AT49: =+IF(AS49="no cotiza","no cotiza",ROUND((AS49*F49),0)) -> 23385494 | AU49: =+IF(AS49="no cotiza","no cotiza",ROUND((AS49*G49),0)) -> 257240434 | AV49: =+IF(AS49="no cotiza","no cotiza",ROUND((AS49*H49),0)) -> 0 | AW49: =+IF(AS49="no cotiza","no cotiza",ROUND((AS49*I49),0)) -> 280625928
B50: 3.5 | C50: Teléfono CP-8811-K9 (Tesoro) Servicio Cisco Smartnet 5x8xNBD | D50: Mes | E50: 19 | F50: 1 | G50: 12 | H50: 7 | I50: =F50+G50+H50 -> 20 | J50: 0.19 | K50: =+IF('Cotización1.'!K54="","no cotiza",'Cotización1.'!K54) -> 181431 | L50: =+IF(K50="no cotiza","no cotiza",ROUND((K50*(1+J50)),0)) -> 215903 | M50: =+IF(L50="no cotiza","no cotiza",ROUND((L50*F50),0)) -> 215903 | N50: =+IF(L50="no cotiza","no cotiza",ROUND((L50*G50),0)) -> 2590836 | O50: =+IF(L50="no cotiza","no cotiza",ROUND((L50*H50),0)) -> 1511321 | P50: =+IF(L50="no cotiza","no cotiza",ROUND((L50*I50),0)) -> 4318060 | Q50: =+IF('Cotización2.'!K54="","no cotiza",'Cotización2.'!K54) -> 179289.18 | R50: =+IF(Q50="no cotiza","no cotiza",ROUND((Q50*(1+J50)),0)) -> 213354 | S50: =+IF(R50="no cotiza","no cotiza",ROUND((R50*F50),0)) -> 213354 | T50: =+IF(R50="no cotiza","no cotiza",ROUND((R50*G50),0)) -> 2560248 | U50: =+IF(R50="no cotiza","no cotiza",ROUND((R50*H50),0)) -> 1493478 | V50: =+IF(R50="no cotiza","no cotiza",ROUND((R50*I50),0)) -> 4267080 | W50: =+IF('Cotizacion3. '!K54="","no cotiza",'Cotizacion3. '!K54) -> 176394.12 | X50: =+IF(W50="no cotiza","no cotiza",ROUND((W50*(1+J50)),0)) -> 209909 | Y50: =+IF(X50="no cotiza","no cotiza",ROUND((X50*F50),0)) -> 209909 | Z50: =+IF(X50="no cotiza","no cotiza",ROUND((X50*G50),0)) -> 2518908 | AA50: =+IF(X50="no cotiza","no cotiza",ROUND((X50*H50),0)) -> 1469363 | AB50: =+IF(X50="no cotiza","no cotiza",ROUND((X50*I50),0)) -> 4198180 | AC50: =+IF('Cotización4. '!K54="","no cotiza",'Cotización4. '!K54) -> 180333.44 | AD50: =+IF(AC50="no cotiza","no cotiza",ROUND((AC50*(1+J50)),0)) -> 214597 | AE50: =+IF(AD50="no cotiza","no cotiza",ROUND((AD50*F50),0)) -> 214597 | AF50: =+IF(AD50="no cotiza","no cotiza",ROUND((AD50*G50),0)) -> 2575164 | AG50: =+IF(AD50="no cotiza","no cotiza",ROUND((AD50*H50),0)) -> 1502179 | AH50: =+IF(AD50="no cotiza","no cotiza",ROUND((AD50*I50),0)) -> 4291940 | AJ50: =+IF('Cot5. Contrato3341-2022'!K54="","no aplica",'Cot5. Contrato3341-2022'!K54) -> no aplica | AK50: =+IF(AJ50="no aplica","no aplica",ROUND((AJ50*(1+J50)),0)) -> no aplica | AL50: =+IF(AK50="no aplica","no aplica",ROUND((AK50*F50),0)) -> no aplica | AM50: =+IF(AK50="no aplica","no aplica",ROUND((AK50*G50),0)) -> no aplica | AN50: =+IF(AK50="no aplica","no aplica",ROUND((AK50*H50),0)) -> no aplica | AO50: =+IF(AK50="no aplica","no aplica",ROUND((AK50*I50),0)) -> no aplica | AR50: =IFERROR(ROUND(GEOMEAN(K50,Q50,W50,AC50,AJ50),0),"") -> 179352 | AS50: =+IF(AR50="no cotiza","no cotiza",ROUND((AR50*(1+J50)),0)) -> 213429 | AT50: =+IF(AS50="no cotiza","no cotiza",ROUND((AS50*F50),0)) -> 213429 | AU50: =+IF(AS50="no cotiza","no cotiza",ROUND((AS50*G50),0)) -> 2561148 | AV50: =+IF(AS50="no cotiza","no cotiza",ROUND((AS50*H50),0)) -> 1494003 | AW50: =+IF(AS50="no cotiza","no cotiza",ROUND((AS50*I50),0)) -> 4268580
B51: 3.6 | C51: Teléfono cisco de cámara 8865 Servicio Cisco Smartnet 5x8xNBD | D51: Mes | E51: 9 | F51: 1 | G51: 11 | H51: 0 | I51: =F51+G51+H51 -> 12 | J51: 0.19 | K51: =+IF('Cotización1.'!K55="","no cotiza",'Cotización1.'!K55) -> 196898 | L51: =+IF(K51="no cotiza","no cotiza",ROUND((K51*(1+J51)),0)) -> 234309 | M51: =+IF(L51="no cotiza","no cotiza",ROUND((L51*F51),0)) -> 234309 | N51: =+IF(L51="no cotiza","no cotiza",ROUND((L51*G51),0)) -> 2577399 | O51: =+IF(L51="no cotiza","no cotiza",ROUND((L51*H51),0)) -> 0 | P51: =+IF(L51="no cotiza","no cotiza",ROUND((L51*I51),0)) -> 2811708 | Q51: =+IF('Cotización2.'!K55="","no cotiza",'Cotización2.'!K55) -> 194573.86 | R51: =+IF(Q51="no cotiza","no cotiza",ROUND((Q51*(1+J51)),0)) -> 231543 | S51: =+IF(R51="no cotiza","no cotiza",ROUND((R51*F51),0)) -> 231543 | T51: =+IF(R51="no cotiza","no cotiza",ROUND((R51*G51),0)) -> 2546973 | U51: =+IF(R51="no cotiza","no cotiza",ROUND((R51*H51),0)) -> 0 | V51: =+IF(R51="no cotiza","no cotiza",ROUND((R51*I51),0)) -> 2778516 | W51: =+IF('Cotizacion3. '!K55="","no cotiza",'Cotizacion3. '!K55) -> 191431.99 | X51: =+IF(W51="no cotiza","no cotiza",ROUND((W51*(1+J51)),0)) -> 227804 | Y51: =+IF(X51="no cotiza","no cotiza",ROUND((X51*F51),0)) -> 227804 | Z51: =+IF(X51="no cotiza","no cotiza",ROUND((X51*G51),0)) -> 2505844 | AA51: =+IF(X51="no cotiza","no cotiza",ROUND((X51*H51),0)) -> 0 | AB51: =+IF(X51="no cotiza","no cotiza",ROUND((X51*I51),0)) -> 2733648 | AC51: =+IF('Cotización4. '!K55="","no cotiza",'Cotización4. '!K55) -> 195707.14 | AD51: =+IF(AC51="no cotiza","no cotiza",ROUND((AC51*(1+J51)),0)) -> 232891 | AE51: =+IF(AD51="no cotiza","no cotiza",ROUND((AD51*F51),0)) -> 232891 | AF51: =+IF(AD51="no cotiza","no cotiza",ROUND((AD51*G51),0)) -> 2561801 | AG51: =+IF(AD51="no cotiza","no cotiza",ROUND((AD51*H51),0)) -> 0 | AH51: =+IF(AD51="no cotiza","no cotiza",ROUND((AD51*I51),0)) -> 2794692 | AJ51: =+IF('Cot5. Contrato3341-2022'!K55="","no aplica",'Cot5. Contrato3341-2022'!K55) -> no aplica | AK51: =+IF(AJ51="no aplica","no aplica",ROUND((AJ51*(1+J51)),0)) -> no aplica | AL51: =+IF(AK51="no aplica","no aplica",ROUND((AK51*F51),0)) -> no aplica | AM51: =+IF(AK51="no aplica","no aplica",ROUND((AK51*G51),0)) -> no aplica | AN51: =+IF(AK51="no aplica","no aplica",ROUND((AK51*H51),0)) -> no aplica | AO51: =+IF(AK51="no aplica","no aplica",ROUND((AK51*I51),0)) -> no aplica | AR51: =IFERROR(ROUND(GEOMEAN(K51,Q51,W51,AC51,AJ51),0),"") -> 194642 | AS51: =+IF(AR51="no cotiza","no cotiza",ROUND((AR51*(1+J51)),0)) -> 231624 | AT51: =+IF(AS51="no cotiza","no cotiza",ROUND((AS51*F51),0)) -> 231624 | AU51: =+IF(AS51="no cotiza","no cotiza",ROUND((AS51*G51),0)) -> 2547864 | AV51: =+IF(AS51="no cotiza","no cotiza",ROUND((AS51*H51),0)) -> 0 | AW51: =+IF(AS51="no cotiza","no cotiza",ROUND((AS51*I51),0)) -> 2779488
B52: 3.7 | C52: Teléfono cisco de cámara 8865 (Tesoro) Servicio Cisco Smartnet 5x8xNBD | D52: Mes | E52: 1 | F52: 1 | G52: 12 | H52: 7 | I52: =F52+G52+H52 -> 20 | J52: 0.19 | K52: =+IF('Cotización1.'!K56="","no cotiza",'Cotización1.'!K56) -> 7657 | L52: =+IF(K52="no cotiza","no cotiza",ROUND((K52*(1+J52)),0)) -> 9112 | M52: =+IF(L52="no cotiza","no cotiza",ROUND((L52*F52),0)) -> 9112 | N52: =+IF(L52="no cotiza","no cotiza",ROUND((L52*G52),0)) -> 109344 | O52: =+IF(L52="no cotiza","no cotiza",ROUND((L52*H52),0)) -> 63784 | P52: =+IF(L52="no cotiza","no cotiza",ROUND((L52*I52),0)) -> 182240 | Q52: =+IF('Cotización2.'!K56="","no cotiza",'Cotización2.'!K56) -> 7566.7613 | R52: =+IF(Q52="no cotiza","no cotiza",ROUND((Q52*(1+J52)),0)) -> 9004 | S52: =+IF(R52="no cotiza","no cotiza",ROUND((R52*F52),0)) -> 9004 | T52: =+IF(R52="no cotiza","no cotiza",ROUND((R52*G52),0)) -> 108048 | U52: =+IF(R52="no cotiza","no cotiza",ROUND((R52*H52),0)) -> 63028 | V52: =+IF(R52="no cotiza","no cotiza",ROUND((R52*I52),0)) -> 180080 | W52: =+IF('Cotizacion3. '!K56="","no cotiza",'Cotizacion3. '!K56) -> 7444.5772 | X52: =+IF(W52="no cotiza","no cotiza",ROUND((W52*(1+J52)),0)) -> 8859 | Y52: =+IF(X52="no cotiza","no cotiza",ROUND((X52*F52),0)) -> 8859 | Z52: =+IF(X52="no cotiza","no cotiza",ROUND((X52*G52),0)) -> 106308 | AA52: =+IF(X52="no cotiza","no cotiza",ROUND((X52*H52),0)) -> 62013 | AB52: =+IF(X52="no cotiza","no cotiza",ROUND((X52*I52),0)) -> 177180 | AC52: =+IF('Cotización4. '!K56="","no cotiza",'Cotización4. '!K56) -> 7610.8332 | AD52: =+IF(AC52="no cotiza","no cotiza",ROUND((AC52*(1+J52)),0)) -> 9057 | AE52: =+IF(AD52="no cotiza","no cotiza",ROUND((AD52*F52),0)) -> 9057 | AF52: =+IF(AD52="no cotiza","no cotiza",ROUND((AD52*G52),0)) -> 108684 | AG52: =+IF(AD52="no cotiza","no cotiza",ROUND((AD52*H52),0)) -> 63399 | AH52: =+IF(AD52="no cotiza","no cotiza",ROUND((AD52*I52),0)) -> 181140 | AJ52: =+IF('Cot5. Contrato3341-2022'!K56="","no aplica",'Cot5. Contrato3341-2022'!K56) -> no aplica | AK52: =+IF(AJ52="no aplica","no aplica",ROUND((AJ52*(1+J52)),0)) -> no aplica | AL52: =+IF(AK52="no aplica","no aplica",ROUND((AK52*F52),0)) -> no aplica | AM52: =+IF(AK52="no aplica","no aplica",ROUND((AK52*G52),0)) -> no aplica | AN52: =+IF(AK52="no aplica","no aplica",ROUND((AK52*H52),0)) -> no aplica | AO52: =+IF(AK52="no aplica","no aplica",ROUND((AK52*I52),0)) -> no aplica | AR52: =IFERROR(ROUND(GEOMEAN(K52,Q52,W52,AC52,AJ52),0),"") -> 7569 | AS52: =+IF(AR52="no cotiza","no cotiza",ROUND((AR52*(1+J52)),0)) -> 9007 | AT52: =+IF(AS52="no cotiza","no cotiza",ROUND((AS52*F52),0)) -> 9007 | AU52: =+IF(AS52="no cotiza","no cotiza",ROUND((AS52*G52),0)) -> 108084 | AV52: =+IF(AS52="no cotiza","no cotiza",ROUND((AS52*H52),0)) -> 63049 | AW52: =+IF(AS52="no cotiza","no cotiza",ROUND((AS52*I52),0)) -> 180140
B53: SUBTOTAL ACTUALIZACIÓN DE SOFTWARE, LICENCIAMIENTO Y SOPORTE DE FABRICANTE TABLA 3: Actualización de software, licenciamiento y soporte del fabricante para equipos LAN y UC GRUPO 2: 8x5NBD | P53: =SUM(P46:P52) -> 940084020 | V53: =SUM(V46:V52) -> 928987192 | AB53: =SUM(AB46:AB52) -> 913986420 | AH53: =SUM(AH46:AH52) -> 934398016 | AO53: =SUM(AO46:AO52) -> 420986200 | AW53: =SUM(AW46:AW52) -> 788834776
B54: TABLA 4: Soporte y mantenimiento local del proponente para equipos LAN y UC GRUPO 2: 8x5NBD | Q54: TABLA 4: Soporte y mantenimiento local del proponente para equipos LAN y UC GRUPO 2: 8x5NBD | W54: TABLA 4: Soporte y mantenimiento local del proponente para equipos LAN y UC GRUPO 2: 8x5NBD | AC54: TABLA 4: Soporte y mantenimiento local del proponente para equipos LAN y UC GRUPO 2: 8x5NBD
K55: Cotización 1. | Q55: Cotización2. | W55: Cotización3. | AC55: Cotización4. | AJ55: CONTRATO ACTUAL | AR55: MEDIA GEOMÉTRICA
B56: ÍTEM | C56: Descripción | D56: Unidad de Medida | E56: Cantidad equipos x modelo | F56: Vigencia (meses) 2024 | G56: Vigencia(meses) 2025 | H56: Vigencia (meses) 2026 | I56: TOTAL (meses) REQUERIDOS | J56: Tarifa IVA (%) | K56: VALOR UNITARIO MENSUAL ANTES DE IVA | L56: VALOR UNITARIO MENSUAL INCLUIDO IVA | M56: Valor mensual Iva incluido x número de meses vigencia 2024 | N56: Valor mensual Iva incluido x número de meses vigencia 2025 | O56: Valor mensual Iva incluido x número de meses vigencia 2026 | P56: VALOR TOTAL (VALOR MENSUAL INCLUIDO IVA x NUMEROS TOTAL DE MESES) | Q56: VALOR UNITARIO MENSUAL ANTES DE IVA | R56: VALOR UNITARIO MENSUAL INCLUIDO IVA | S56: Valor mensual Iva incluido x número de meses vigencia 2024 | T56: Valor mensual Iva incluido x número de meses vigencia 2025 | U56: Valor mensual Iva incluido x número de meses vigencia 2026 | V56: VALOR TOTAL (VALOR MENSUAL INCLUIDO IVA x NUMEROS TOTAL DE MESES) | W56: VALOR UNITARIO MENSUAL ANTES DE IVA | X56: VALOR UNITARIO MENSUAL INCLUIDO IVA | Y56: Valor mensual Iva incluido x número de meses vigencia 2024 | Z56: Valor mensual Iva incluido x número de meses vigencia 2025 | AA56: Valor mensual Iva incluido x número de meses vigencia 2026 | AB56: VALOR TOTAL (VALOR MENSUAL INCLUIDO IVA x NUMEROS TOTAL DE MESES) | AC56: VALOR UNITARIO MENSUAL ANTES DE IVA | AD56: VALOR UNITARIO MENSUAL INCLUIDO IVA | AE56: Valor mensual Iva incluido x número de meses vigencia 2024 | AF56: Valor mensual Iva incluido x número de meses vigencia 2025 | AG56: Valor mensual Iva incluido x número de meses vigencia 2026 | AH56: VALOR TOTAL (VALOR MENSUAL INCLUIDO IVA x NUMEROS TOTAL DE MESES) | AJ56: VALOR UNITARIO MENSUAL ANTES DE IVA | AK56: VALOR UNITARIO MENSUAL INCLUIDO IVA | AL56: Valor mensual Iva incluido x número de meses vigencia 2024 | AM56: Valor mensual Iva incluido x número de meses vigencia 2025 | AN56: Valor mensual Iva incluido x número de meses vigencia 2026 | AO56: VALOR TOTAL (VALOR MENSUAL INCLUIDO IVA x NUMEROS TOTAL DE MESES) | AR56: VALOR UNITARIO MENSUAL ANTES DE IVA | AS56: VALOR UNITARIO MENSUAL INCLUIDO IVA | AT56: Valor mensual Iva incluido x número de meses vigencia 2024 | AU56: Valor mensual Iva incluido x número de meses vigencia 2025 | AV56: Valor mensual Iva incluido x número de meses vigencia 2026 | AW56: VALOR TOTAL (VALOR MENSUAL INCLUIDO IVA x NUMEROS TOTAL DE MESES)
B57: 4.1 | C57: WS-C2960X-48FPD-L = Switches de acceso (EOL 31 de octubre de 2027) | D57: Mes | E57: 62 | F57: 1 | G57: 12 | H57: 7 | I57: =F57+G57+H57 -> 20 | J57: 0.19 | K57: =+IF('Cotización1.'!K60="","no cotiza",'Cotización1.'!K60) -> 1266765.9 | L57: =+IF(K57="no cotiza","no cotiza",ROUND((K57*(1+J57)),0)) -> 1507451 | M57: =+IF(L57="no cotiza","no cotiza",ROUND((L57*F57),0)) -> 1507451 | N57: =+IF(L57="no cotiza","no cotiza",ROUND((L57*G57),0)) -> 18089412 | O57: =+IF(L57="no cotiza","no cotiza",ROUND((L57*H57),0)) -> 10552157 | P57: =+IF(L57="no cotiza","no cotiza",ROUND((L57*I57),0)) -> 30149020 | Q57: =+IF('Cotización2.'!K60="","no cotiza",'Cotización2.'!K60) -> 4675921.1 | R57: =+IF(Q57="no cotiza","no cotiza",ROUND((Q57*(1+J57)),0)) -> 5564346 | S57: =+IF(R57="no cotiza","no cotiza",ROUND((R57*F57),0)) -> 5564346 | T57: =+IF(R57="no cotiza","no cotiza",ROUND((R57*G57),0)) -> 66772152 | U57: =+IF(R57="no cotiza","no cotiza",ROUND((R57*H57),0)) -> 38950422 | V57: =+IF(R57="no cotiza","no cotiza",ROUND((R57*I57),0)) -> 111286920 | W57: =+IF('Cotizacion3. '!K60="","no cotiza",'Cotizacion3. '!K60) -> 4600416.7 | X57: =+IF(W57="no cotiza","no cotiza",ROUND((W57*(1+J57)),0)) -> 5474496 | Y57: =+IF(X57="no cotiza","no cotiza",ROUND((X57*F57),0)) -> 5474496 | Z57: =+IF(X57="no cotiza","no cotiza",ROUND((X57*G57),0)) -> 65693952 | AA57: =+IF(X57="no cotiza","no cotiza",ROUND((X57*H57),0)) -> 38321472 | AB57: =+IF(X57="no cotiza","no cotiza",ROUND((X57*I57),0)) -> 109489920 | AC57: =+IF('Cotización4. '!K60="","no cotiza",'Cotización4. '!K60) -> 4703155.6 | AD57: =+IF(AC57="no cotiza","no cotiza",ROUND((AC57*(1+J57)),0)) -> 5596755 | AE57: =+IF(AD57="no cotiza","no cotiza",ROUND((AD57*F57),0)) -> 5596755 | AF57: =+IF(AD57="no cotiza","no cotiza",ROUND((AD57*G57),0)) -> 67161060 | AG57: =+IF(AD57="no cotiza","no cotiza",ROUND((AD57*H57),0)) -> 39177285 | AH57: =+IF(AD57="no cotiza","no cotiza",ROUND((AD57*I57),0)) -> 111935100 | AJ57: =+IF('Cot5. Contrato3341-2022'!K60="","no aplica",'Cot5. Contrato3341-2022'!K60) -> 1254044 | AK57: =+IF(AJ57="no aplica","no aplica",ROUND((AJ57*(1+J57)),0)) -> 1492312 | AL57: =+IF(AK57="no aplica","no aplica",ROUND((AK57*F57),0)) -> 1492312 | AM57: =+IF(AK57="no aplica","no aplica",ROUND((AK57*G57),0)) -> 17907744 | AN57: =+IF(AK57="no aplica","no aplica",ROUND((AK57*H57),0)) -> 10446184 | AO57: =+IF(AK57="no aplica","no aplica",ROUND((AK57*I57),0)) -> 29846240 | AR57: =IFERROR(ROUND(GEOMEAN(K57,Q57,W57,AC57,AJ57),0),"") -> 2761929 | AS57: =+IF(AR57="no cotiza","no cotiza",ROUND((AR57*(1+J57)),0)) -> 3286696 | AT57: =+IF(AS57="no cotiza","no cotiza",ROUND((AS57*F57),0)) -> 3286696 | AU57: =+IF(AS57="no cotiza","no cotiza",ROUND((AS57*G57),0)) -> 39440352 | AV57: =+IF(AS57="no cotiza","no cotiza",ROUND((AS57*H57),0)) -> 23006872 | AW57: =+IF(AS57="no cotiza","no cotiza",ROUND((AS57*I57),0)) -> 65733920
B58: 4.2 | C58: WS-C2960X-48LPD-L = Switches de acceso (31 de octubre de 2027) | D58: Mes | E58: 11 | F58: 1 | G58: 12 | H58: 7 | I58: =F58+G58+H58 -> 20 | J58: 0.19 | K58: =+IF('Cotización1.'!K61="","no cotiza",'Cotización1.'!K61) -> 1106098.3 | L58: =+IF(K58="no cotiza","no cotiza",ROUND((K58*(1+J58)),0)) -> 1316257 | M58: =+IF(L58="no cotiza","no cotiza",ROUND((L58*F58),0)) -> 1316257 | N58: =+IF(L58="no cotiza","no cotiza",ROUND((L58*G58),0)) -> 15795084 | O58: =+IF(L58="no cotiza","no cotiza",ROUND((L58*H58),0)) -> 9213799 | P58: =+IF(L58="no cotiza","no cotiza",ROUND((L58*I58),0)) -> 26325140 | Q58: =+IF('Cotización2.'!K61="","no cotiza",'Cotización2.'!K61) -> 601173.04 | R58: =+IF(Q58="no cotiza","no cotiza",ROUND((Q58*(1+J58)),0)) -> 715396 | S58: =+IF(R58="no cotiza","no cotiza",ROUND((R58*F58),0)) -> 715396 | T58: =+IF(R58="no cotiza","no cotiza",ROUND((R58*G58),0)) -> 8584752 | U58: =+IF(R58="no cotiza","no cotiza",ROUND((R58*H58),0)) -> 5007772 | V58: =+IF(R58="no cotiza","no cotiza",ROUND((R58*I58),0)) -> 14307920 | W58: =+IF('Cotizacion3. '!K61="","no cotiza",'Cotizacion3. '!K61) -> 591465.61 | X58: =+IF(W58="no cotiza","no cotiza",ROUND((W58*(1+J58)),0)) -> 703844 | Y58: =+IF(X58="no cotiza","no cotiza",ROUND((X58*F58),0)) -> 703844 | Z58: =+IF(X58="no cotiza","no cotiza",ROUND((X58*G58),0)) -> 8446128 | AA58: =+IF(X58="no cotiza","no cotiza",ROUND((X58*H58),0)) -> 4926908 | AB58: =+IF(X58="no cotiza","no cotiza",ROUND((X58*I58),0)) -> 14076880 | AC58: =+IF('Cotización4. '!K61="","no cotiza",'Cotización4. '!K61) -> 604674.52 | AD58: =+IF(AC58="no cotiza","no cotiza",ROUND((AC58*(1+J58)),0)) -> 719563 | AE58: =+IF(AD58="no cotiza","no cotiza",ROUND((AD58*F58),0)) -> 719563 | AF58: =+IF(AD58="no cotiza","no cotiza",ROUND((AD58*G58),0)) -> 8634756 | AG58: =+IF(AD58="no cotiza","no cotiza",ROUND((AD58*H58),0)) -> 5036941 | AH58: =+IF(AD58="no cotiza","no cotiza",ROUND((AD58*I58),0)) -> 14391260 | AJ58: =+IF('Cot5. Contrato3341-2022'!K61="","no aplica",'Cot5. Contrato3341-2022'!K61) -> 165122 | AK58: =+IF(AJ58="no aplica","no aplica",ROUND((AJ58*(1+J58)),0)) -> 196495 | AL58: =+IF(AK58="no aplica","no aplica",ROUND((AK58*F58),0)) -> 196495 | AM58: =+IF(AK58="no aplica","no aplica",ROUND((AK58*G58),0)) -> 2357940 | AN58: =+IF(AK58="no aplica","no aplica",ROUND((AK58*H58),0)) -> 1375465 | AO58: =+IF(AK58="no aplica","no aplica",ROUND((AK58*I58),0)) -> 3929900 | AR58: =IFERROR(ROUND(GEOMEAN(K58,Q58,W58,AC58,AJ58),0),"") -> 523371 | AS58: =+IF(AR58="no cotiza","no cotiza",ROUND((AR58*(1+J58)),0)) -> 622811 | AT58: =+IF(AS58="no cotiza","no cotiza",ROUND((AS58*F58),0)) -> 622811 | AU58: =+IF(AS58="no cotiza","no cotiza",ROUND((AS58*G58),0)) -> 7473732 | AV58: =+IF(AS58="no cotiza","no cotiza",ROUND((AS58*H58),0)) -> 4359677 | AW58: =+IF(AS58="no cotiza","no cotiza",ROUND((AS58*I58),0)) -> 12456220
B59: 4.3 | C59: WS-C2960XR- 48FPD-I = Switches de acceso (EOL 31 de octubre de 2027) | D59: Mes | E59: 20 | F59: 1 | G59: 12 | H59: 7 | I59: =F59+G59+H59 -> 20 | J59: 0.19 | K59: =+IF('Cotización1.'!K62="","no cotiza",'Cotización1.'!K62) -> 1835886.5 | L59: =+IF(K59="no cotiza","no cotiza",ROUND((K59*(1+J59)),0)) -> 2184705 | M59: =+IF(L59="no cotiza","no cotiza",ROUND((L59*F59),0)) -> 2184705 | N59: =+IF(L59="no cotiza","no cotiza",ROUND((L59*G59),0)) -> 26216460 | O59: =+IF(L59="no cotiza","no cotiza",ROUND((L59*H59),0)) -> 15292935 | P59: =+IF(L59="no cotiza","no cotiza",ROUND((L59*I59),0)) -> 43694100 | Q59: =+IF('Cotización2.'!K62="","no cotiza",'Cotización2.'!K62) -> 1814215.6 | R59: =+IF(Q59="no cotiza","no cotiza",ROUND((Q59*(1+J59)),0)) -> 2158917 | S59: =+IF(R59="no cotiza","no cotiza",ROUND((R59*F59),0)) -> 2158917 | T59: =+IF(R59="no cotiza","no cotiza",ROUND((R59*G59),0)) -> 25907004 | U59: =+IF(R59="no cotiza","no cotiza",ROUND((R59*H59),0)) -> 15112419 | V59: =+IF(R59="no cotiza","no cotiza",ROUND((R59*I59),0)) -> 43178340 | W59: =+IF('Cotizacion3. '!K62="","no cotiza",'Cotizacion3. '!K62) -> 1784920.6 | X59: =+IF(W59="no cotiza","no cotiza",ROUND((W59*(1+J59)),0)) -> 2124055 | Y59: =+IF(X59="no cotiza","no cotiza",ROUND((X59*F59),0)) -> 2124055 | Z59: =+IF(X59="no cotiza","no cotiza",ROUND((X59*G59),0)) -> 25488660 | AA59: =+IF(X59="no cotiza","no cotiza",ROUND((X59*H59),0)) -> 14868385 | AB59: =+IF(X59="no cotiza","no cotiza",ROUND((X59*I59),0)) -> 42481100 | AC59: =+IF('Cotización4. '!K62="","no cotiza",'Cotización4. '!K62) -> 1824782.3 | AD59: =+IF(AC59="no cotiza","no cotiza",ROUND((AC59*(1+J59)),0)) -> 2171491 | AE59: =+IF(AD59="no cotiza","no cotiza",ROUND((AD59*F59),0)) -> 2171491 | AF59: =+IF(AD59="no cotiza","no cotiza",ROUND((AD59*G59),0)) -> 26057892 | AG59: =+IF(AD59="no cotiza","no cotiza",ROUND((AD59*H59),0)) -> 15200437 | AH59: =+IF(AD59="no cotiza","no cotiza",ROUND((AD59*I59),0)) -> 43429820 | AJ59: =+IF('Cot5. Contrato3341-2022'!K62="","no aplica",'Cot5. Contrato3341-2022'!K62) -> 593552 | AK59: =+IF(AJ59="no aplica","no aplica",ROUND((AJ59*(1+J59)),0)) -> 706327 | AL59: =+IF(AK59="no aplica","no aplica",ROUND((AK59*F59),0)) -> 706327 | AM59: =+IF(AK59="no aplica","no aplica",ROUND((AK59*G59),0)) -> 8475924 | AN59: =+IF(AK59="no aplica","no aplica",ROUND((AK59*H59),0)) -> 4944289 | AO59: =+IF(AK59="no aplica","no aplica",ROUND((AK59*I59),0)) -> 14126540 | AR59: =IFERROR(ROUND(GEOMEAN(K59,Q59,W59,AC59,AJ59),0),"") -> 1451325 | AS59: =+IF(AR59="no cotiza","no cotiza",ROUND((AR59*(1+J59)),0)) -> 1727077 | AT59: =+IF(AS59="no cotiza","no cotiza",ROUND((AS59*F59),0)) -> 1727077 | AU59: =+IF(AS59="no cotiza","no cotiza",ROUND((AS59*G59),0)) -> 20724924 | AV59: =+IF(AS59="no cotiza","no cotiza",ROUND((AS59*H59),0)) -> 12089539 | AW59: =+IF(AS59="no cotiza","no cotiza",ROUND((AS59*I59),0)) -> 34541540
B60: 4.4 | C60: Teléfono CP-8811-K9 | D60: Mes | E60: 937 | F60: 1 | G60: 11 | H60: 0 | I60: =F60+G60+H60 -> 12 | J60: 0.19 | K60: =+IF('Cotización1.'!K63="","no cotiza",'Cotización1.'!K63) -> 6828000 | L60: =+IF(K60="no cotiza","no cotiza",ROUND((K60*(1+J60)),0)) -> 8125320 | M60: =+IF(L60="no cotiza","no cotiza",ROUND((L60*F60),0)) -> 8125320 | N60: =+IF(L60="no cotiza","no cotiza",ROUND((L60*G60),0)) -> 89378520 | O60: =+IF(L60="no cotiza","no cotiza",ROUND((L60*H60),0)) -> 0 | P60: =+IF(L60="no cotiza","no cotiza",ROUND((L60*I60),0)) -> 97503840 | Q60: =+IF('Cotización2.'!K63="","no cotiza",'Cotización2.'!K63) -> 6747311 | R60: =+IF(Q60="no cotiza","no cotiza",ROUND((Q60*(1+J60)),0)) -> 8029300 | S60: =+IF(R60="no cotiza","no cotiza",ROUND((R60*F60),0)) -> 8029300 | T60: =+IF(R60="no cotiza","no cotiza",ROUND((R60*G60),0)) -> 88322300 | U60: =+IF(R60="no cotiza","no cotiza",ROUND((R60*H60),0)) -> 0 | V60: =+IF(R60="no cotiza","no cotiza",ROUND((R60*I60),0)) -> 96351600 | W60: =+IF('Cotizacion3. '!K63="","no cotiza",'Cotizacion3. '!K63) -> 6638479.4 | X60: =+IF(W60="no cotiza","no cotiza",ROUND((W60*(1+J60)),0)) -> 7899791 | Y60: =+IF(X60="no cotiza","no cotiza",ROUND((X60*F60),0)) -> 7899791 | Z60: =+IF(X60="no cotiza","no cotiza",ROUND((X60*G60),0)) -> 86897701 | AA60: =+IF(X60="no cotiza","no cotiza",ROUND((X60*H60),0)) -> 0 | AB60: =+IF(X60="no cotiza","no cotiza",ROUND((X60*I60),0)) -> 94797492 | AC60: =+IF('Cotización4. '!K63="","no cotiza",'Cotización4. '!K63) -> 6786675 | AD60: =+IF(AC60="no cotiza","no cotiza",ROUND((AC60*(1+J60)),0)) -> 8076143 | AE60: =+IF(AD60="no cotiza","no cotiza",ROUND((AD60*F60),0)) -> 8076143 | AF60: =+IF(AD60="no cotiza","no cotiza",ROUND((AD60*G60),0)) -> 88837573 | AG60: =+IF(AD60="no cotiza","no cotiza",ROUND((AD60*H60),0)) -> 0 | AH60: =+IF(AD60="no cotiza","no cotiza",ROUND((AD60*I60),0)) -> 96913716 | AJ60: =+IF('Cot5. Contrato3341-2022'!K63="","no aplica",'Cot5. Contrato3341-2022'!K63) -> 1083204 | AK60: =+IF(AJ60="no aplica","no aplica",ROUND((AJ60*(1+J60)),0)) -> 1289013 | AL60: =+IF(AK60="no aplica","no aplica",ROUND((AK60*F60),0)) -> 1289013 | AM60: =+IF(AK60="no aplica","no aplica",ROUND((AK60*G60),0)) -> 14179143 | AN60: =+IF(AK60="no aplica","no aplica",ROUND((AK60*H60),0)) -> 0 | AO60: =+IF(AK60="no aplica","no aplica",ROUND((AK60*I60),0)) -> 15468156 | AR60: =IFERROR(ROUND(GEOMEAN(K60,Q60,W60,AC60,AJ60),0),"") -> 4681360 | AS60: =+IF(AR60="no cotiza","no cotiza",ROUND((AR60*(1+J60)),0)) -> 5570818 | AT60: =+IF(AS60="no cotiza","no cotiza",ROUND((AS60*F60),0)) -> 5570818 | AU60: =+IF(AS60="no cotiza","no cotiza",ROUND((AS60*G60),0)) -> 61278998 | AV60: =+IF(AS60="no cotiza","no cotiza",ROUND((AS60*H60),0)) -> 0 | AW60: =+IF(AS60="no cotiza","no cotiza",ROUND((AS60*I60),0)) -> 66849816
B61: 4.5 | C61: Teléfono CP-8811-K9 (Tesoro) | D61: Mes | E61: 19 | F61: 1 | G61: 12 | H61: 7 | I61: =F61+G61+H61 -> 20 | J61: 0.19 | K61: =+IF('Cotización1.'!K64="","no cotiza",'Cotización1.'!K64) -> 48459.351 | L61: =+IF(K61="no cotiza","no cotiza",ROUND((K61*(1+J61)),0)) -> 57667 | M61: =+IF(L61="no cotiza","no cotiza",ROUND((L61*F61),0)) -> 57667 | N61: =+IF(L61="no cotiza","no cotiza",ROUND((L61*G61),0)) -> 692004 | O61: =+IF(L61="no cotiza","no cotiza",ROUND((L61*H61),0)) -> 403669 | P61: =+IF(L61="no cotiza","no cotiza",ROUND((L61*I61),0)) -> 1153340 | Q61: =+IF('Cotización2.'!K64="","no cotiza",'Cotización2.'!K64) -> 47887.335 | R61: =+IF(Q61="no cotiza","no cotiza",ROUND((Q61*(1+J61)),0)) -> 56986 | S61: =+IF(R61="no cotiza","no cotiza",ROUND((R61*F61),0)) -> 56986 | T61: =+IF(R61="no cotiza","no cotiza",ROUND((R61*G61),0)) -> 683832 | U61: =+IF(R61="no cotiza","no cotiza",ROUND((R61*H61),0)) -> 398902 | V61: =+IF(R61="no cotiza","no cotiza",ROUND((R61*I61),0)) -> 1139720 | W61: =+IF('Cotizacion3. '!K64="","no cotiza",'Cotizacion3. '!K64) -> 47114.075 | X61: =+IF(W61="no cotiza","no cotiza",ROUND((W61*(1+J61)),0)) -> 56066 | Y61: =+IF(X61="no cotiza","no cotiza",ROUND((X61*F61),0)) -> 56066 | Z61: =+IF(X61="no cotiza","no cotiza",ROUND((X61*G61),0)) -> 672792 | AA61: =+IF(X61="no cotiza","no cotiza",ROUND((X61*H61),0)) -> 392462 | AB61: =+IF(X61="no cotiza","no cotiza",ROUND((X61*I61),0)) -> 1121320 | AC61: =+IF('Cotización4. '!K64="","no cotiza",'Cotización4. '!K64) -> 48166.25 | AD61: =+IF(AC61="no cotiza","no cotiza",ROUND((AC61*(1+J61)),0)) -> 57318 | AE61: =+IF(AD61="no cotiza","no cotiza",ROUND((AD61*F61),0)) -> 57318 | AF61: =+IF(AD61="no cotiza","no cotiza",ROUND((AD61*G61),0)) -> 687816 | AG61: =+IF(AD61="no cotiza","no cotiza",ROUND((AD61*H61),0)) -> 401226 | AH61: =+IF(AD61="no cotiza","no cotiza",ROUND((AD61*I61),0)) -> 1146360 | AJ61: =+IF('Cot5. Contrato3341-2022'!K64="","no aplica",'Cot5. Contrato3341-2022'!K64) -> no aplica | AK61: =+IF(AJ61="no aplica","no aplica",ROUND((AJ61*(1+J61)),0)) -> no aplica | AL61: =+IF(AK61="no aplica","no aplica",ROUND((AK61*F61),0)) -> no aplica | AM61: =+IF(AK61="no aplica","no aplica",ROUND((AK61*G61),0)) -> no aplica | AN61: =+IF(AK61="no aplica","no aplica",ROUND((AK61*H61),0)) -> no aplica | AO61: =+IF(AK61="no aplica","no aplica",ROUND((AK61*I61),0)) -> no aplica | AR61: =IFERROR(ROUND(GEOMEAN(K61,Q61,W61,AC61,AJ61),0),"") -> 47904 | AS61: =+IF(AR61="no cotiza","no cotiza",ROUND((AR61*(1+J61)),0)) -> 57006 | AT61: =+IF(AS61="no cotiza","no cotiza",ROUND((AS61*F61),0)) -> 57006 | AU61: =+IF(AS61="no cotiza","no cotiza",ROUND((AS61*G61),0)) -> 684072 | AV61: =+IF(AS61="no cotiza","no cotiza",ROUND((AS61*H61),0)) -> 399042 | AW61: =+IF(AS61="no cotiza","no cotiza",ROUND((AS61*I61),0)) -> 1140120
B62: 4.6 | C62: Teléfono cisco de cámara 8865 | D62: Mes | E62: 9 | F62: 1 | G62: 11 | H62: 0 | I62: =F62+G62+H62 -> 12 | J62: 0.19 | K62: =+IF('Cotización1.'!K65="","no cotiza",'Cotización1.'!K65) -> 52591.449 | L62: =+IF(K62="no cotiza","no cotiza",ROUND((K62*(1+J62)),0)) -> 62584 | M62: =+IF(L62="no cotiza","no cotiza",ROUND((L62*F62),0)) -> 62584 | N62: =+IF(L62="no cotiza","no cotiza",ROUND((L62*G62),0)) -> 688424 | O62: =+IF(L62="no cotiza","no cotiza",ROUND((L62*H62),0)) -> 0 | P62: =+IF(L62="no cotiza","no cotiza",ROUND((L62*I62),0)) -> 751008 | Q62: =+IF('Cotización2.'!K65="","no cotiza",'Cotización2.'!K65) -> 51970.657 | R62: =+IF(Q62="no cotiza","no cotiza",ROUND((Q62*(1+J62)),0)) -> 61845 | S62: =+IF(R62="no cotiza","no cotiza",ROUND((R62*F62),0)) -> 61845 | T62: =+IF(R62="no cotiza","no cotiza",ROUND((R62*G62),0)) -> 680295 | U62: =+IF(R62="no cotiza","no cotiza",ROUND((R62*H62),0)) -> 0 | V62: =+IF(R62="no cotiza","no cotiza",ROUND((R62*I62),0)) -> 742140 | W62: =+IF('Cotizacion3. '!K65="","no cotiza",'Cotizacion3. '!K65) -> 51131.462 | X62: =+IF(W62="no cotiza","no cotiza",ROUND((W62*(1+J62)),0)) -> 60846 | Y62: =+IF(X62="no cotiza","no cotiza",ROUND((X62*F62),0)) -> 60846 | Z62: =+IF(X62="no cotiza","no cotiza",ROUND((X62*G62),0)) -> 669306 | AA62: =+IF(X62="no cotiza","no cotiza",ROUND((X62*H62),0)) -> 0 | AB62: =+IF(X62="no cotiza","no cotiza",ROUND((X62*I62),0)) -> 730152 | AC62: =+IF('Cotización4. '!K65="","no cotiza",'Cotización4. '!K65) -> 52273.355 | AD62: =+IF(AC62="no cotiza","no cotiza",ROUND((AC62*(1+J62)),0)) -> 62205 | AE62: =+IF(AD62="no cotiza","no cotiza",ROUND((AD62*F62),0)) -> 62205 | AF62: =+IF(AD62="no cotiza","no cotiza",ROUND((AD62*G62),0)) -> 684255 | AG62: =+IF(AD62="no cotiza","no cotiza",ROUND((AD62*H62),0)) -> 0 | AH62: =+IF(AD62="no cotiza","no cotiza",ROUND((AD62*I62),0)) -> 746460 | AJ62: =+IF('Cot5. Contrato3341-2022'!K65="","no aplica",'Cot5. Contrato3341-2022'!K65) -> no aplica | AK62: =+IF(AJ62="no aplica","no aplica",ROUND((AJ62*(1+J62)),0)) -> no aplica | AL62: =+IF(AK62="no aplica","no aplica",ROUND((AK62*F62),0)) -> no aplica | AM62: =+IF(AK62="no aplica","no aplica",ROUND((AK62*G62),0)) -> no aplica | AN62: =+IF(AK62="no aplica","no aplica",ROUND((AK62*H62),0)) -> no aplica | AO62: =+IF(AK62="no aplica","no aplica",ROUND((AK62*I62),0)) -> no aplica | AR62: =IFERROR(ROUND(GEOMEAN(K62,Q62,W62,AC62,AJ62),0),"") -> 51989 | AS62: =+IF(AR62="no cotiza","no cotiza",ROUND((AR62*(1+J62)),0)) -> 61867 | AT62: =+IF(AS62="no cotiza","no cotiza",ROUND((AS62*F62),0)) -> 61867 | AU62: =+IF(AS62="no cotiza","no cotiza",ROUND((AS62*G62),0)) -> 680537 | AV62: =+IF(AS62="no cotiza","no cotiza",ROUND((AS62*H62),0)) -> 0 | AW62: =+IF(AS62="no cotiza","no cotiza",ROUND((AS62*I62),0)) -> 742404
B63: 4.7 | C63: Teléfono cisco de cámara 8865 (Tesoro) | D63: Mes | E63: 1 | F63: 1 | G63: 12 | H63: 7 | I63: =F63+G63+H63 -> 20 | J63: 0.19 | K63: =+IF('Cotización1.'!K66="","no cotiza",'Cotización1.'!K66) -> 2045.2994 | L63: =+IF(K63="no cotiza","no cotiza",ROUND((K63*(1+J63)),0)) -> 2434 | M63: =+IF(L63="no cotiza","no cotiza",ROUND((L63*F63),0)) -> 2434 | N63: =+IF(L63="no cotiza","no cotiza",ROUND((L63*G63),0)) -> 29208 | O63: =+IF(L63="no cotiza","no cotiza",ROUND((L63*H63),0)) -> 17038 | P63: =+IF(L63="no cotiza","no cotiza",ROUND((L63*I63),0)) -> 48680 | Q63: =+IF('Cotización2.'!K66="","no cotiza",'Cotización2.'!K66) -> 2021.1566 | R63: =+IF(Q63="no cotiza","no cotiza",ROUND((Q63*(1+J63)),0)) -> 2405 | S63: =+IF(R63="no cotiza","no cotiza",ROUND((R63*F63),0)) -> 2405 | T63: =+IF(R63="no cotiza","no cotiza",ROUND((R63*G63),0)) -> 28860 | U63: =+IF(R63="no cotiza","no cotiza",ROUND((R63*H63),0)) -> 16835 | V63: =+IF(R63="no cotiza","no cotiza",ROUND((R63*I63),0)) -> 48100 | W63: =+IF('Cotizacion3. '!K66="","no cotiza",'Cotizacion3. '!K66) -> 1988.52 | X63: =+IF(W63="no cotiza","no cotiza",ROUND((W63*(1+J63)),0)) -> 2366 | Y63: =+IF(X63="no cotiza","no cotiza",ROUND((X63*F63),0)) -> 2366 | Z63: =+IF(X63="no cotiza","no cotiza",ROUND((X63*G63),0)) -> 28392 | AA63: =+IF(X63="no cotiza","no cotiza",ROUND((X63*H63),0)) -> 16562 | AB63: =+IF(X63="no cotiza","no cotiza",ROUND((X63*I63),0)) -> 47320 | AC63: =+IF('Cotización4. '!K66="","no cotiza",'Cotización4. '!K66) -> 2032.9286 | AD63: =+IF(AC63="no cotiza","no cotiza",ROUND((AC63*(1+J63)),0)) -> 2419 | AE63: =+IF(AD63="no cotiza","no cotiza",ROUND((AD63*F63),0)) -> 2419 | AF63: =+IF(AD63="no cotiza","no cotiza",ROUND((AD63*G63),0)) -> 29028 | AG63: =+IF(AD63="no cotiza","no cotiza",ROUND((AD63*H63),0)) -> 16933 | AH63: =+IF(AD63="no cotiza","no cotiza",ROUND((AD63*I63),0)) -> 48380 | AJ63: =+IF('Cot5. Contrato3341-2022'!K66="","no aplica",'Cot5. Contrato3341-2022'!K66) -> no aplica | AK63: =+IF(AJ63="no aplica","no aplica",ROUND((AJ63*(1+J63)),0)) -> no aplica | AL63: =+IF(AK63="no aplica","no aplica",ROUND((AK63*F63),0)) -> no aplica | AM63: =+IF(AK63="no aplica","no aplica",ROUND((AK63*G63),0)) -> no aplica | AN63: =+IF(AK63="no aplica","no aplica",ROUND((AK63*H63),0)) -> no aplica | AO63: =+IF(AK63="no aplica","no aplica",ROUND((AK63*I63),0)) -> no aplica | AR63: =IFERROR(ROUND(GEOMEAN(K63,Q63,W63,AC63,AJ63),0),"") -> 2022 | AS63: =+IF(AR63="no cotiza","no cotiza",ROUND((AR63*(1+J63)),0)) -> 2406 | AT63: =+IF(AS63="no cotiza","no cotiza",ROUND((AS63*F63),0)) -> 2406 | AU63: =+IF(AS63="no cotiza","no cotiza",ROUND((AS63*G63),0)) -> 28872 | AV63: =+IF(AS63="no cotiza","no cotiza",ROUND((AS63*H63),0)) -> 16842 | AW63: =+IF(AS63="no cotiza","no cotiza",ROUND((AS63*I63),0)) -> 48120
B64: SUBTOTAL SOPORTE Y MANTENIMIENTO LOCAL PROPONENTE TABLA 4: Soporte y mantenimiento local del proponente para equipos LAN y UC GRUPO 2: 8x5NBD | P64: =SUM(P57:P63) -> 199625128 | V64: =SUM(V57:V63) -> 267054740 | AB64: =SUM(AB57:AB63) -> 262744184 | AH64: =SUM(AH57:AH63) -> 268611096 | AO64: =SUM(AO57:AO63) -> 63370836 | AW64: =SUM(AW57:AW63) -> 181512140
B65: VALOR TOTAL IVA INCLUIDO | P65: =SUM(P23,P42,P53,P64) -> 4068361892 | V65: =SUM(V23,V42,V53,V64) -> 4090124713 | AB65: =SUM(AB23,AB42,AB53,AB64) -> 4024081272 | AH65: =SUM(AH23,AH42,AH53,AH64) -> 4113948212 | AO65: =SUM(AO23,AO42,AO53,AO64) -> 1537382758 | AW65: =SUM(AW23,AW42,AW53,AW64) -> 3563478232
AV68: SMLV | AW68: =+AW65/1300000 -> 2741.1371

Sheet Cotización1.
C2: Objeto: | D2: Prestar el servicio de mantenimiento, soporte técnico y actualización, para las soluciones de comunicaciones unificadas y para equipos activos y de gestión de red de área local - LAN del Ministerio de Hacienda y Crédito Público
C4: Nombre o Razón Social: | L4: Email:
C5: NI: | L5: Ciudad:
C6: Persona de contacto; | L6: Celular:
A8: Instrucciones para el diligenciamiento:
A9: • Por favor diligenciar solo las celdas en color Amarillo • Los precios unitarios deberán ser expresado en PESOS COLOMBIANOS y en números entreros. Por favor incluir valores ajustados al peso de conformidad con lo establecido en la Ley 31 de 1992, la unidad monetaria y de cuenta del país es el peso colombiano, en tanto que las fracciones denominadas centavos no volvieron a ser acuñadas por dicha autoridad y por lo mismo no hacen parte de la unidad monetaria ni de cuenta en Colombia. • No se permite modificar, agregar o quitar ningún ítem o sub-ítem. • Para los precios por favor tener en cuenta el documento word "Solicitud de Información para Estudio de Mercado". • Los equipos UCS C240 M6SX actualmente tienen contratado soporte local hasta diciembre de 2025, razón por la cual se solicita solo cotizar 7 meses del año 2026.
B12: TABLA 1: Actualización de software, licenciamiento y soporte del fabricante para equipos LAN y UC grupo1: 7*24
B13: ÍTEM | C13: Descripción | D13: Unidad de Medida | E13: Cantidad equipos x modelo | F13: Vigencia (meses) 2024 | G13: Vigencia (meses) 2025 | H13: Vigencia (meses) 2026 | I13: TOTAL (meses) REQUERIDOS | J13: Tarifa IVA (%) | K13: VALOR UNITARIO MENSUAL ANTES DE IVA | L13: VALOR UNITARIO MENSUAL INCLUIDO IVA | M13: Valor mensual Iva incluido x número de meses vigencia 2024 | N13: Valor mensual Iva incluido x número de meses vigencia 2025 | O13: Valor mensual Iva incluido x número de meses vigencia 2026 | P13: VALOR TOTAL (VALOR MENSUAL INCLUIDO IVA x NUMEROS TOTAL DE MESES)
B14: 1.1 | C14: N77-C7706 = Switches de Core (EOL NO DEFINIDO) Soporte Cisco Success Tracks | D14: Mes | E14: 4 | F14: 1 | G14: 12 | H14: 7 | I14: 20 | J14: 0.19 | K14: 37970383 | L14: =+ROUND(K14*(1+J14),0) -> 45184755 | M14: =+ROUND(L14*F14,0) -> 45184755 | N14: =+ROUND(L14*G14,0) -> 542217060 | O14: =+ROUND(L14*H14,0) -> 316293285 | P14: =+ROUND(L14*I14,0) -> 903695100
B15: 1.2 | C15: WS-C4500X-40X-ES = (EOL October 31, 2025) Soporte Cisco Smartnet 7x24x4 | D15: Mes | E15: 4 | F15: 1 | G15: 10 | H15: 0 | I15: 11 | J15: 0.19 | K15: 12356537 | L15: =+ROUND(K15*(1+J15),0) -> 14704279 | M15: =+ROUND(L15*F15,0) -> 14704279 | N15: =+ROUND(L15*G15,0) -> 147042790 | O15: =+ROUND(L15*H15,0) -> 0 | P15: =+ROUND(L15*I15,0) -> 161747069
B16: 1.3 | C16: WS-C2960XR-48LPD-I = (EOL 31 de octubre de2027) Soporte Cisco Smartnet 7x24x4 | D16: Mes | E16: 2 | F16: 1 | G16: 12 | H16: 7 | I16: 20 | J16: 0.19 | K16: 994780.94 | L16: =+ROUND(K16*(1+J16),0) -> 1183789 | M16: =+ROUND(L16*F16,0) -> 1183789 | N16: =+ROUND(L16*G16,0) -> 14205468 | O16: =+ROUND(L16*H16,0) -> 8286523 | P16: =+ROUND(L16*I16,0) -> 23675780
B17: 1.4 | C17: WS-C2960X-48FPD-L = (EOL 31 de octubre de2027) Soporte Cisco Smartnet 7x24x4 | D17: Mes | E17: 6 | F17: 1 | G17: 12 | H17: 7 | I17: 20 | J17: 0.19 | K17: 2275676.8 | L17: =+ROUND(K17*(1+J17),0) -> 2708055 | M17: =+ROUND(L17*F17,0) -> 2708055 | N17: =+ROUND(L17*G17,0) -> 32496660 | O17: =+ROUND(L17*H17,0) -> 18956385 | P17: =+ROUND(L17*I17,0) -> 54161100
B18: 1.5 | C18: WS-C3850-12XS = (EOL October 31, 2025) Soporte Cisco Smartnet 7x24x4 | D18: Mes | E18: 2 | F18: 1 | G18: 10 | H18: 0 | I18: 11 | J18: 0.19 | K18: 2801400.6 | L18: =+ROUND(K18*(1+J18),0) -> 3333667 | M18: =+ROUND(L18*F18,0) -> 3333667 | N18: =+ROUND(L18*G18,0) -> 33336670 | O18: =+ROUND(L18*H18,0) -> 0 | P18: =+ROUND(L18*I18,0) -> 36670337
B19: 1.6 | C19: UCS C240 M6SX (EOL NO DEFINIDO) Soporte Cisco Smartnet 7x24x4 | D19: Mes | E19: 2 | F19: 0 | G19: 0 | H19: 7 | I19: 7 | J19: 0.19 | K19: 1001150.3 | L19: =+ROUND(K19*(1+J19),0) -> 1191369 | M19: =+ROUND(L19*F19,0) -> 0 | N19: =+ROUND(L19*G19,0) -> 0 | O19: =+ROUND(L19*H19,0) -> 8339583 | P19: =+ROUND(L19*I19,0) -> 8339583
B20: 1.7 | C20: N9K-C9364C en funcionalidad SPINE (EOL NO DEFINIDO) Soporte Cisco Success Tracks | D20: Mes | E20: 2 | F20: 1 | G20: 12 | H20: 7 | I20: 20 | J20: 0.19 | K20: 3497614.7 | L20: =+ROUND(K20*(1+J20),0) -> 4162161 | M20: =+ROUND(L20*F20,0) -> 4162161 | N20: =+ROUND(L20*G20,0) -> 49945932 | O20: =+ROUND(L20*H20,0) -> 29135127 | P20: =+ROUND(L20*I20,0) -> 83243220
B21: 1.8 | C21: N9K-C9348GC-FXP en funcionalidad LEAF (EOL 28 de febrero de 2026) Soporte Cisco Success Tracks | D21: Mes | E21: 4 | F21: 1 | G21: 12 | H21: 2 | I21: 15 | J21: 0.19 | K21: 2029457 | L21: =+ROUND(K21*(1+J21),0) -> 2415054 | M21: =+ROUND(L21*F21,0) -> 2415054 | N21: =+ROUND(L21*G21,0) -> 28980648 | O21: =+ROUND(L21*H21,0) -> 4830108 | P21: =+ROUND(L21*I21,0) -> 36225810
B22: 1.9 | C22: N9K-C93180YC-EX en funcionalidad LEAF (EOL 28 de febrero de 2026) Soporte Cisco Success Tracks | D22: Mes | E22: 4 | F22: 1 | G22: 12 | H22: 2 | I22: 15 | J22: 0.19 | K22: 3575699.9 | L22: =+ROUND(K22*(1+J22),0) -> 4255083 | M22: =+ROUND(L22*F22,0) -> 4255083 | N22: =+ROUND(L22*G22,0) -> 51060996 | O22: =+ROUND(L22*H22,0) -> 8510166 | P22: =+ROUND(L22*I22,0) -> 63826245
B23: 1.10 | C23: Cisco Firepower 2130 NGFW Appliance (EOL NO DEFINIDO) Soporte Cisco Success Tracks | D23: Mes | E23: 2 | F23: 1 | G23: 12 | H23: 7 | I23: 20 | J23: 0.19 | K23: 4777161.8 | L23: =+ROUND(K23*(1+J23),0) -> 5684823 | M23: =+ROUND(L23*F23,0) -> 5684823 | N23: =+ROUND(L23*G23,0) -> 68217876 | O23: =+ROUND(L23*H23,0) -> 39793761 | P23: =+ROUND(L23*I23,0) -> 113696460
B24: 1.11 | C24: Cisco C9500-24Y4C ( EOL NO DEFINIDO ) Soporte Cisco Smartnet 7x24x4 | D24: Mes | E24: 4 | F24: 1 | G24: 12 | H24: 7 | I24: 20 | J24: 0.19 | K24: 4116921.7 | L24: =+ROUND(K24*(1+J24),0) -> 4899137 | M24: =+ROUND(L24*F24,0) -> 4899137 | N24: =+ROUND(L24*G24,0) -> 58789644 | O24: =+ROUND(L24*H24,0) -> 34293959 | P24: =+ROUND(L24*I24,0) -> 97982740
B25: 1.12 | C25: Cisco C9200L-48T-4X-E ( Eol NO DEFINIDO ) Soporte Cisco Smartnet 7x24x4 | D25: Mes | E25: 8 | F25: 1 | G25: 12 | H25: 7 | I25: 20 | J25: 0.19 | K25: 1773357.5 | L25: =+ROUND(K25*(1+J25),0) -> 2110295 | M25: =+ROUND(L25*F25,0) -> 2110295 | N25: =+ROUND(L25*G25,0) -> 25323540 | O25: =+ROUND(L25*H25,0) -> 14772065 | P25: =+ROUND(L25*I25,0) -> 42205900
... B27: 1.14 | C27: Solución de Tarificador Eagle. Actualización de Software y Licenciamiento y Soporte Fabricante | D27: Mes | E27: 1 | F27: 1 | G27: 12 | H27: 7 | I27: 20 | J27: 0.19 | K27: 3016424.3 | L27: =+ROUND(K27*(1+J27),0) -> 3589545 | M27: =+ROUND(L27*F27,0) -> 3589545 | N27: =+ROUND(L27*G27,0) -> 43074540 | O27: =+ROUND(L27*H27,0) -> 25126815 | P27: =+ROUND(L27*I27,0) -> 71790900
B28: 1.15 | C28: Renovación 11100 licencias ISE Essentials (ISE-SEC-SUB) | D28: Servicio | E28: 1 | F28: Valor total del servicio de la renovación por 20 meses: | J28: 0.19 | K28: 82278658 | P28: =+ROUND(K28*(1+J28),0) -> 97911603
B29: SUBTOTAL TABLA 1: Actualización de software, licenciamiento y soporte del fabricante para equipos LAN y UC grupo1: 7*24 SUBTOTAL ACTUALIZACIÓN DE SOFTWARE, LICENCIAMIENTO Y SOPORTE DE FABRICANTE | P29: =SUM(P14:P28) -> 2325221767
B30: TABLA 2: Soporte y mantenimiento local del proponente para equipos LAN y UC del GRUPO 1: 7x24
B31: ÍTEM | C31: Descripción | D31: Unidad de Medida | E31: Cantidad equipos x modelo | F31: Vigencia (meses) 2024 | G31: Vigencia(meses) 2025 | H31: Vigencia (meses) 2026 | I31: TOTAL (meses) REQUERIDOS | J31: Tarifa IVA (%) | K31: VALOR UNITARIO MENSUAL ANTES DE IVA | L31: VALOR UNITARIO MENSUAL INCLUIDO IVA | M31: Valor mensual Iva incluido x número de meses vigencia 2024 | N31: Valor mensual Iva incluido x número de meses vigencia 2025 | O31: Valor mensual Iva incluido x número de meses vigencia 2026 | P31: VALOR TOTAL (VALOR MENSUAL INCLUIDO IVA x NUMEROS TOTAL DE MESES)
B32: 2.1 | C32: N77-C7706 = Switches de Core (EOL NO DEFINIDO) | D32: Mes | E32: 4 | F32: 1 | G32: 12 | H32: 7 | I32: 20 | J32: 0.19 | K32: 10141718 | L32: =+ROUND(K32*(1+J32),0) -> 12068645 | M32: =+ROUND(L32*F32,0) -> 12068645 | N32: =+ROUND(L32*G32,0) -> 144823740 | O32: =+ROUND(L32*H32,0) -> 84480515 | P32: =+ROUND(L32*I32,0) -> 241372900
B33: 2.2 | C33: WS-C4500X-40X-ES = (EOL October 31, 2025) | D33: Mes | E33: 4 | F33: 1 | G33: 10 | H33: 0 | I33: 11 | J33: 0.19 | K33: 3300375.5 | L33: =+ROUND(K33*(1+J33),0) -> 3927447 | M33: =+ROUND(L33*F33,0) -> 3927447 | N33: =+ROUND(L33*G33,0) -> 39274470 | O33: =+ROUND(L33*H33,0) -> 0 | P33: =+ROUND(L33*I33,0) -> 43201917
B34: 2.3 | C34: WS-C2960XR-48LPD-I = (EOL 31 de octubre de 2027) | D34: Mes | E34: 2 | F34: 1 | G34: 12 | H34: 7 | I34: 20 | J34: 0.19 | K34: 265701.51 | L34: =+ROUND(K34*(1+J34),0) -> 316185 | M34: =+ROUND(L34*F34,0) -> 316185 | N34: =+ROUND(L34*G34,0) -> 3794220 | O34: =+ROUND(L34*H34,0) -> 2213295 | P34: =+ROUND(L34*I34,0) -> 6323700
B35: 2.4 | C35: WS-C2960X-48FPD-L = (EOL 31 de octubre de 2027) | D35: Mes | E35: 6 | F35: 1 | G35: 12 | H35: 7 | I35: 20 | J35: 0.19 | K35: 607823.05 | L35: =+ROUND(K35*(1+J35),0) -> 723309 | M35: =+ROUND(L35*F35,0) -> 723309 | N35: =+ROUND(L35*G35,0) -> 8679708 | O35: =+ROUND(L35*H35,0) -> 5063163 | P35: =+ROUND(L35*I35,0) -> 14466180
B36: 2.5 | C36: WS-C3850-12XS = (EOL October 31, 2025) | D36: Mes | E36: 2 | F36: 1 | G36: 10 | H36: 0 | I36: 11 | J36: 0.19 | K36: 748241.49 | L36: =+ROUND(K36*(1+J36),0) -> 890407 | M36: =+ROUND(L36*F36,0) -> 890407 | N36: =+ROUND(L36*G36,0) -> 8904070 | O36: =+ROUND(L36*H36,0) -> 0 | P36: =+ROUND(L36*I36,0) -> 9794477
B37: 2.6 | C37: UCS C240 M6SX (EOL NO DEFINIDO) | D37: Mes | E37: 2 | F37: 0 | G37: 0 | H37: 7 | I37: 7 | J37: 0.19 | K37: 267402.73 | L37: =+ROUND(K37*(1+J37),0) -> 318209 | M37: =+ROUND(L37*F37,0) -> 0 | N37: =+ROUND(L37*G37,0) -> 0 | O37: =+ROUND(L37*H37,0) -> 2227463 | P37: =+ROUND(L37*I37,0) -> 2227463
B38: 2.7 | C38: N9K-C9364C en funcionalidad SPINE (EOL NO DEFINIDO) | D38: Mes | E38: 2 | F38: 1 | G38: 12 | H38: 7 | I38: 20 | J38: 0.19 | K38: 934197.15 | L38: =+ROUND(K38*(1+J38),0) -> 1111695 | M38: =+ROUND(L38*F38,0) -> 1111695 | N38: =+ROUND(L38*G38,0) -> 13340340 | O38: =+ROUND(L38*H38,0) -> 7781865 | P38: =+ROUND(L38*I38,0) -> 22233900
B39: 2.8 | C39: N9K-C9348GC-FXP en funcionalidad LEAF (EOL 28 de febrero de 2026) | D39: Mes | E39: 4 | F39: 1 | G39: 12 | H39: 2 | I39: 15 | J39: 0.19 | K39: 542058.83 | L39: =+ROUND(K39*(1+J39),0) -> 645050 | M39: =+ROUND(L39*F39,0) -> 645050 | N39: =+ROUND(L39*G39,0) -> 7740600 | O39: =+ROUND(L39*H39,0) -> 1290100 | P39: =+ROUND(L39*I39,0) -> 9675750
B40: 2.9 | C40: N9K-C93180YC-EX en funcionalidad LEAF (EOL 28 de febrero de 2026) | D40: Mes | E40: 4 | F40: 1 | G40: 12 | H40: 2 | I40: 15 | J40: 0.19 | K40: 955053.37 | L40: =+ROUND(K40*(1+J40),0) -> 1136514 | M40: =+ROUND(L40*F40,0) -> 1136514 | N40: =+ROUND(L40*G40,0) -> 13638168 | O40: =+ROUND(L40*H40,0) -> 2273028 | P40: =+ROUND(L40*I40,0) -> 17047710
B41: 2.10 | C41: Cisco Firepower 2130 NGFW Appliance (EOL NO DEFINIDO) | D41: Mes | E41: 2 | F41: 1 | G41: 12 | H41: 7 | I41: 20 | J41: 0.19 | K41: 1275958.4 | L41: =+ROUND(K41*(1+J41),0) -> 1518391 | M41: =+ROUND(L41*F41,0) -> 1518391 | N41: =+ROUND(L41*G41,0) -> 18220692 | O41: =+ROUND(L41*H41,0) -> 10628737 | P41: =+ROUND(L41*I41,0) -> 30367820
B42: 2.11 | C42: Cisco C9500-24Y4C ( EOL NO DEFINIDO ) | D42: Mes | E42: 4 | F42: 1 | G42: 12 | H42: 7 | I42: 20 | J42: 0.19 | K42: 1099611.3 | L42: =+ROUND(K42*(1+J42),0) -> 1308537 | M42: =+ROUND(L42*F42,0) -> 1308537 | N42: =+ROUND(L42*G42,0) -> 15702444 | O42: =+ROUND(L42*H42,0) -> 9159759 | P42: =+ROUND(L42*I42,0) -> 26170740
B43: 2.12 | C43: Cisco C9200L-48T-4X-E ( Eol NO DEFINIDO ) | D43: Mes | E43: 8 | F43: 1 | G43: 12 | H43: 7 | I43: 20 | J43: 0.19 | K43: 473655.81 | L43: =+ROUND(K43*(1+J43),0) -> 563650 | M43: =+ROUND(L43*F43,0) -> 563650 | N43: =+ROUND(L43*G43,0) -> 6763800 | O43: =+ROUND(L43*H43,0) -> 3945550 | P43: =+ROUND(L43*I43,0) -> 11273000
... B46: 2.15 | C46: Soporte para renovación 11100 licencias ISE Essentials (ISE-SEC-SUB) | D46: Mes | E46: 1 | F46: 1 | G46: 12 | H46: 7 | I46: 20 | J46: 0.19 | K46: 1098813 | L46: =+ROUND(K46*(1+J46),0) -> 1307587 | M46: =+ROUND(L46*F46,0) -> 1307587 | N46: =+ROUND(L46*G46,0) -> 15691044 | O46: =+ROUND(L46*H46,0) -> 9153109 | P46: =+ROUND(L46*I46,0) -> 26151740
B47: SUBTOTAL TABLA 2: Soporte y mantenimiento local del proponente para equipos LAN y UC del GRUPO 1: 7x24 SUBTOTAL SOPORTE Y MANTENIMIENTO LOCAL PROPONENTE | P47: =SUM(P32:P46) -> 603430977
B48: TABLA 3: Actualización de software, licenciamiento y soporte del fabricante para equipos LAN y UC GRUPO 2: 8x5NBD
B49: ÍTEM | C49: Descripción | D49: Unidad de Medida | E49: Cantidad equipos x modelo | F49: Vigencia (meses) 2024 | G49: Vigencia(meses) 2025 | H49: Vigencia (meses) 2026 | I49: TOTAL (meses) REQUERIDOS | J49: Tarifa IVA (%) | K49: VALOR UNITARIO MENSUAL ANTES DE IVA | L49: VALOR UNITARIO MENSUAL INCLUIDO IVA | M49: Valor mensual Iva incluido x número de meses vigencia 2024 | N49: Valor mensual Iva incluido x número de meses vigencia 2025 | O49: Valor mensual Iva incluido x número de meses vigencia 2026 | P49: VALOR TOTAL (VALOR MENSUAL INCLUIDO IVA x NUMEROS TOTAL DE MESES)
B50: 3.1 | C50: WS-C2960X-48FPD-L = Switches de acceso (EOL 31 de octubre de 2027) Servicio Cisco Smartnet 5x8xNBD | D50: Mes | E50: 62 | F50: 1 | G50: 12 | H50: 7 | I50: 20 | J50: 0.19 | K50: 14702510 | L50: =+ROUND(K50*(1+J50),0) -> 17495987 | M50: =+ROUND(L50*F50,0) -> 17495987 | N50: =+ROUND(L50*G50,0) -> 209951844 | O50: =+ROUND(L50*H50,0) -> 122471909 | P50: =+ROUND(L50*I50,0) -> 349919740
B51: 3.2 | C51: WS-C2960X-48LPD-L = Switches de acceso (31 de octubre de 2027) Servicio Cisco Smartnet 5x8xNBD | D51: Mes | E51: 11 | F51: 1 | G51: 12 | H51: 7 | I51: 20 | J51: 0.19 | K51: 2277665 | L51: =+ROUND(K51*(1+J51),0) -> 2710421 | M51: =+ROUND(L51*F51,0) -> 2710421 | N51: =+ROUND(L51*G51,0) -> 32525052 | O51: =+ROUND(L51*H51,0) -> 18972947 | P51: =+ROUND(L51*I51,0) -> 54208420
B52: 3.3 | C52: WS-C2960XR-48FPD-I = Switches de acceso (EOL 31 de octubre de 2027) Servicio Cisco Smartnet 5x8xNBD | D52: Mes | E52: 20 | F52: 1 | G52: 12 | H52: 7 | I52: 20 | J52: 0.19 | K52: 6873520.8 | L52: =+ROUND(K52*(1+J52),0) -> 8179490 | M52: =+ROUND(L52*F52,0) -> 8179490 | N52: =+ROUND(L52*G52,0) -> 98153880 | O52: =+ROUND(L52*H52,0) -> 57256430 | P52: =+ROUND(L52*I52,0) -> 163589800
B53: 3.4 | C53: Teléfono CP-8811-K9 Servicio Cisco Smartnet 5x8xNBD | D53: Mes | E53: 937 | F53: 1 | G53: 6 | H53: 0 | I53: 7 | J53: 0.19 | K53: 25564009 | L53: =+ROUND(K53*(1+J53),0) -> 30421171 | M53: =+ROUND(L53*F53,0) -> 30421171 | N53: =+ROUND(L53*G53,0) -> 182527026 | O53: =+ROUND(L53*H53,0) -> 0 | P53: =+ROUND(L53*I53,0) -> 212948197
B54: 3.5 | C54: Teléfono CP-8811-K9 (Tesoro) Servicio Cisco Smartnet 5x8xNBD | D54: Mes | E54: 19 | F54: 1 | G54: 12 | H54: 7 | I54: 20 | J54: 0.19 | K54: 181431 | L54: =+ROUND(K54*(1+J54),0) -> 215903 | M54: =+ROUND(L54*F54,0) -> 215903 | N54: =+ROUND(L54*G54,0) -> 2590836 | O54: =+ROUND(L54*H54,0) -> 1511321 | P54: =+ROUND(L54*I54,0) -> 4318060
B55: 3.6 | C55: Teléfono cisco de cámara 8865 Servicio Cisco Smartnet 5x8xNBD | D55: Mes | E55: 9 | F55: 1 | G55: 6 | H55: 7 | I55: 7 | J55: 0.19 | K55: 196898 | L55: =+ROUND(K55*(1+J55),0) -> 234309 | M55: =+ROUND(L55*F55,0) -> 234309 | N55: =+ROUND(L55*G55,0) -> 1405854 | O55: =+ROUND(L55*H55,0) -> 1640163 | P55: =+ROUND(L55*I55,0) -> 1640163
B56: 3.7 | C56: Teléfono cisco de cámara 8865 (Tesoro) Servicio Cisco Smartnet 5x8xNBD | D56: Mes | E56: 1 | F56: 1 | G56: 12 | H56: 7 | I56: 20 | J56: 0.19 | K56: 7657 | L56: =+ROUND(K56*(1+J56),0) -> 9112 | M56: =+ROUND(L56*F56,0) -> 9112 | N56: =+ROUND(L56*G56,0) -> 109344 | O56: =+ROUND(L56*H56,0) -> 63784 | P56: =+ROUND(L56*I56,0) -> 182240
B57: SUBTOTAL ACTUALIZACIÓN DE SOFTWARE, LICENCIAMIENTO Y SOPORTE DE FABRICANTE TABLA 3: Actualización de software, licenciamiento y soporte del fabricante para equipos LAN y UC GRUPO 2: 8x5NBD | P57: =SUM(P50:P56) -> 786806620
B58: TABLA 4: Soporte y mantenimiento local del proponente para equipos LAN y UC GRUPO 2: 8x5NBD
B59: ÍTEM | C59: Descripción | D59: Unidad de Medida | E59: Cantidad equipos x modelo | F59: Vigencia (meses) 2024 | G59: Vigencia(meses) 2025 | H59: Vigencia (meses) 2026 | I59: TOTAL (meses) REQUERIDOS | J59: Tarifa IVA (%) | K59: VALOR UNITARIO MENSUAL ANTES DE IVA | L59: VALOR UNITARIO MENSUAL INCLUIDO IVA | M59: Valor mensual Iva incluido x número de meses vigencia 2024 | N59: Valor mensual Iva incluido x número de meses vigencia 2025 | O59: Valor mensual Iva incluido x número de meses vigencia 2026 | P59: VALOR TOTAL (VALOR MENSUAL INCLUIDO IVA x NUMEROS TOTAL DE MESES)
B60: 4.1 | C60: WS-C2960X-48FPD-L = Switches de acceso (EOL 31 de octubre de 2027) | D60: Mes | E60: 62 | F60: 1 | G60: 12 | H60: 7 | I60: 20 | J60: 0.19 | K60: 1266765.9 | L60: =+ROUND(K60*(1+J60),0) -> 1507451 | M60: =+ROUND(L60*F60,0) -> 1507451 | N60: =+ROUND(L60*G60,0) -> 18089412 | O60: =+ROUND(L60*H60,0) -> 10552157 | P60: =+ROUND(L60*I60,0) -> 30149020
B61: 4.2 | C61: WS-C2960X-48LPD-L = Switches de acceso (31 de octubre de 2027) | D61: Mes | E61: 11 | F61: 1 | G61: 12 | H61: 7 | I61: 20 | J61: 0.19 | K61: 1106098.3 | L61: =+ROUND(K61*(1+J61),0) -> 1316257 | M61: =+ROUND(L61*F61,0) -> 1316257 | N61: =+ROUND(L61*G61,0) -> 15795084 | O61: =+ROUND(L61*H61,0) -> 9213799 | P61: =+ROUND(L61*I61,0) -> 26325140
B62: 4.3 | C62: WS-C2960XR- 48FPD-I = Switches de acceso (EOL 31 de octubre de 2027) | D62: Mes | E62: 20 | F62: 1 | G62: 12 | H62: 7 | I62: 20 | J62: 0.19 | K62: 1835886.5 | L62: =+ROUND(K62*(1+J62),0) -> 2184705 | M62: =+ROUND(L62*F62,0) -> 2184705 | N62: =+ROUND(L62*G62,0) -> 26216460 | O62: =+ROUND(L62*H62,0) -> 15292935 | P62: =+ROUND(L62*I62,0) -> 43694100
B63: 4.4 | C63: Teléfono CP-8811-K9 | D63: Mes | E63: 937 | F63: 1 | G63: 6 | H63: 0 | I63: 7 | J63: 0.19 | K63: 6828000 | L63: =+ROUND(K63*(1+J63),0) -> 8125320 | M63: =+ROUND(L63*F63,0) -> 8125320 | N63: =+ROUND(L63*G63,0) -> 48751920 | O63: =+ROUND(L63*H63,0) -> 0 | P63: =+ROUND(L63*I63,0) -> 56877240
B64: 4.5 | C64: Teléfono CP-8811-K9 (Tesoro) | D64: Mes | E64: 19 | F64: 1 | G64: 12 | H64: 7 | I64: 20 | J64: 0.19 | K64: 48459.351 | L64: =+ROUND(K64*(1+J64),0) -> 57667 | M64: =+ROUND(L64*F64,0) -> 57667 | N64: =+ROUND(L64*G64,0) -> 692004 | O64: =+ROUND(L64*H64,0) -> 403669 | P64: =+ROUND(L64*I64,0) -> 1153340
B65: 4.6 | C65: Teléfono cisco de cámara 8865 | D65: Mes | E65: 9 | F65: 1 | G65: 6 | H65: 7 | I65: 7 | J65: 0.19 | K65: 52591.449 | L65: =+ROUND(K65*(1+J65),0) -> 62584 | M65: =+ROUND(L65*F65,0) -> 62584 | N65: =+ROUND(L65*G65,0) -> 375504 | O65: =+ROUND(L65*H65,0) -> 438088 | P65: =+ROUND(L65*I65,0) -> 438088
B66: 4.7 | C66: Teléfono cisco de cámara 8865 (Tesoro) | D66: Mes | E66: 1 | F66: 1 | G66: 12 | H66: 7 | I66: 20 | J66: 0.19 | K66: 2045.2994 | L66: =+ROUND(K66*(1+J66),0) -> 2434 | M66: =+ROUND(L66*F66,0) -> 2434 | N66: =+ROUND(L66*G66,0) -> 29208 | O66: =+ROUND(L66*H66,0) -> 17038 | P66: =+ROUND(L66*I66,0) -> 48680
B67: SUBTOTAL SOPORTE Y MANTENIMIENTO LOCAL PROPONENTE TABLA 4: Soporte y mantenimiento local del proponente para equipos LAN y UC GRUPO 2: 8x5NBD | P67: =SUM(P60:P66) -> 158685608
B68: TOTAL CONTRATO IVA INCLUIDO | P68: =SUM(P29,P47,P57,P67) -> 3874144972
B70: OBSERVACIONES del COTIZANTE (Solo si aplica):

Sheet Cotización2.
C2: Objeto: | D2: Prestar el servicio de mantenimiento, soporte técnico y actualización, para las soluciones de comunicaciones unificadas y para equipos activos y de gestión de red de área local - LAN del Ministerio de Hacienda y Crédito Público
C4: Nombre o Razón Social: | L4: Email:
C5: NI: | L5: Ciudad:
C6: Persona de contacto; | L6: Celular:
A8: Instrucciones para el diligenciamiento:
A9: • Por favor diligenciar solo las celdas en color Amarillo • Los precios unitarios deberán ser expresado en PESOS COLOMBIANOS y en números entreros. Por favor incluir valores ajustados al peso de conformidad con lo establecido en la Ley 31 de 1992, la unidad monetaria y de cuenta del país es el peso colombiano, en tanto que las fracciones denominadas centavos no volvieron a ser acuñadas por dicha autoridad y por lo mismo no hacen parte de la unidad monetaria ni de cuenta en Colombia. • No se permite modificar, agregar o quitar ningún ítem o sub-ítem. • Para los precios por favor tener en cuenta el documento word "Solicitud de Información para Estudio de Mercado". • Los equipos UCS C240 M6SX actualmente tienen contratado soporte local hasta diciembre de 2025, razón por la cual se solicita solo cotizar 7 meses del año 2026.
B12: TABLA 1: Actualización de software, licenciamiento y soporte del fabricante para equipos LAN y UC grupo1: 7*24
B13: ÍTEM | C13: Descripción | D13: Unidad de Medida | E13: Cantidad equipos x modelo | F13: Vigencia (meses) 2024 | G13: Vigencia (meses) 2025 | H13: Vigencia (meses) 2026 | I13: TOTAL (meses) REQUERIDOS | J13: Tarifa IVA (%) | K13: VALOR UNITARIO MENSUAL ANTES DE IVA | L13: VALOR UNITARIO MENSUAL INCLUIDO IVA | M13: Valor mensual Iva incluido x número de meses vigencia 2024 | N13: Valor mensual Iva incluido x número de meses vigencia 2025 | O13: Valor mensual Iva incluido x número de meses vigencia 2026 | P13: VALOR TOTAL (VALOR MENSUAL INCLUIDO IVA x NUMEROS TOTAL DE MESES)
B14: 1.1 | C14: N77-C7706 = Switches de Core (EOL NO DEFINIDO) Soporte Cisco Success Tracks | D14: Mes | E14: 4 | F14: 1 | G14: 12 | H14: 7 | I14: 20 | J14: 0.19 | K14: 37522178 | L14: =+ROUND(K14*(1+J14),0) -> 44651392 | M14: =+ROUND(L14*F14,0) -> 44651392 | N14: =+ROUND(L14*G14,0) -> 535816704 | O14: =+ROUND(L14*H14,0) -> 312559744 | P14: =+ROUND(L14*I14,0) -> 893027840
B15: 1.2 | C15: WS-C4500X-40X-ES = (EOL October 31, 2025) Soporte Cisco Smartnet 7x24x4 | D15: Mes | E15: 4 | F15: 1 | G15: 10 | H15: 0 | I15: 11 | J15: 0.19 | K15: 12210680 | L15: =+ROUND(K15*(1+J15),0) -> 14530709 | M15: =+ROUND(L15*F15,0) -> 14530709 | N15: =+ROUND(L15*G15,0) -> 145307090 | O15: =+ROUND(L15*H15,0) -> 0 | P15: =+ROUND(L15*I15,0) -> 159837799
B16: 1.3 | C16: WS-C2960XR-48LPD-I = (EOL 31 de octubre de2027) Soporte Cisco Smartnet 7x24x4 | D16: Mes | E16: 2 | F16: 1 | G16: 12 | H16: 7 | I16: 20 | J16: 0.19 | K16: 983038.49 | L16: =+ROUND(K16*(1+J16),0) -> 1169816 | M16: =+ROUND(L16*F16,0) -> 1169816 | N16: =+ROUND(L16*G16,0) -> 14037792 | O16: =+ROUND(L16*H16,0) -> 8188712 | P16: =+ROUND(L16*I16,0) -> 23396320
B17: 1.4 | C17: WS-C2960X-48FPD-L = (EOL 31 de octubre de2027) Soporte Cisco Smartnet 7x24x4 | D17: Mes | E17: 6 | F17: 1 | G17: 12 | H17: 7 | I17: 20 | J17: 0.19 | K17: 2248814.6 | L17: =+ROUND(K17*(1+J17),0) -> 2676089 | M17: =+ROUND(L17*F17,0) -> 2676089 | N17: =+ROUND(L17*G17,0) -> 32113068 | O17: =+ROUND(L17*H17,0) -> 18732623 | P17: =+ROUND(L17*I17,0) -> 53521780
B18: 1.5 | C18: WS-C3850-12XS = (EOL October 31, 2025) Soporte Cisco Smartnet 7x24x4 | D18: Mes | E18: 2 | F18: 1 | G18: 10 | H18: 0 | I18: 11 | J18: 0.19 | K18: 2768332.7 | L18: =+ROUND(K18*(1+J18),0) -> 3294316 | M18: =+ROUND(L18*F18,0) -> 3294316 | N18: =+ROUND(L18*G18,0) -> 32943160 | O18: =+ROUND(L18*H18,0) -> 0 | P18: =+ROUND(L18*I18,0) -> 36237476
B19: 1.6 | C19: UCS C240 M6SX (EOL NO DEFINIDO) Soporte Cisco Smartnet 7x24x4 | D19: Mes | E19: 2 | F19: 0 | G19: 0 | H19: 7 | I19: 7 | J19: 0.19 | K19: 989332.64 | L19: =+ROUND(K19*(1+J19),0) -> 1177306 | M19: =+ROUND(L19*F19,0) -> 0 | N19: =+ROUND(L19*G19,0) -> 0 | O19: =+ROUND(L19*H19,0) -> 8241142 | P19: =+ROUND(L19*I19,0) -> 8241142
B20: 1.7 | C20: N9K-C9364C en funcionalidad SPINE (EOL NO DEFINIDO) Soporte Cisco Success Tracks | D20: Mes | E20: 2 | F20: 1 | G20: 12 | H20: 7 | I20: 20 | J20: 0.19 | K20: 3456328.7 | L20: =+ROUND(K20*(1+J20),0) -> 4113031 | M20: =+ROUND(L20*F20,0) -> 4113031 | N20: =+ROUND(L20*G20,0) -> 49356372 | O20: =+ROUND(L20*H20,0) -> 28791217 | P20: =+ROUND(L20*I20,0) -> 82260620
B21: 1.8 | C21: N9K-C9348GC-FXP en funcionalidad LEAF (EOL 28 de febrero de 2026) Soporte Cisco Success Tracks | D21: Mes | E21: 4 | F21: 1 | G21: 12 | H21: 2 | I21: 15 | J21: 0.19 | K21: 2005501.2 | L21: =+ROUND(K21*(1+J21),0) -> 2386546 | M21: =+ROUND(L21*F21,0) -> 2386546 | N21: =+ROUND(L21*G21,0) -> 28638552 | O21: =+ROUND(L21*H21,0) -> 4773092 | P21: =+ROUND(L21*I21,0) -> 35798190
B22: 1.9 | C22: N9K-C93180YC-EX en funcionalidad LEAF (EOL 28 de febrero de 2026) Soporte Cisco Success Tracks | D22: Mes | E22: 4 | F22: 1 | G22: 12 | H22: 2 | I22: 15 | J22: 0.19 | K22: 3533492.2 | L22: =+ROUND(K22*(1+J22),0) -> 4204856 | M22: =+ROUND(L22*F22,0) -> 4204856 | N22: =+ROUND(L22*G22,0) -> 50458272 | O22: =+ROUND(L22*H22,0) -> 8409712 | P22: =+ROUND(L22*I22,0) -> 63072840
B23: 1.10 | C23: Cisco Firepower 2130 NGFW Appliance (EOL NO DEFINIDO) Soporte Cisco Success Tracks | D23: Mes | E23: 2 | F23: 1 | G23: 12 | H23: 7 | I23: 20 | J23: 0.19 | K23: 4720771.9 | L23: =+ROUND(K23*(1+J23),0) -> 5617719 | M23: =+ROUND(L23*F23,0) -> 5617719 | N23: =+ROUND(L23*G23,0) -> 67412628 | O23: =+ROUND(L23*H23,0) -> 39324033 | P23: =+ROUND(L23*I23,0) -> 112354380
B24: 1.11 | C24: Cisco C9500-24Y4C ( EOL NO DEFINIDO ) Soporte Cisco Smartnet 7x24x4 | D24: Mes | E24: 4 | F24: 1 | G24: 12 | H24: 7 | I24: 20 | J24: 0.19 | K24: 4068325.4 | L24: =+ROUND(K24*(1+J24),0) -> 4841307 | M24: =+ROUND(L24*F24,0) -> 4841307 | N24: =+ROUND(L24*G24,0) -> 58095684 | O24: =+ROUND(L24*H24,0) -> 33889149 | P24: =+ROUND(L24*I24,0) -> 96826140
B25: 1.12 | C25: Cisco C9200L-48T-4X-E ( Eol NO DEFINIDO ) Soporte Cisco Smartnet 7x24x4 | D25: Mes | E25: 8 | F25: 1 | G25: 12 | H25: 7 | I25: 20 | J25: 0.19 | K25: 1752424.7 | L25: =+ROUND(K25*(1+J25),0) -> 2085385 | M25: =+ROUND(L25*F25,0) -> 2085385 | N25: =+ROUND(L25*G25,0) -> 25024620 | O25: =+ROUND(L25*H25,0) -> 14597695 | P25: =+ROUND(L25*I25,0) -> 41707700
... B27: 1.14 | C27: Solución de Tarificador Eagle. Actualización de Software y Licenciamiento y Soporte Fabricante | D27: Mes | E27: 1 | F27: 1 | G27: 12 | H27: 7 | I27: 20 | J27: 0.19 | K27: 2980818.2 | L27: =+ROUND(K27*(1+J27),0) -> 3547174 | M27: =+ROUND(L27*F27,0) -> 3547174 | N27: =+ROUND(L27*G27,0) -> 42566088 | O27: =+ROUND(L27*H27,0) -> 24830218 | P27: =+ROUND(L27*I27,0) -> 70943480
B28: 1.15 | C28: Renovación 11100 licencias ISE Essentials (ISE-SEC-SUB) | D28: Servicio | E28: 1 | F28: Valor total del servicio de la renovación por 20 meses: | J28: 0.19 | K28: 81307436 | P28: =+ROUND(K28*(1+J28),0) -> 96755849
B29: SUBTOTAL TABLA 1: Actualización de software, licenciamiento y soporte del fabricante para equipos LAN y UC grupo1: 7*24 SUBTOTAL ACTUALIZACIÓN DE SOFTWARE, LICENCIAMIENTO Y SOPORTE DE FABRICANTE | P29: =SUM(P14:P28) -> 2297774736
B30: TABLA 2: Soporte y mantenimiento local del proponente para equipos LAN y UC del GRUPO 1: 7x24
B31: ÍTEM | C31: Descripción | D31: Unidad de Medida | E31: Cantidad equipos x modelo | F31: Vigencia (meses) 2024 | G31: Vigencia(meses) 2025 | H31: Vigencia (meses) 2026 | I31: TOTAL (meses) REQUERIDOS | J31: Tarifa IVA (%) | K31: VALOR UNITARIO MENSUAL ANTES DE IVA | L31: VALOR UNITARIO MENSUAL INCLUIDO IVA | M31: Valor mensual Iva incluido x número de meses vigencia 2024 | N31: Valor mensual Iva incluido x número de meses vigencia 2025 | O31: Valor mensual Iva incluido x número de meses vigencia 2026 | P31: VALOR TOTAL (VALOR MENSUAL INCLUIDO IVA x NUMEROS TOTAL DE MESES)
B32: 2.1 | C32: N77-C7706 = Switches de Core (EOL NO DEFINIDO) | D32: Mes | E32: 4 | F32: 1 | G32: 12 | H32: 7 | I32: 20 | J32: 0.19 | K32: 10022005 | L32: =+ROUND(K32*(1+J32),0) -> 11926186 | M32: =+ROUND(L32*F32,0) -> 11926186 | N32: =+ROUND(L32*G32,0) -> 143114232 | O32: =+ROUND(L32*H32,0) -> 83483302 | P32: =+ROUND(L32*I32,0) -> 238523720
B33: 2.2 | C33: WS-C4500X-40X-ES = (EOL October 31, 2025) | D33: Mes | E33: 4 | F33: 1 | G33: 10 | H33: 0 | I33: 11 | J33: 0.19 | K33: 3261417.7 | L33: =+ROUND(K33*(1+J33),0) -> 3881087 | M33: =+ROUND(L33*F33,0) -> 3881087 | N33: =+ROUND(L33*G33,0) -> 38810870 | O33: =+ROUND(L33*H33,0) -> 0 | P33: =+ROUND(L33*I33,0) -> 42691957
B34: 2.3 | C34: WS-C2960XR-48LPD-I = (EOL 31 de octubre de 2027) | D34: Mes | E34: 2 | F34: 1 | G34: 12 | H34: 7 | I34: 20 | J34: 0.19 | K34: 262565.16 | L34: =+ROUND(K34*(1+J34),0) -> 312453 | M34: =+ROUND(L34*F34,0) -> 312453 | N34: =+ROUND(L34*G34,0) -> 3749436 | O34: =+ROUND(L34*H34,0) -> 2187171 | P34: =+ROUND(L34*I34,0) -> 6249060
B35: 2.4 | C35: WS-C2960X-48FPD-L = (EOL 31 de octubre de 2027) | D35: Mes | E35: 6 | F35: 1 | G35: 12 | H35: 7 | I35: 20 | J35: 0.19 | K35: 600648.27 | L35: =+ROUND(K35*(1+J35),0) -> 714771 | M35: =+ROUND(L35*F35,0) -> 714771 | N35: =+ROUND(L35*G35,0) -> 8577252 | O35: =+ROUND(L35*H35,0) -> 5003397 | P35: =+ROUND(L35*I35,0) -> 14295420
B36: 2.5 | C36: WS-C3850-12XS = (EOL October 31, 2025) | D36: Mes | E36: 2 | F36: 1 | G36: 10 | H36: 0 | I36: 11 | J36: 0.19 | K36: 739409.21 | L36: =+ROUND(K36*(1+J36),0) -> 879897 | M36: =+ROUND(L36*F36,0) -> 879897 | N36: =+ROUND(L36*G36,0) -> 8798970 | O36: =+ROUND(L36*H36,0) -> 0 | P36: =+ROUND(L36*I36,0) -> 9678867
B37: 2.6 | C37: UCS C240 M6SX (EOL NO DEFINIDO) | D37: Mes | E37: 2 | F37: 0 | G37: 0 | H37: 7 | I37: 7 | J37: 0.19 | K37: 264246.3 | L37: =+ROUND(K37*(1+J37),0) -> 314453 | M37: =+ROUND(L37*F37,0) -> 0 | N37: =+ROUND(L37*G37,0) -> 0 | O37: =+ROUND(L37*H37,0) -> 2201171 | P37: =+ROUND(L37*I37,0) -> 2201171
B38: 2.7 | C38: N9K-C9364C en funcionalidad SPINE (EOL NO DEFINIDO) | D38: Mes | E38: 2 | F38: 1 | G38: 12 | H38: 7 | I38: 20 | J38: 0.19 | K38: 923169.84 | L38: =+ROUND(K38*(1+J38),0) -> 1098572 | M38: =+ROUND(L38*F38,0) -> 1098572 | N38: =+ROUND(L38*G38,0) -> 13182864 | O38: =+ROUND(L38*H38,0) -> 7690004 | P38: =+ROUND(L38*I38,0) -> 21971440
B39: 2.8 | C39: N9K-C9348GC-FXP en funcionalidad LEAF (EOL 28 de febrero de 2026) | D39: Mes | E39: 4 | F39: 1 | G39: 12 | H39: 2 | I39: 15 | J39: 0.19 | K39: 535660.34 | L39: =+ROUND(K39*(1+J39),0) -> 637436 | M39: =+ROUND(L39*F39,0) -> 637436 | N39: =+ROUND(L39*G39,0) -> 7649232 | O39: =+ROUND(L39*H39,0) -> 1274872 | P39: =+ROUND(L39*I39,0) -> 9561540
B40: 2.9 | C40: N9K-C93180YC-EX en funcionalidad LEAF (EOL 28 de febrero de 2026) | D40: Mes | E40: 4 | F40: 1 | G40: 12 | H40: 2 | I40: 15 | J40: 0.19 | K40: 943779.87 | L40: =+ROUND(K40*(1+J40),0) -> 1123098 | M40: =+ROUND(L40*F40,0) -> 1123098 | N40: =+ROUND(L40*G40,0) -> 13477176 | O40: =+ROUND(L40*H40,0) -> 2246196 | P40: =+ROUND(L40*I40,0) -> 16846470
B41: 2.10 | C41: Cisco Firepower 2130 NGFW Appliance (EOL NO DEFINIDO) | D41: Mes | E41: 2 | F41: 1 | G41: 12 | H41: 7 | I41: 20 | J41: 0.19 | K41: 1260896.9 | L41: =+ROUND(K41*(1+J41),0) -> 1500467 | M41: =+ROUND(L41*F41,0) -> 1500467 | N41: =+ROUND(L41*G41,0) -> 18005604 | O41: =+ROUND(L41*H41,0) -> 10503269 | P41: =+ROUND(L41*I41,0) -> 30009340
B42: 2.11 | C42: Cisco C9500-24Y4C ( EOL NO DEFINIDO ) | D42: Mes | E42: 4 | F42: 1 | G42: 12 | H42: 7 | I42: 20 | J42: 0.19 | K42: 1086631.4 | L42: =+ROUND(K42*(1+J42),0) -> 1293091 | M42: =+ROUND(L42*F42,0) -> 1293091 | N42: =+ROUND(L42*G42,0) -> 15517092 | O42: =+ROUND(L42*H42,0) -> 9051637 | P42: =+ROUND(L42*I42,0) -> 25861820
B43: 2.12 | C43: Cisco C9200L-48T-4X-E ( Eol NO DEFINIDO ) | D43: Mes | E43: 8 | F43: 1 | G43: 12 | H43: 7 | I43: 20 | J43: 0.19 | K43: 468064.76 | L43: =+ROUND(K43*(1+J43),0) -> 556997 | M43: =+ROUND(L43*F43,0) -> 556997 | N43: =+ROUND(L43*G43,0) -> 6683964 | O43: =+ROUND(L43*H43,0) -> 3898979 | P43: =+ROUND(L43*I43,0) -> 11139940
... B46: 2.15 | C46: Soporte para renovación 11100 licencias ISE Essentials (ISE-SEC-SUB) | D46: Mes | E46: 1 | F46: 1 | G46: 12 | H46: 7 | I46: 20 | J46: 0.19 | K46: 1085842.5 | L46: =+ROUND(K46*(1+J46),0) -> 1292153 | M46: =+ROUND(L46*F46,0) -> 1292153 | N46: =+ROUND(L46*G46,0) -> 15505836 | O46: =+ROUND(L46*H46,0) -> 9045071 | P46: =+ROUND(L46*I46,0) -> 25843060
B47: SUBTOTAL TABLA 2: Soporte y mantenimiento local del proponente para equipos LAN y UC del GRUPO 1: 7x24 SUBTOTAL SOPORTE Y MANTENIMIENTO LOCAL PROPONENTE | P47: =SUM(P32:P46) -> 596308045
B48: TABLA 3: Actualización de software, licenciamiento y soporte del fabricante para equipos LAN y UC GRUPO 2: 8x5NBD
B49: ÍTEM | C49: Descripción | D49: Unidad de Medida | E49: Cantidad equipos x modelo | F49: Vigencia (meses) 2024 | G49: Vigencia(meses) 2025 | H49: Vigencia (meses) 2026 | I49: TOTAL (meses) REQUERIDOS | J49: Tarifa IVA (%) | K49: VALOR UNITARIO MENSUAL ANTES DE IVA | L49: VALOR UNITARIO MENSUAL INCLUIDO IVA | M49: Valor mensual Iva incluido x número de meses vigencia 2024 | N49: Valor mensual Iva incluido x número de meses vigencia 2025 | O49: Valor mensual Iva incluido x número de meses vigencia 2026 | P49: VALOR TOTAL (VALOR MENSUAL INCLUIDO IVA x NUMEROS TOTAL DE MESES)
B50: 3.1 | C50: WS-C2960X-48FPD-L = Switches de acceso (EOL 31 de octubre de 2027) Servicio Cisco Smartnet 5x8xNBD | D50: Mes | E50: 62 | F50: 1 | G50: 12 | H50: 7 | I50: 20 | J50: 0.19 | K50: 14528961 | L50: =+ROUND(K50*(1+J50),0) -> 17289463 | M50: =+ROUND(L50*F50,0) -> 17289463 | N50: =+ROUND(L50*G50,0) -> 207473556 | O50: =+ROUND(L50*H50,0) -> 121026241 | P50: =+ROUND(L50*I50,0) -> 345789260
B51: 3.2 | C51: WS-C2960X-48LPD-L = Switches de acceso (31 de octubre de 2027) Servicio Cisco Smartnet 5x8xNBD | D51: Mes | E51: 11 | F51: 1 | G51: 12 | H51: 7 | I51: 20 | J51: 0.19 | K51: 2250779.4 | L51: =+ROUND(K51*(1+J51),0) -> 2678427 | M51: =+ROUND(L51*F51,0) -> 2678427 | N51: =+ROUND(L51*G51,0) -> 32141124 | O51: =+ROUND(L51*H51,0) -> 18748989 | P51: =+ROUND(L51*I51,0) -> 53568540
B52: 3.3 | C52: WS-C2960XR-48FPD-I = Switches de acceso (EOL 31 de octubre de 2027) Servicio Cisco Smartnet 5x8xNBD | D52: Mes | E52: 20 | F52: 1 | G52: 12 | H52: 7 | I52: 20 | J52: 0.19 | K52: 6792385.4 | L52: =+ROUND(K52*(1+J52),0) -> 8082939 | M52: =+ROUND(L52*F52,0) -> 8082939 | N52: =+ROUND(L52*G52,0) -> 96995268 | O52: =+ROUND(L52*H52,0) -> 56580573 | P52: =+ROUND(L52*I52,0) -> 161658780
B53: 3.4 | C53: Teléfono CP-8811-K9 Servicio Cisco Smartnet 5x8xNBD | D53: Mes | E53: 937 | F53: 1 | G53: 6 | H53: 0 | I53: 7 | J53: 0.19 | K53: 25262251 | L53: =+ROUND(K53*(1+J53),0) -> 30062078 | M53: =+ROUND(L53*F53,0) -> 30062078 | N53: =+ROUND(L53*G53,0) -> 180372468 | O53: =+ROUND(L53*H53,0) -> 0 | P53: =+ROUND(L53*I53,0) -> 210434546
B54: 3.5 | C54: Teléfono CP-8811-K9 (Tesoro) Servicio Cisco Smartnet 5x8xNBD | D54: Mes | E54: 19 | F54: 1 | G54: 12 | H54: 7 | I54: 20 | J54: 0.19 | K54: 179289.18 | L54: =+ROUND(K54*(1+J54),0) -> 213354 | M54: =+ROUND(L54*F54,0) -> 213354 | N54: =+ROUND(L54*G54,0) -> 2560248 | O54: =+ROUND(L54*H54,0) -> 1493478 | P54: =+ROUND(L54*I54,0) -> 4267080
B55: 3.6 | C55: Teléfono cisco de cámara 8865 Servicio Cisco Smartnet 5x8xNBD | D55: Mes | E55: 9 | F55: 1 | G55: 6 | H55: 7 | I55: 7 | J55: 0.19 | K55: 194573.86 | L55: =+ROUND(K55*(1+J55),0) -> 231543 | M55: =+ROUND(L55*F55,0) -> 231543 | N55: =+ROUND(L55*G55,0) -> 1389258 | O55: =+ROUND(L55*H55,0) -> 1620801 | P55: =+ROUND(L55*I55,0) -> 1620801
B56: 3.7 | C56: Teléfono cisco de cámara 8865 (Tesoro) Servicio Cisco Smartnet 5x8xNBD | D56: Mes | E56: 1 | F56: 1 | G56: 12 | H56: 7 | I56: 20 | J56: 0.19 | K56: 7566.7613 | L56: =+ROUND(K56*(1+J56),0) -> 9004 | M56: =+ROUND(L56*F56,0) -> 9004 | N56: =+ROUND(L56*G56,0) -> 108048 | O56: =+ROUND(L56*H56,0) -> 63028 | P56: =+ROUND(L56*I56,0) -> 180080
B57: SUBTOTAL ACTUALIZACIÓN DE SOFTWARE, LICENCIAMIENTO Y SOPORTE DE FABRICANTE TABLA 3: Actualización de software, licenciamiento y soporte del fabricante para equipos LAN y UC GRUPO 2: 8x5NBD | P57: =SUM(P50:P56) -> 777519087
B58: TABLA 4: Soporte y mantenimiento local del proponente para equipos LAN y UC GRUPO 2: 8x5NBD
B59: ÍTEM | C59: Descripción | D59: Unidad de Medida | E59: Cantidad equipos x modelo | F59: Vigencia (meses) 2024 | G59: Vigencia(meses) 2025 | H59: Vigencia (meses) 2026 | I59: TOTAL (meses) REQUERIDOS | J59: Tarifa IVA (%) | K59: VALOR UNITARIO MENSUAL ANTES DE IVA | L59: VALOR UNITARIO MENSUAL INCLUIDO IVA | M59: Valor mensual Iva incluido x número de meses vigencia 2024 | N59: Valor mensual Iva incluido x número de meses vigencia 2025 | O59: Valor mensual Iva incluido x número de meses vigencia 2026 | P59: VALOR TOTAL (VALOR MENSUAL INCLUIDO IVA x NUMEROS TOTAL DE MESES)
B60: 4.1 | C60: WS-C2960X-48FPD-L = Switches de acceso (EOL 31 de octubre de 2027) | D60: Mes | E60: 62 | F60: 1 | G60: 12 | H60: 7 | I60: 20 | J60: 0.19 | K60: 4675921.1 | L60: =+ROUND(K60*(1+J60),0) -> 5564346 | M60: =+ROUND(L60*F60,0) -> 5564346 | N60: =+ROUND(L60*G60,0) -> 66772152 | O60: =+ROUND(L60*H60,0) -> 38950422 | P60: =+ROUND(L60*I60,0) -> 111286920
B61: 4.2 | C61: WS-C2960X-48LPD-L = Switches de acceso (31 de octubre de 2027) | D61: Mes | E61: 11 | F61: 1 | G61: 12 | H61: 7 | I61: 20 | J61: 0.19 | K61: 601173.04 | L61: =+ROUND(K61*(1+J61),0) -> 715396 | M61: =+ROUND(L61*F61,0) -> 715396 | N61: =+ROUND(L61*G61,0) -> 8584752 | O61: =+ROUND(L61*H61,0) -> 5007772 | P61: =+ROUND(L61*I61,0) -> 14307920
B62: 4.3 | C62: WS-C2960XR- 48FPD-I = Switches de acceso (EOL 31 de octubre de 2027) | D62: Mes | E62: 20 | F62: 1 | G62: 12 | H62: 7 | I62: 20 | J62: 0.19 | K62: 1814215.6 | L62: =+ROUND(K62*(1+J62),0) -> 2158917 | M62: =+ROUND(L62*F62,0) -> 2158917 | N62: =+ROUND(L62*G62,0) -> 25907004 | O62: =+ROUND(L62*H62,0) -> 15112419 | P62: =+ROUND(L62*I62,0) -> 43178340
B63: 4.4 | C63: Teléfono CP-8811-K9 | D63: Mes | E63: 937 | F63: 1 | G63: 6 | H63: 0 | I63: 7 | J63: 0.19 | K63: 6747311 | L63: =+ROUND(K63*(1+J63),0) -> 8029300 | M63: =+ROUND(L63*F63,0) -> 8029300 | N63: =+ROUND(L63*G63,0) -> 48175800 | O63: =+ROUND(L63*H63,0) -> 0 | P63: =+ROUND(L63*I63,0) -> 56205100
B64: 4.5 | C64: Teléfono CP-8811-K9 (Tesoro) | D64: Mes | E64: 19 | F64: 1 | G64: 12 | H64: 7 | I64: 20 | J64: 0.19 | K64: 47887.335 | L64: =+ROUND(K64*(1+J64),0) -> 56986 | M64: =+ROUND(L64*F64,0) -> 56986 | N64: =+ROUND(L64*G64,0) -> 683832 | O64: =+ROUND(L64*H64,0) -> 398902 | P64: =+ROUND(L64*I64,0) -> 1139720
B65: 4.6 | C65: Teléfono cisco de cámara 8865 | D65: Mes | E65: 9 | F65: 1 | G65: 6 | H65: 7 | I65: 7 | J65: 0.19 | K65: 51970.657 | L65: =+ROUND(K65*(1+J65),0) -> 61845 | M65: =+ROUND(L65*F65,0) -> 61845 | N65: =+ROUND(L65*G65,0) -> 371070 | O65: =+ROUND(L65*H65,0) -> 432915 | P65: =+ROUND(L65*I65,0) -> 432915
B66: 4.7 | C66: Teléfono cisco de cámara 8865 (Tesoro) | D66: Mes | E66: 1 | F66: 1 | G66: 12 | H66: 7 | I66: 20 | J66: 0.19 | K66: 2021.1566 | L66: =+ROUND(K66*(1+J66),0) -> 2405 | M66: =+ROUND(L66*F66,0) -> 2405 | N66: =+ROUND(L66*G66,0) -> 28860 | O66: =+ROUND(L66*H66,0) -> 16835 | P66: =+ROUND(L66*I66,0) -> 48100
B67: SUBTOTAL SOPORTE Y MANTENIMIENTO LOCAL PROPONENTE TABLA 4: Soporte y mantenimiento local del proponente para equipos LAN y UC GRUPO 2: 8x5NBD | P67: =SUM(P60:P66) -> 226599015
B68: TOTAL CONTRATO IVA INCLUIDO | P68: =SUM(P29,P47,P57,P67) -> 3898200883
B70: OBSERVACIONES del COTIZANTE (Solo si aplica):

Sheet Cotizacion3. 
C2: Objeto: | D2: Prestar el servicio de mantenimiento, soporte técnico y actualización, para las soluciones de comunicaciones unificadas y para equipos activos y de gestión de red de área local - LAN del Ministerio de Hacienda y Crédito Público
C4: Nombre o Razón Social: | L4: Email:
C5: NI: | L5: Ciudad:
C6: Persona de contacto; | L6: Celular:
A8: Instrucciones para el diligenciamiento:
A9: • Por favor diligenciar solo las celdas en color Amarillo • Los precios unitarios deberán ser expresado en PESOS COLOMBIANOS y en números entreros. Por favor incluir valores ajustados al peso de conformidad con lo establecido en la Ley 31 de 1992, la unidad monetaria y de cuenta del país es el peso colombiano, en tanto que las fracciones denominadas centavos no volvieron a ser acuñadas por dicha autoridad y por lo mismo no hacen parte de la unidad monetaria ni de cuenta en Colombia. • No se permite modificar, agregar o quitar ningún ítem o sub-ítem. • Para los precios por favor tener en cuenta el documento word "Solicitud de Información para Estudio de Mercado". • Los equipos UCS C240 M6SX actualmente tienen contratado soporte local hasta diciembre de 2025, razón por la cual se solicita solo cotizar 7 meses del año 2026.
B12: TABLA 1: Actualización de software, licenciamiento y soporte del fabricante para equipos LAN y UC grupo1: 7*24
B13: ÍTEM | C13: Descripción | D13: Unidad de Medida | E13: Cantidad equipos x modelo | F13: Vigencia (meses) 2024 | G13: Vigencia (meses) 2025 | H13: Vigencia (meses) 2026 | I13: TOTAL (meses) REQUERIDOS | J13: Tarifa IVA (%) | K13: VALOR UNITARIO MENSUAL ANTES DE IVA | L13: VALOR UNITARIO MENSUAL INCLUIDO IVA | M13: Valor mensual Iva incluido x número de meses vigencia 2024 | N13: Valor mensual Iva incluido x número de meses vigencia 2025 | O13: Valor mensual Iva incluido x número de meses vigencia 2026 | P13: VALOR TOTAL (VALOR MENSUAL INCLUIDO IVA x NUMEROS TOTAL DE MESES)
B14: 1.1 | C14: N77-C7706 = Switches de Core (EOL NO DEFINIDO) Soporte Cisco Success Tracks | D14: Mes | E14: 4 | F14: 1 | G14: 12 | H14: 7 | I14: 20 | J14: 0.19 | K14: 36916290 | L14: =+ROUND(K14*(1+J14),0) -> 43930385 | M14: =+ROUND(L14*F14,0) -> 43930385 | N14: =+ROUND(L14*G14,0) -> 527164620 | O14: =+ROUND(L14*H14,0) -> 307512695 | P14: =+ROUND(L14*I14,0) -> 878607700
B15: 1.2 | C15: WS-C4500X-40X-ES = (EOL October 31, 2025) Soporte Cisco Smartnet 7x24x4 | D15: Mes | E15: 4 | F15: 1 | G15: 10 | H15: 0 | I15: 11 | J15: 0.19 | K15: 12013508 | L15: =+ROUND(K15*(1+J15),0) -> 14296075 | M15: =+ROUND(L15*F15,0) -> 14296075 | N15: =+ROUND(L15*G15,0) -> 142960750 | O15: =+ROUND(L15*H15,0) -> 0 | P15: =+ROUND(L15*I15,0) -> 157256825
B16: 1.3 | C16: WS-C2960XR-48LPD-I = (EOL 31 de octubre de2027) Soporte Cisco Smartnet 7x24x4 | D16: Mes | E16: 2 | F16: 1 | G16: 12 | H16: 7 | I16: 20 | J16: 0.19 | K16: 967164.9 | L16: =+ROUND(K16*(1+J16),0) -> 1150926 | M16: =+ROUND(L16*F16,0) -> 1150926 | N16: =+ROUND(L16*G16,0) -> 13811112 | O16: =+ROUND(L16*H16,0) -> 8056482 | P16: =+ROUND(L16*I16,0) -> 23018520
B17: 1.4 | C17: WS-C2960X-48FPD-L = (EOL 31 de octubre de2027) Soporte Cisco Smartnet 7x24x4 | D17: Mes | E17: 6 | F17: 1 | G17: 12 | H17: 7 | I17: 20 | J17: 0.19 | K17: 2212502 | L17: =+ROUND(K17*(1+J17),0) -> 2632877 | M17: =+ROUND(L17*F17,0) -> 2632877 | N17: =+ROUND(L17*G17,0) -> 31594524 | O17: =+ROUND(L17*H17,0) -> 18430139 | P17: =+ROUND(L17*I17,0) -> 52657540
B18: 1.5 | C18: WS-C3850-12XS = (EOL October 31, 2025) Soporte Cisco Smartnet 7x24x4 | D18: Mes | E18: 2 | F18: 1 | G18: 10 | H18: 0 | I18: 11 | J18: 0.19 | K18: 2723631.1 | L18: =+ROUND(K18*(1+J18),0) -> 3241121 | M18: =+ROUND(L18*F18,0) -> 3241121 | N18: =+ROUND(L18*G18,0) -> 32411210 | O18: =+ROUND(L18*H18,0) -> 0 | P18: =+ROUND(L18*I18,0) -> 35652331
B19: 1.6 | C19: UCS C240 M6SX (EOL NO DEFINIDO) Soporte Cisco Smartnet 7x24x4 | D19: Mes | E19: 2 | F19: 0 | G19: 0 | H19: 7 | I19: 7 | J19: 0.19 | K19: 973357.41 | L19: =+ROUND(K19*(1+J19),0) -> 1158295 | M19: =+ROUND(L19*F19,0) -> 0 | N19: =+ROUND(L19*G19,0) -> 0 | O19: =+ROUND(L19*H19,0) -> 8108065 | P19: =+ROUND(L19*I19,0) -> 8108065
B20: 1.7 | C20: N9K-C9364C en funcionalidad SPINE (EOL NO DEFINIDO) Soporte Cisco Success Tracks | D20: Mes | E20: 2 | F20: 1 | G20: 12 | H20: 7 | I20: 20 | J20: 0.19 | K20: 3400517.7 | L20: =+ROUND(K20*(1+J20),0) -> 4046616 | M20: =+ROUND(L20*F20,0) -> 4046616 | N20: =+ROUND(L20*G20,0) -> 48559392 | O20: =+ROUND(L20*H20,0) -> 28326312 | P20: =+ROUND(L20*I20,0) -> 80932320
B21: 1.8 | C21: N9K-C9348GC-FXP en funcionalidad LEAF (EOL 28 de febrero de 2026) Soporte Cisco Success Tracks | D21: Mes | E21: 4 | F21: 1 | G21: 12 | H21: 2 | I21: 15 | J21: 0.19 | K21: 1973117.4 | L21: =+ROUND(K21*(1+J21),0) -> 2348010 | M21: =+ROUND(L21*F21,0) -> 2348010 | N21: =+ROUND(L21*G21,0) -> 28176120 | O21: =+ROUND(L21*H21,0) -> 4696020 | P21: =+ROUND(L21*I21,0) -> 35220150
B22: 1.9 | C22: N9K-C93180YC-EX en funcionalidad LEAF (EOL 28 de febrero de 2026) Soporte Cisco Success Tracks | D22: Mes | E22: 4 | F22: 1 | G22: 12 | H22: 2 | I22: 15 | J22: 0.19 | K22: 3476435.2 | L22: =+ROUND(K22*(1+J22),0) -> 4136958 | M22: =+ROUND(L22*F22,0) -> 4136958 | N22: =+ROUND(L22*G22,0) -> 49643496 | O22: =+ROUND(L22*H22,0) -> 8273916 | P22: =+ROUND(L22*I22,0) -> 62054370
B23: 1.10 | C23: Cisco Firepower 2130 NGFW Appliance (EOL NO DEFINIDO) Soporte Cisco Success Tracks | D23: Mes | E23: 2 | F23: 1 | G23: 12 | H23: 7 | I23: 20 | J23: 0.19 | K23: 4644543.4 | L23: =+ROUND(K23*(1+J23),0) -> 5527007 | M23: =+ROUND(L23*F23,0) -> 5527007 | N23: =+ROUND(L23*G23,0) -> 66324084 | O23: =+ROUND(L23*H23,0) -> 38689049 | P23: =+ROUND(L23*I23,0) -> 110540140
B24: 1.11 | C24: Cisco C9500-24Y4C ( EOL NO DEFINIDO ) Soporte Cisco Smartnet 7x24x4 | D24: Mes | E24: 4 | F24: 1 | G24: 12 | H24: 7 | I24: 20 | J24: 0.19 | K24: 4002632.2 | L24: =+ROUND(K24*(1+J24),0) -> 4763132 | M24: =+ROUND(L24*F24,0) -> 4763132 | N24: =+ROUND(L24*G24,0) -> 57157584 | O24: =+ROUND(L24*H24,0) -> 33341924 | P24: =+ROUND(L24*I24,0) -> 95262640
B25: 1.12 | C25: Cisco C9200L-48T-4X-E ( Eol NO DEFINIDO ) Soporte Cisco Smartnet 7x24x4 | D25: Mes | E25: 8 | F25: 1 | G25: 12 | H25: 7 | I25: 20 | J25: 0.19 | K25: 1724127.5 | L25: =+ROUND(K25*(1+J25),0) -> 2051712 | M25: =+ROUND(L25*F25,0) -> 2051712 | N25: =+ROUND(L25*G25,0) -> 24620544 | O25: =+ROUND(L25*H25,0) -> 14361984 | P25: =+ROUND(L25*I25,0) -> 41034240
... B27: 1.14 | C27: Solución de Tarificador Eagle. Actualización de Software y Licenciamiento y Soporte Fabricante | D27: Mes | E27: 1 | F27: 1 | G27: 12 | H27: 7 | I27: 20 | J27: 0.19 | K27: 2932685.5 | L27: =+ROUND(K27*(1+J27),0) -> 3489896 | M27: =+ROUND(L27*F27,0) -> 3489896 | N27: =+ROUND(L27*G27,0) -> 41878752 | O27: =+ROUND(L27*H27,0) -> 24429272 | P27: =+ROUND(L27*I27,0) -> 69797920
B28: 1.15 | C28: Renovación 11100 licencias ISE Essentials (ISE-SEC-SUB) | D28: Servicio | E28: 1 | F28: Valor total del servicio de la renovación por 20 meses: | J28: 0.19 | K28: 79994526 | P28: =+ROUND(K28*(1+J28),0) -> 95193486
B29: SUBTOTAL TABLA 1: Actualización de software, licenciamiento y soporte del fabricante para equipos LAN y UC grupo1: 7*24 SUBTOTAL ACTUALIZACIÓN DE SOFTWARE, LICENCIAMIENTO Y SOPORTE DE FABRICANTE | P29: =SUM(P14:P28) -> 2260671487
B30: TABLA 2: Soporte y mantenimiento local del proponente para equipos LAN y UC del GRUPO 1: 7x24
B31: ÍTEM | C31: Descripción | D31: Unidad de Medida | E31: Cantidad equipos x modelo | F31: Vigencia (meses) 2024 | G31: Vigencia(meses) 2025 | H31: Vigencia (meses) 2026 | I31: TOTAL (meses) REQUERIDOS | J31: Tarifa IVA (%) | K31: VALOR UNITARIO MENSUAL ANTES DE IVA | L31: VALOR UNITARIO MENSUAL INCLUIDO IVA | M31: Valor mensual Iva incluido x número de meses vigencia 2024 | N31: Valor mensual Iva incluido x número de meses vigencia 2025 | O31: Valor mensual Iva incluido x número de meses vigencia 2026 | P31: VALOR TOTAL (VALOR MENSUAL INCLUIDO IVA x NUMEROS TOTAL DE MESES)
B32: 2.1 | C32: N77-C7706 = Switches de Core (EOL NO DEFINIDO) | D32: Mes | E32: 4 | F32: 1 | G32: 12 | H32: 7 | I32: 20 | J32: 0.19 | K32: 9860174.9 | L32: =+ROUND(K32*(1+J32),0) -> 11733608 | M32: =+ROUND(L32*F32,0) -> 11733608 | N32: =+ROUND(L32*G32,0) -> 140803296 | O32: =+ROUND(L32*H32,0) -> 82135256 | P32: =+ROUND(L32*I32,0) -> 234672160
B33: 2.2 | C33: WS-C4500X-40X-ES = (EOL October 31, 2025) | D33: Mes | E33: 4 | F33: 1 | G33: 10 | H33: 0 | I33: 11 | J33: 0.19 | K33: 3208754 | L33: =+ROUND(K33*(1+J33),0) -> 3818417 | M33: =+ROUND(L33*F33,0) -> 3818417 | N33: =+ROUND(L33*G33,0) -> 38184170 | O33: =+ROUND(L33*H33,0) -> 0 | P33: =+ROUND(L33*I33,0) -> 42002587
B34: 2.3 | C34: WS-C2960XR-48LPD-I = (EOL 31 de octubre de 2027) | D34: Mes | E34: 2 | F34: 1 | G34: 12 | H34: 7 | I34: 20 | J34: 0.19 | K34: 258325.39 | L34: =+ROUND(K34*(1+J34),0) -> 307407 | M34: =+ROUND(L34*F34,0) -> 307407 | N34: =+ROUND(L34*G34,0) -> 3688884 | O34: =+ROUND(L34*H34,0) -> 2151849 | P34: =+ROUND(L34*I34,0) -> 6148140
B35: 2.4 | C35: WS-C2960X-48FPD-L = (EOL 31 de octubre de 2027) | D35: Mes | E35: 6 | F35: 1 | G35: 12 | H35: 7 | I35: 20 | J35: 0.19 | K35: 590949.32 | L35: =+ROUND(K35*(1+J35),0) -> 703230 | M35: =+ROUND(L35*F35,0) -> 703230 | N35: =+ROUND(L35*G35,0) -> 8438760 | O35: =+ROUND(L35*H35,0) -> 4922610 | P35: =+ROUND(L35*I35,0) -> 14064600
B36: 2.5 | C36: WS-C3850-12XS = (EOL October 31, 2025) | D36: Mes | E36: 2 | F36: 1 | G36: 10 | H36: 0 | I36: 11 | J36: 0.19 | K36: 727469.61 | L36: =+ROUND(K36*(1+J36),0) -> 865689 | M36: =+ROUND(L36*F36,0) -> 865689 | N36: =+ROUND(L36*G36,0) -> 8656890 | O36: =+ROUND(L36*H36,0) -> 0 | P36: =+ROUND(L36*I36,0) -> 9522579
B37: 2.6 | C37: UCS C240 M6SX (EOL NO DEFINIDO) | D37: Mes | E37: 2 | F37: 0 | G37: 0 | H37: 7 | I37: 7 | J37: 0.19 | K37: 259979.39 | L37: =+ROUND(K37*(1+J37),0) -> 309375 | M37: =+ROUND(L37*F37,0) -> 0 | N37: =+ROUND(L37*G37,0) -> 0 | O37: =+ROUND(L37*H37,0) -> 2165625 | P37: =+ROUND(L37*I37,0) -> 2165625
B38: 2.7 | C38: N9K-C9364C en funcionalidad SPINE (EOL NO DEFINIDO) | D38: Mes | E38: 2 | F38: 1 | G38: 12 | H38: 7 | I38: 20 | J38: 0.19 | K38: 908262.97 | L38: =+ROUND(K38*(1+J38),0) -> 1080833 | M38: =+ROUND(L38*F38,0) -> 1080833 | N38: =+ROUND(L38*G38,0) -> 12969996 | O38: =+ROUND(L38*H38,0) -> 7565831 | P38: =+ROUND(L38*I38,0) -> 21616660
B39: 2.8 | C39: N9K-C9348GC-FXP en funcionalidad LEAF (EOL 28 de febrero de 2026) | D39: Mes | E39: 4 | F39: 1 | G39: 12 | H39: 2 | I39: 15 | J39: 0.19 | K39: 527010.78 | L39: =+ROUND(K39*(1+J39),0) -> 627143 | M39: =+ROUND(L39*F39,0) -> 627143 | N39: =+ROUND(L39*G39,0) -> 7525716 | O39: =+ROUND(L39*H39,0) -> 1254286 | P39: =+ROUND(L39*I39,0) -> 9407145
B40: 2.9 | C40: N9K-C93180YC-EX en funcionalidad LEAF (EOL 28 de febrero de 2026) | D40: Mes | E40: 4 | F40: 1 | G40: 12 | H40: 2 | I40: 15 | J40: 0.19 | K40: 928540.2 | L40: =+ROUND(K40*(1+J40),0) -> 1104963 | M40: =+ROUND(L40*F40,0) -> 1104963 | N40: =+ROUND(L40*G40,0) -> 13259556 | O40: =+ROUND(L40*H40,0) -> 2209926 | P40: =+ROUND(L40*I40,0) -> 16574445
B41: 2.10 | C41: Cisco Firepower 2130 NGFW Appliance (EOL NO DEFINIDO) | D41: Mes | E41: 2 | F41: 1 | G41: 12 | H41: 7 | I41: 20 | J41: 0.19 | K41: 1240536.6 | L41: =+ROUND(K41*(1+J41),0) -> 1476239 | M41: =+ROUND(L41*F41,0) -> 1476239 | N41: =+ROUND(L41*G41,0) -> 17714868 | O41: =+ROUND(L41*H41,0) -> 10333673 | P41: =+ROUND(L41*I41,0) -> 29524780
B42: 2.11 | C42: Cisco C9500-24Y4C ( EOL NO DEFINIDO ) | D42: Mes | E42: 4 | F42: 1 | G42: 12 | H42: 7 | I42: 20 | J42: 0.19 | K42: 1069085.1 | L42: =+ROUND(K42*(1+J42),0) -> 1272211 | M42: =+ROUND(L42*F42,0) -> 1272211 | N42: =+ROUND(L42*G42,0) -> 15266532 | O42: =+ROUND(L42*H42,0) -> 8905477 | P42: =+ROUND(L42*I42,0) -> 25444220
B43: 2.12 | C43: Cisco C9200L-48T-4X-E ( Eol NO DEFINIDO ) | D43: Mes | E43: 8 | F43: 1 | G43: 12 | H43: 7 | I43: 20 | J43: 0.19 | K43: 460506.69 | L43: =+ROUND(K43*(1+J43),0) -> 548003 | M43: =+ROUND(L43*F43,0) -> 548003 | N43: =+ROUND(L43*G43,0) -> 6576036 | O43: =+ROUND(L43*H43,0) -> 3836021 | P43: =+ROUND(L43*I43,0) -> 10960060
... B46: 2.15 | C46: Soporte para renovación 11100 licencias ISE Essentials (ISE-SEC-SUB) | D46: Mes | E46: 1 | F46: 1 | G46: 12 | H46: 7 | I46: 20 | J46: 0.19 | K46: 1068308.9 | L46: =+ROUND(K46*(1+J46),0) -> 1271288 | M46: =+ROUND(L46*F46,0) -> 1271288 | N46: =+ROUND(L46*G46,0) -> 15255456 | O46: =+ROUND(L46*H46,0) -> 8899016 | P46: =+ROUND(L46*I46,0) -> 25425760
B47: SUBTOTAL TABLA 2: Soporte y mantenimiento local del proponente para equipos LAN y UC del GRUPO 1: 7x24 SUBTOTAL SOPORTE Y MANTENIMIENTO LOCAL PROPONENTE | P47: =SUM(P32:P46) -> 586679181
B48: TABLA 3: Actualización de software, licenciamiento y soporte del fabricante para equipos LAN y UC GRUPO 2: 8x5NBD
B49: ÍTEM | C49: Descripción | D49: Unidad de Medida | E49: Cantidad equipos x modelo | F49: Vigencia (meses) 2024 | G49: Vigencia(meses) 2025 | H49: Vigencia (meses) 2026 | I49: TOTAL (meses) REQUERIDOS | J49: Tarifa IVA (%) | K49: VALOR UNITARIO MENSUAL ANTES DE IVA | L49: VALOR UNITARIO MENSUAL INCLUIDO IVA | M49: Valor mensual Iva incluido x número de meses vigencia 2024 | N49: Valor mensual Iva incluido x número de meses vigencia 2025 | O49: Valor mensual Iva incluido x número de meses vigencia 2026 | P49: VALOR TOTAL (VALOR MENSUAL INCLUIDO IVA x NUMEROS TOTAL DE MESES)
B50: 3.1 | C50: WS-C2960X-48FPD-L = Switches de acceso (EOL 31 de octubre de 2027) Servicio Cisco Smartnet 5x8xNBD | D50: Mes | E50: 62 | F50: 1 | G50: 12 | H50: 7 | I50: 20 | J50: 0.19 | K50: 14294355 | L50: =+ROUND(K50*(1+J50),0) -> 17010282 | M50: =+ROUND(L50*F50,0) -> 17010282 | N50: =+ROUND(L50*G50,0) -> 204123384 | O50: =+ROUND(L50*H50,0) -> 119071974 | P50: =+ROUND(L50*I50,0) -> 340205640
B51: 3.2 | C51: WS-C2960X-48LPD-L = Switches de acceso (31 de octubre de 2027) Servicio Cisco Smartnet 5x8xNBD | D51: Mes | E51: 11 | F51: 1 | G51: 12 | H51: 7 | I51: 20 | J51: 0.19 | K51: 2214434.9 | L51: =+ROUND(K51*(1+J51),0) -> 2635178 | M51: =+ROUND(L51*F51,0) -> 2635178 | N51: =+ROUND(L51*G51,0) -> 31622136 | O51: =+ROUND(L51*H51,0) -> 18446246 | P51: =+ROUND(L51*I51,0) -> 52703560
B52: 3.3 | C52: WS-C2960XR-48FPD-I = Switches de acceso (EOL 31 de octubre de 2027) Servicio Cisco Smartnet 5x8xNBD | D52: Mes | E52: 20 | F52: 1 | G52: 12 | H52: 7 | I52: 20 | J52: 0.19 | K52: 6682705.5 | L52: =+ROUND(K52*(1+J52),0) -> 7952420 | M52: =+ROUND(L52*F52,0) -> 7952420 | N52: =+ROUND(L52*G52,0) -> 95429040 | O52: =+ROUND(L52*H52,0) -> 55666940 | P52: =+ROUND(L52*I52,0) -> 159048400
B53: 3.4 | C53: Teléfono CP-8811-K9 Servicio Cisco Smartnet 5x8xNBD | D53: Mes | E53: 937 | F53: 1 | G53: 6 | H53: 0 | I53: 7 | J53: 0.19 | K53: 24854329 | L53: =+ROUND(K53*(1+J53),0) -> 29576651 | M53: =+ROUND(L53*F53,0) -> 29576651 | N53: =+ROUND(L53*G53,0) -> 177459906 | O53: =+ROUND(L53*H53,0) -> 0 | P53: =+ROUND(L53*I53,0) -> 207036557
B54: 3.5 | C54: Teléfono CP-8811-K9 (Tesoro) Servicio Cisco Smartnet 5x8xNBD | D54: Mes | E54: 19 | F54: 1 | G54: 12 | H54: 7 | I54: 20 | J54: 0.19 | K54: 176394.12 | L54: =+ROUND(K54*(1+J54),0) -> 209909 | M54: =+ROUND(L54*F54,0) -> 209909 | N54: =+ROUND(L54*G54,0) -> 2518908 | O54: =+ROUND(L54*H54,0) -> 1469363 | P54: =+ROUND(L54*I54,0) -> 4198180
B55: 3.6 | C55: Teléfono cisco de cámara 8865 Servicio Cisco Smartnet 5x8xNBD | D55: Mes | E55: 9 | F55: 1 | G55: 6 | H55: 7 | I55: 7 | J55: 0.19 | K55: 191431.99 | L55: =+ROUND(K55*(1+J55),0) -> 227804 | M55: =+ROUND(L55*F55,0) -> 227804 | N55: =+ROUND(L55*G55,0) -> 1366824 | O55: =+ROUND(L55*H55,0) -> 1594628 | P55: =+ROUND(L55*I55,0) -> 1594628
B56: 3.7 | C56: Teléfono cisco de cámara 8865 (Tesoro) Servicio Cisco Smartnet 5x8xNBD | D56: Mes | E56: 1 | F56: 1 | G56: 12 | H56: 7 | I56: 20 | J56: 0.19 | K56: 7444.5772 | L56: =+ROUND(K56*(1+J56),0) -> 8859 | M56: =+ROUND(L56*F56,0) -> 8859 | N56: =+ROUND(L56*G56,0) -> 106308 | O56: =+ROUND(L56*H56,0) -> 62013 | P56: =+ROUND(L56*I56,0) -> 177180
B57: SUBTOTAL ACTUALIZACIÓN DE SOFTWARE, LICENCIAMIENTO Y SOPORTE DE FABRICANTE TABLA 3: Actualización de software, licenciamiento y soporte del fabricante para equipos LAN y UC GRUPO 2: 8x5NBD | P57: =SUM(P50:P56) -> 764964145
B58: TABLA 4: Soporte y mantenimiento local del proponente para equipos LAN y UC GRUPO 2: 8x5NBD
B59: ÍTEM | C59: Descripción | D59: Unidad de Medida | E59: Cantidad equipos x modelo | F59: Vigencia (meses) 2024 | G59: Vigencia(meses) 2025 | H59: Vigencia (meses) 2026 | I59: TOTAL (meses) REQUERIDOS | J59: Tarifa IVA (%) | K59: VALOR UNITARIO MENSUAL ANTES DE IVA | L59: VALOR UNITARIO MENSUAL INCLUIDO IVA | M59: Valor mensual Iva incluido x número de meses vigencia 2024 | N59: Valor mensual Iva incluido x número de meses vigencia 2025 | O59: Valor mensual Iva incluido x número de meses vigencia 2026 | P59: VALOR TOTAL (VALOR MENSUAL INCLUIDO IVA x NUMEROS TOTAL DE MESES)
B60: 4.1 | C60: WS-C2960X-48FPD-L = Switches de acceso (EOL 31 de octubre de 2027) | D60: Mes | E60: 62 | F60: 1 | G60: 12 | H60: 7 | I60: 20 | J60: 0.19 | K60: 4600416.7 | L60: =+ROUND(K60*(1+J60),0) -> 5474496 | M60: =+ROUND(L60*F60,0) -> 5474496 | N60: =+ROUND(L60*G60,0) -> 65693952 | O60: =+ROUND(L60*H60,0) -> 38321472 | P60: =+ROUND(L60*I60,0) -> 109489920
B61: 4.2 | C61: WS-C2960X-48LPD-L = Switches de acceso (31 de octubre de 2027) | D61: Mes | E61: 11 | F61: 1 | G61: 12 | H61: 7 | I61: 20 | J61: 0.19 | K61: 591465.61 | L61: =+ROUND(K61*(1+J61),0) -> 703844 | M61: =+ROUND(L61*F61,0) -> 703844 | N61: =+ROUND(L61*G61,0) -> 8446128 | O61: =+ROUND(L61*H61,0) -> 4926908 | P61: =+ROUND(L61*I61,0) -> 14076880
B62: 4.3 | C62: WS-C2960XR- 48FPD-I = Switches de acceso (EOL 31 de octubre de 2027) | D62: Mes | E62: 20 | F62: 1 | G62: 12 | H62: 7 | I62: 20 | J62: 0.19 | K62: 1784920.6 | L62: =+ROUND(K62*(1+J62),0) -> 2124055 | M62: =+ROUND(L62*F62,0) -> 2124055 | N62: =+ROUND(L62*G62,0) -> 25488660 | O62: =+ROUND(L62*H62,0) -> 14868385 | P62: =+ROUND(L62*I62,0) -> 42481100
B63: 4.4 | C63: Teléfono CP-8811-K9 | D63: Mes | E63: 937 | F63: 1 | G63: 6 | H63: 0 | I63: 7 | J63: 0.19 | K63: 6638479.4 | L63: =+ROUND(K63*(1+J63),0) -> 7899791 | M63: =+ROUND(L63*F63,0) -> 7899791 | N63: =+ROUND(L63*G63,0) -> 47398746 | O63: =+ROUND(L63*H63,0) -> 0 | P63: =+ROUND(L63*I63,0) -> 55298537
B64: 4.5 | C64: Teléfono CP-8811-K9 (Tesoro) | D64: Mes | E64: 19 | F64: 1 | G64: 12 | H64: 7 | I64: 20 | J64: 0.19 | K64: 47114.075 | L64: =+ROUND(K64*(1+J64),0) -> 56066 | M64: =+ROUND(L64*F64,0) -> 56066 | N64: =+ROUND(L64*G64,0) -> 672792 | O64: =+ROUND(L64*H64,0) -> 392462 | P64: =+ROUND(L64*I64,0) -> 1121320
B65: 4.6 | C65: Teléfono cisco de cámara 8865 | D65: Mes | E65: 9 | F65: 1 | G65: 6 | H65: 7 | I65: 7 | J65: 0.19 | K65: 51131.462 | L65: =+ROUND(K65*(1+J65),0) -> 60846 | M65: =+ROUND(L65*F65,0) -> 60846 | N65: =+ROUND(L65*G65,0) -> 365076 | O65: =+ROUND(L65*H65,0) -> 425922 | P65: =+ROUND(L65*I65,0) -> 425922
B66: 4.7 | C66: Teléfono cisco de cámara 8865 (Tesoro) | D66: Mes | E66: 1 | F66: 1 | G66: 12 | H66: 7 | I66: 20 | J66: 0.19 | K66: 1988.52 | L66: =+ROUND(K66*(1+J66),0) -> 2366 | M66: =+ROUND(L66*F66,0) -> 2366 | N66: =+ROUND(L66*G66,0) -> 28392 | O66: =+ROUND(L66*H66,0) -> 16562 | P66: =+ROUND(L66*I66,0) -> 47320
B67: SUBTOTAL SOPORTE Y MANTENIMIENTO LOCAL PROPONENTE TABLA 4: Soporte y mantenimiento local del proponente para equipos LAN y UC GRUPO 2: 8x5NBD | P67: =SUM(P60:P66) -> 222940999
B68: TOTAL CONTRATO IVA INCLUIDO | P68: =SUM(P29,P47,P57,P67) -> 3835255812
B70: OBSERVACIONES del COTIZANTE (Solo si aplica):

Sheet Cotización4. 
C2: Objeto: | D2: Prestar el servicio de mantenimiento, soporte técnico y actualización, para las soluciones de comunicaciones unificadas y para equipos activos y de gestión de red de área local - LAN del Ministerio de Hacienda y Crédito Público
C4: Nombre o Razón Social: | L4: Email:
C5: NI: | L5: Ciudad:
C6: Persona de contacto; | L6: Celular:
A8: Instrucciones para el diligenciamiento:
A9: • Por favor diligenciar solo las celdas en color Amarillo • Los precios unitarios deberán ser expresado en PESOS COLOMBIANOS y en números entreros. Por favor incluir valores ajustados al peso de conformidad con lo establecido en la Ley 31 de 1992, la unidad monetaria y de cuenta del país es el peso colombiano, en tanto que las fracciones denominadas centavos no volvieron a ser acuñadas por dicha autoridad y por lo mismo no hacen parte de la unidad monetaria ni de cuenta en Colombia. • No se permite modificar, agregar o quitar ningún ítem o sub-ítem. • Para los precios por favor tener en cuenta el documento word "Solicitud de Información para Estudio de Mercado". • Los equipos UCS C240 M6SX actualmente tienen contratado soporte local hasta diciembre de 2025, razón por la cual se solicita solo cotizar 7 meses del año 2026.
B12: TABLA 1: Actualización de software, licenciamiento y soporte del fabricante para equipos LAN y UC grupo1: 7*24
B13: ÍTEM | C13: Descripción | D13: Unidad de Medida | E13: Cantidad equipos x modelo | F13: Vigencia (meses) 2024 | G13: Vigencia(meses) 2025 | H13: Vigencia (meses) 2026 | I13: TOTAL (meses) REQUERIDOS | J13: Tarifa IVA (%) | K13: VALOR UNITARIO MENSUAL ANTES DE IVA | L13: VALOR UNITARIO MENSUAL INCLUIDO IVA | M13: Valor mensual Iva incluido x número de meses vigencia 2024 | N13: Valor mensual Iva incluido x número de meses vigencia 2025 | O13: Valor mensual Iva incluido x número de meses vigencia 2026 | P13: VALOR TOTAL (VALOR MENSUAL INCLUIDO IVA x NUMEROS TOTAL DE MESES)
B14: 1.1 | C14: N77-C7706 = Switches de Core (EOL NO DEFINIDO) Soporte Cisco Success Tracks | D14: Mes | E14: 4 | F14: 1 | G14: 12 | H14: 7 | I14: 20 | J14: 0.19 | K14: 37740723 | L14: =+ROUND(K14*(1+J14),0) -> 44911460 | M14: =+ROUND(L14*F14,0) -> 44911460 | N14: =+ROUND(L14*G14,0) -> 538937520 | O14: =+ROUND(L14*H14,0) -> 314380220 | P14: =+ROUND(L14*I14,0) -> 898229200
B15: 1.2 | C15: WS-C4500X-40X-ES = (EOL October 31, 2025) Soporte Cisco Smartnet 7x24x4 | D15: Mes | E15: 4 | F15: 1 | G15: 10 | H15: 0 | I15: 11 | J15: 0.19 | K15: 12281800 | L15: =+ROUND(K15*(1+J15),0) -> 14615342 | M15: =+ROUND(L15*F15,0) -> 14615342 | N15: =+ROUND(L15*G15,0) -> 146153420 | O15: =+ROUND(L15*H15,0) -> 0 | P15: =+ROUND(L15*I15,0) -> 160768762
B16: 1.3 | C16: WS-C2960XR-48LPD-I = (EOL 31 de octubre de2027) Soporte Cisco Smartnet 7x24x4 | D16: Mes | E16: 2 | F16: 1 | G16: 12 | H16: 7 | I16: 20 | J16: 0.19 | K16: 988764.11 | L16: =+ROUND(K16*(1+J16),0) -> 1176629 | M16: =+ROUND(L16*F16,0) -> 1176629 | N16: =+ROUND(L16*G16,0) -> 14119548 | O16: =+ROUND(L16*H16,0) -> 8236403 | P16: =+ROUND(L16*I16,0) -> 23532580
B17: 1.4 | C17: WS-C2960X-48FPD-L = (EOL 31 de octubre de2027) Soporte Cisco Smartnet 7x24x4 | D17: Mes | E17: 6 | F17: 1 | G17: 12 | H17: 7 | I17: 20 | J17: 0.19 | K17: 2261912.7 | L17: =+ROUND(K17*(1+J17),0) -> 2691676 | M17: =+ROUND(L17*F17,0) -> 2691676 | N17: =+ROUND(L17*G17,0) -> 32300112 | O17: =+ROUND(L17*H17,0) -> 18841732 | P17: =+ROUND(L17*I17,0) -> 53833520
B18: 1.5 | C18: WS-C3850-12XS = (EOL October 31, 2025) Soporte Cisco Smartnet 7x24x4 | D18: Mes | E18: 2 | F18: 1 | G18: 10 | H18: 0 | I18: 11 | J18: 0.19 | K18: 2784456.6 | L18: =+ROUND(K18*(1+J18),0) -> 3313503 | M18: =+ROUND(L18*F18,0) -> 3313503 | N18: =+ROUND(L18*G18,0) -> 33135030 | O18: =+ROUND(L18*H18,0) -> 0 | P18: =+ROUND(L18*I18,0) -> 36448533
B19: 1.6 | C19: UCS C240 M6SX (EOL NO DEFINIDO) Soporte Cisco Smartnet 7x24x4 | D19: Mes | E19: 2 | F19: 0 | G19: 0 | H19: 7 | I19: 7 | J19: 0.19 | K19: 995094.92 | L19: =+ROUND(K19*(1+J19),0) -> 1184163 | M19: =+ROUND(L19*F19,0) -> 0 | N19: =+ROUND(L19*G19,0) -> 0 | O19: =+ROUND(L19*H19,0) -> 8289141 | P19: =+ROUND(L19*I19,0) -> 8289141
B20: 1.7 | C20: N9K-C9364C en funcionalidad SPINE (EOL NO DEFINIDO) Soporte Cisco Success Tracks | D20: Mes | E20: 2 | F20: 1 | G20: 12 | H20: 7 | I20: 20 | J20: 0.19 | K20: 3476459.7 | L20: =+ROUND(K20*(1+J20),0) -> 4136987 | M20: =+ROUND(L20*F20,0) -> 4136987 | N20: =+ROUND(L20*G20,0) -> 49643844 | O20: =+ROUND(L20*H20,0) -> 28958909 | P20: =+ROUND(L20*I20,0) -> 82739740
B21: 1.8 | C21: N9K-C9348GC-FXP en funcionalidad LEAF (EOL 28 de febrero de 2026) Soporte Cisco Success Tracks | D21: Mes | E21: 4 | F21: 1 | G21: 12 | H21: 2 | I21: 15 | J21: 0.19 | K21: 2017182 | L21: =+ROUND(K21*(1+J21),0) -> 2400447 | M21: =+ROUND(L21*F21,0) -> 2400447 | N21: =+ROUND(L21*G21,0) -> 28805364 | O21: =+ROUND(L21*H21,0) -> 4800894 | P21: =+ROUND(L21*I21,0) -> 36006705
B22: 1.9 | C22: N9K-C93180YC-EX en funcionalidad LEAF (EOL 28 de febrero de 2026) Soporte Cisco Success Tracks | D22: Mes | E22: 4 | F22: 1 | G22: 12 | H22: 2 | I22: 15 | J22: 0.19 | K22: 3554072.7 | L22: =+ROUND(K22*(1+J22),0) -> 4229346 | M22: =+ROUND(L22*F22,0) -> 4229346 | N22: =+ROUND(L22*G22,0) -> 50752152 | O22: =+ROUND(L22*H22,0) -> 8458692 | P22: =+ROUND(L22*I22,0) -> 63440190
B23: 1.10 | C23: Cisco Firepower 2130 NGFW Appliance (EOL NO DEFINIDO) Soporte Cisco Success Tracks | D23: Mes | E23: 2 | F23: 1 | G23: 12 | H23: 7 | I23: 20 | J23: 0.19 | K23: 4748267.6 | L23: =+ROUND(K23*(1+J23),0) -> 5650438 | M23: =+ROUND(L23*F23,0) -> 5650438 | N23: =+ROUND(L23*G23,0) -> 67805256 | O23: =+ROUND(L23*H23,0) -> 39553066 | P23: =+ROUND(L23*I23,0) -> 113008760
B24: 1.11 | C24: Cisco C9500-24Y4C ( EOL NO DEFINIDO ) Soporte Cisco Smartnet 7x24x4 | D24: Mes | E24: 4 | F24: 1 | G24: 12 | H24: 7 | I24: 20 | J24: 0.19 | K24: 4092021 | L24: =+ROUND(K24*(1+J24),0) -> 4869505 | M24: =+ROUND(L24*F24,0) -> 4869505 | N24: =+ROUND(L24*G24,0) -> 58434060 | O24: =+ROUND(L24*H24,0) -> 34086535 | P24: =+ROUND(L24*I24,0) -> 97390100
B25: 1.12 | C25: Cisco C9200L-48T-4X-E ( Eol NO DEFINIDO ) Soporte Cisco Smartnet 7x24x4 | D25: Mes | E25: 8 | F25: 1 | G25: 12 | H25: 7 | I25: 20 | J25: 0.19 | K25: 1762631.5 | L25: =+ROUND(K25*(1+J25),0) -> 2097532 | M25: =+ROUND(L25*F25,0) -> 2097532 | N25: =+ROUND(L25*G25,0) -> 25170384 | O25: =+ROUND(L25*H25,0) -> 14682724 | P25: =+ROUND(L25*I25,0) -> 41950640
... B27: 1.14 | C27: Solución de Tarificador Eagle. Actualización de Software y Licenciamiento y Soporte Fabricante | D27: Mes | E27: 1 | F27: 1 | G27: 12 | H27: 7 | I27: 20 | J27: 0.19 | K27: 2998179.7 | L27: =+ROUND(K27*(1+J27),0) -> 3567834 | M27: =+ROUND(L27*F27,0) -> 3567834 | N27: =+ROUND(L27*G27,0) -> 42814008 | O27: =+ROUND(L27*H27,0) -> 24974838 | P27: =+ROUND(L27*I27,0) -> 71356680
B28: 1.15 | C28: Renovación 11100 licencias ISE Essentials (ISE-SEC-SUB) | D28: Servicio | E28: 1 | F28: Valor total del servicio de la renovación por 20 meses: | J28: 0.19 | K28: 81781004 | P28: =+ROUND(K28*(1+J28),0) -> 97319395
B29: SUBTOTAL TABLA 1: Actualización de software, licenciamiento y soporte del fabricante para equipos LAN y UC grupo1: 7*24 SUBTOTAL ACTUALIZACIÓN DE SOFTWARE, LICENCIAMIENTO Y SOPORTE DE FABRICANTE | P29: =SUM(P14:P28) -> 2311157906
B30: TABLA 2: Soporte y mantenimiento local del proponente para equipos LAN y UC del GRUPO 1: 7x24
B31: ÍTEM | C31: Descripción | D31: Unidad de Medida | E31: Cantidad equipos x modelo | F31: Vigencia (meses) 2024 | G31: Vigencia(meses) 2025 | H31: Vigencia (meses) 2026 | I31: TOTAL (meses) REQUERIDOS | J31: Tarifa IVA (%) | K31: VALOR UNITARIO MENSUAL ANTES DE IVA | L31: VALOR UNITARIO MENSUAL INCLUIDO IVA | M31: Valor mensual Iva incluido x número de meses vigencia 2024 | N31: Valor mensual Iva incluido x número de meses vigencia 2025 | O31: Valor mensual Iva incluido x número de meses vigencia 2026 | P31: VALOR TOTAL (VALOR MENSUAL INCLUIDO IVA x NUMEROS TOTAL DE MESES)
B32: 2.1 | C32: N77-C7706 = Switches de Core (EOL NO DEFINIDO) | D32: Mes | E32: 4 | F32: 1 | G32: 12 | H32: 7 | I32: 20 | J32: 0.19 | K32: 10080377 | L32: =+ROUND(K32*(1+J32),0) -> 11995649 | M32: =+ROUND(L32*F32,0) -> 11995649 | N32: =+ROUND(L32*G32,0) -> 143947788 | O32: =+ROUND(L32*H32,0) -> 83969543 | P32: =+ROUND(L32*I32,0) -> 239912980
B33: 2.2 | C33: WS-C4500X-40X-ES = (EOL October 31, 2025) | D33: Mes | E33: 4 | F33: 1 | G33: 10 | H33: 0 | I33: 11 | J33: 0.19 | K33: 3280413.5 | L33: =+ROUND(K33*(1+J33),0) -> 3903692 | M33: =+ROUND(L33*F33,0) -> 3903692 | N33: =+ROUND(L33*G33,0) -> 39036920 | O33: =+ROUND(L33*H33,0) -> 0 | P33: =+ROUND(L33*I33,0) -> 42940612
B34: 2.3 | C34: WS-C2960XR-48LPD-I = (EOL 31 de octubre de 2027) | D34: Mes | E34: 2 | F34: 1 | G34: 12 | H34: 7 | I34: 20 | J34: 0.19 | K34: 264094.45 | L34: =+ROUND(K34*(1+J34),0) -> 314272 | M34: =+ROUND(L34*F34,0) -> 314272 | N34: =+ROUND(L34*G34,0) -> 3771264 | O34: =+ROUND(L34*H34,0) -> 2199904 | P34: =+ROUND(L34*I34,0) -> 6285440
B35: 2.4 | C35: WS-C2960X-48FPD-L = (EOL 31 de octubre de 2027) | D35: Mes | E35: 6 | F35: 1 | G35: 12 | H35: 7 | I35: 20 | J35: 0.19 | K35: 604146.69 | L35: =+ROUND(K35*(1+J35),0) -> 718935 | M35: =+ROUND(L35*F35,0) -> 718935 | N35: =+ROUND(L35*G35,0) -> 8627220 | O35: =+ROUND(L35*H35,0) -> 5032545 | P35: =+ROUND(L35*I35,0) -> 14378700
B36: 2.5 | C36: WS-C3850-12XS = (EOL October 31, 2025) | D36: Mes | E36: 2 | F36: 1 | G36: 10 | H36: 0 | I36: 11 | J36: 0.19 | K36: 743715.83 | L36: =+ROUND(K36*(1+J36),0) -> 885022 | M36: =+ROUND(L36*F36,0) -> 885022 | N36: =+ROUND(L36*G36,0) -> 8850220 | O36: =+ROUND(L36*H36,0) -> 0 | P36: =+ROUND(L36*I36,0) -> 9735242
B37: 2.6 | C37: UCS C240 M6SX (EOL NO DEFINIDO) | D37: Mes | E37: 2 | F37: 0 | G37: 0 | H37: 7 | I37: 7 | J37: 0.19 | K37: 265785.38 | L37: =+ROUND(K37*(1+J37),0) -> 316285 | M37: =+ROUND(L37*F37,0) -> 0 | N37: =+ROUND(L37*G37,0) -> 0 | O37: =+ROUND(L37*H37,0) -> 2213995 | P37: =+ROUND(L37*I37,0) -> 2213995
B38: 2.7 | C38: N9K-C9364C en funcionalidad SPINE (EOL NO DEFINIDO) | D38: Mes | E38: 2 | F38: 1 | G38: 12 | H38: 7 | I38: 20 | J38: 0.19 | K38: 928546.76 | L38: =+ROUND(K38*(1+J38),0) -> 1104971 | M38: =+ROUND(L38*F38,0) -> 1104971 | N38: =+ROUND(L38*G38,0) -> 13259652 | O38: =+ROUND(L38*H38,0) -> 7734797 | P38: =+ROUND(L38*I38,0) -> 22099420
B39: 2.8 | C39: N9K-C9348GC-FXP en funcionalidad LEAF (EOL 28 de febrero de 2026) | D39: Mes | E39: 4 | F39: 1 | G39: 12 | H39: 2 | I39: 15 | J39: 0.19 | K39: 538780.25 | L39: =+ROUND(K39*(1+J39),0) -> 641148 | M39: =+ROUND(L39*F39,0) -> 641148 | N39: =+ROUND(L39*G39,0) -> 7693776 | O39: =+ROUND(L39*H39,0) -> 1282296 | P39: =+ROUND(L39*I39,0) -> 9617220
B40: 2.9 | C40: N9K-C93180YC-EX en funcionalidad LEAF (EOL 28 de febrero de 2026) | D40: Mes | E40: 4 | F40: 1 | G40: 12 | H40: 2 | I40: 15 | J40: 0.19 | K40: 949276.82 | L40: =+ROUND(K40*(1+J40),0) -> 1129639 | M40: =+ROUND(L40*F40,0) -> 1129639 | N40: =+ROUND(L40*G40,0) -> 13555668 | O40: =+ROUND(L40*H40,0) -> 2259278 | P40: =+ROUND(L40*I40,0) -> 16944585
B41: 2.10 | C41: Cisco Firepower 2130 NGFW Appliance (EOL NO DEFINIDO) | D41: Mes | E41: 2 | F41: 1 | G41: 12 | H41: 7 | I41: 20 | J41: 0.19 | K41: 1268240.9 | L41: =+ROUND(K41*(1+J41),0) -> 1509207 | M41: =+ROUND(L41*F41,0) -> 1509207 | N41: =+ROUND(L41*G41,0) -> 18110484 | O41: =+ROUND(L41*H41,0) -> 10564449 | P41: =+ROUND(L41*I41,0) -> 30184140
B42: 2.11 | C42: Cisco C9500-24Y4C ( EOL NO DEFINIDO ) | D42: Mes | E42: 4 | F42: 1 | G42: 12 | H42: 7 | I42: 20 | J42: 0.19 | K42: 1092960.4 | L42: =+ROUND(K42*(1+J42),0) -> 1300623 | M42: =+ROUND(L42*F42,0) -> 1300623 | N42: =+ROUND(L42*G42,0) -> 15607476 | O42: =+ROUND(L42*H42,0) -> 9104361 | P42: =+ROUND(L42*I42,0) -> 26012460
B43: 2.12 | C43: Cisco C9200L-48T-4X-E ( Eol NO DEFINIDO ) | D43: Mes | E43: 8 | F43: 1 | G43: 12 | H43: 7 | I43: 20 | J43: 0.19 | K43: 470790.96 | L43: =+ROUND(K43*(1+J43),0) -> 560241 | M43: =+ROUND(L43*F43,0) -> 560241 | N43: =+ROUND(L43*G43,0) -> 6722892 | O43: =+ROUND(L43*H43,0) -> 3921687 | P43: =+ROUND(L43*I43,0) -> 11204820
